Workbook

Sheet Приложение 1
I1: Приложение № 1
A2: ОТЧЕТ
A3: о достижении значений показателей государственной программы Приморского края
A4: "Экономическое развитие и инновационная экономика Приморского края" на 2013 - 2021 годы
A5: (наименование государственной программы)
A6: за 2018 год
A8: № п/п | B8: Наименование показателей государственной программы | C8: Ед. изм. | D8: Значения показателей государственной программы | G8: Алгоритм формирования (формула) и методологические пояснения к показателю, метод сбора информации <1> | H8: Обоснование отклонений значений показателя на конец отчетного года (при наличии) | I8: Отклонение в % | M8: Степень достижения планового значения показателя (СДП)
D9: год, предшествующий отчетному | E9: отчетный год
E10: план | F10: факт | M10: расчетное | N10: если СДП больше 1, значение СДП принимается равным 1.
A11: 1 | B11: 2 | C11: 3 | D11: 4 | E11: 5 | F11: 6 | G11: 7 | H11: 8
A12: Государственная программа Приморского края "Экономическое развитие и инновационная экономика Приморского края" на 2013 - 2021 годы
A13: 1. | B13: Валовой региональный продукт Приморского края, в % к предыдущему году в сопоставимых ценах | C13: % | D13: 100,8* | E13: 101.4 | F13: 101 | G13: Расчет показателя валового регионального продукта (ВРП) производится территориальными органами государственной статистики в рамках внедрения элементов системы национальных счетов (СНС) на региональном уровне. Методология расчета разработана в центральном аппарате Госкомстата России и является единой для всех регионов. *Оценочные показатели. В соответствии с п. 1.2.6 Федерального плана статистических работ ВРП формируются до 27 февраля за год, предшествующий предыдущему, в текущих и постоянных ценах | H13: По предварительной оценке объем валового регионального продукта Приморского края за 2018 год составил 101,0% к уровню 2017 года. Динамика ВРП сформировалась за счет роста: добычи полезных ископаемых (115,0%), оказания транспортных услуг (114,3%), оборота розничной торговли (104,%). Наблюдается снижение в обрабатывающем производстве (96,6%), производстве продукции сельского хозяйства (95,4% ), объеме работ, выполненных по виду деятельности "Строительство" (85,8%). | I13: =F13/E13 -> 0.99605523 | J13: 1 | M13: =F13/E13 -> 0.99605523 | N13: 1
A14: 2. | B14: Индекс производительности труда | C14: % | D14: 100.4 | E14: 102 | F14: 102 | G14: Приказ Росстата от 28.04.2018 № 274 «Об утверждении методики расчета показателя «Индекс производительности труда» *Оценочные показатели. В соответствии с п. 1.5.9 Федерального плана статистических работ Индекс производительности труда по субъектам Российской Федерации формируется ежегодно до 28 апреля | H14: отклонений нет. | I14: =F14/E14 -> 1 | J14: 1 | M14: =F14/E14 -> 1 | N14: 1
A15: 3. | B15: Доля продукции высокотехнологичных и наукоемких отраслей в валовом региональном продукте относительно уровня 2011 года, в процентах | C15: % | D15: 115,1* | E15: 119.3 | F15: 119.3 | G15: Приказ Росстата от 15.12.2017 № 832 «Об утверждении методики расчета показателей «Доля продукции высокотехнологичных и наукоемких отраслей в валовом внутреннем продукте» и «Доля продукции высокотехнологичных и наукоемких отраслей в валовом региональном продукте субъекта российской федерации» *Оценочные показатели. В соответствии с п. 2.6.5 Федерального плана статистических работ формируются ежегодно до 15 марта | H15: отклонений нет. | I15: =F15/E15 -> 1 | J15: 1 | M15: =F15/E15 -> 1 | N15: 1
A16: 4. | B16: Количество высокопроизводительных рабочих мест | C16: единиц | D16: 230000 | E16: 237300 | F16: 237300 | G16: Приказ Росстата от 09.10.2017 № 665 «Об утверждении методики расчета показателя «Прирост высокопроизводительных рабочих мест, в процентах к предыдущему году» | H16: отклонений нет. | I16: =F16/E16 -> 1 | J16: 1 | M16: =F16/E16 -> 1 | N16: 1
A17: 5. | B17: Доля продукции, произведенной субъектами малого и среднего предпринимательства, в общем объеме ВРП Приморского края | C17: % | D17: 31,9* | E17: 32 | F17: 32 | G17: Приказ Росстата от 24.12.2013 г. № 499 "Об утверждении Порядка разработки методологии составления национальных счетов и ее утверждения и Порядка публикации национальных счетов" *Оценка показателя. В соответствии с п. 1.2.6 Федерального плана статистических работ, утвержденным распоряжением Правительства Российской Федерации от 6 мая 2008 г. № 671-р, валовой региональный продукт формируется до 27 февраля за год, предшествующий предудыщему, в текущих и постоянных ценах. | H17: отклонений нет. | I17: =F17/E17 -> 1 | J17: 1 | M17: =F17/E17 -> 1 | N17: 1
A18: 6. | B18: Оборот продукции (услуг), производимой малыми предприятиями, в том числе микропредприятиями, и индивидуальными предпринимателями на территории Приморского края | C18: млн. рублей | D18: 1066157.3 | E18: 751909.9 | F18: н/д* | G18: * Показатель исключен из Федерального плана статистических работ в связи с отменой действия Постановления Правительства РФ от 03.11.2012 № 1142 "О мерах по реализации Указа Президента Российской Федерации от 21 августа 2012 г. № 1199 "Об оценке эффективности деятельности органов исполнительной власти субъектов Российской Федерации". | H18: нет данных | I18: показатель в расчет не вошел, так как нет данных
A19: 7. | B19: Доля расходов краевого бюджета, формируемая на основе государственных программ Приморского края, в общем объеме расходов краевого бюджета | C19: % | D19: 95 | E19: 95 | F19: 95.9 | G19: Наименование показателя государственной программы Ед. изм. Значение показателя Алгоритм формирования (формула) Примечание Доля расходов краевого бюджета, формируемая на основе государственных программ Приморского края, в общем объеме расходов краевого бюджета % 95,9 Д = ГП /Р, где Д - доля расходов краевого бюджета, формируемых в рамках государственных программ Приморского края; ГП- объем расходов краевого бюджета, утвержденного законом Приморского края в рамках государственных программ; Р-общий объем расходов краевого бюджета -объем расходов краевого бюджета, утвержденного законом Приморского края в рамках государственных программ составил 104 336 506,76 тыс. рублей; - общий объем расходов краевого бюджета 108 802 073,08 тыс. руб. | H19: Значение показателя улучшено, объем расходов краевого бюджета по состоянию на 01.01.2019 в рамках государственных программ Приморского края составил 104 336 506,76 тыс. рублей или 95,9 % от общего объема расходов краевого бюджета ( 108 802 073,08 тыс. руб.) | I19: =F19/E19 -> 1.0094737 | M19: =F19/E19 -> 1.0094737 | N19: 1
A20: 8. | B20: Объем налоговых и неналоговых доходов консолидированного бюджета субъекта Российской Федерации | C20: миллион рублей | D20: 91524.7 | E20: 94270.4 | F20: 111696.88 | G20: https://www.primorsky.ru/upload/medialibrary/a2f/a2fdafbe0fa09e33dfbe140707b17e12.xlsx Отчет консолидированного бюджета Приморского края на 01.01.2019 | H20: Значение показателя улучшено | I20: =F20/E20 -> 1.1848563 | J20: 1 | L20: =(F20/D20)*100 -> 122.04015 | M20: =F20/E20 -> 1.1848563 | N20: 1
A21: Подпрограмма № 1 "Улучшение инвестиционного климата в Приморском крае" на 2013 - 2021 годы | J21: =J13+J14+J15+J16+J17+I19+J20 -> 7.0094737
A22: 1. | B22: Объем инвестиций по отношению к ВРП Приморского края | C22: % | D22: 16.5 | E22: 24 | F22: 15.3 | G22: Приказ Росстата от 30.01.2014 № 56 "Об утверждении методик расчета показателей "Прирост инвестиций в основной капитал, в процентах к предыдущему году", "Объем инвестиций в основной капитал (за исключением бюджетных средств)", "Доля инвестиций в основной капитал в валовом внутреннем продукте" и "Доля инвестиций в основной капитал в валовом региональном продукте субъекта Российской Федерации" Расчетный показатель. Определяется как отношение объема инвестиций в основной капитал к валовому региональному продукту. Инв./ВРП*100% Сайт департамента экономики и развития предпринимательства Приморского края (ВРП) https://primorsky.ru/authorities/executive-agencies/departments/economics/366-%D1%80%D0%B0%20%D0%BE%D1%82%2019.10.2018.PDF | H22: Базовое значение ВРП взято из прогноза социально - экономического развития Приморского края на 2018 год и плановый период 2019 и 2020 годов, утвержденного распоряжением Администрации Приморского края от 17 октября 2017 года №448-ра Значение объема инвестиций соответствует значению за январь - сентябрь 2018 года. | I22: =F22/E22 -> 0.6375 | M22: =F22/E22 -> 0.6375 | N22: 0.64
A23: 2. | B23: Прирост инвестиций в основной капитал к предыдущему году | C23: % | D23: 6.8 | E23: 17.5 | F23: 7.9 | G23: Приказ Росстата от 30.01.2014 № 56 "Об утверждении методик расчета показателей "Прирост инвестиций в основной капитал, в процентах к предыдущему году", "Объем инвестиций в основной капитал (за исключением бюджетных средств)", "Доля инвестиций в основной капитал в валовом внутреннем продукте" и "Доля инвестиций в основной капитал в валовом региональном продукте субъекта Российской Федерации" Расчетный показатель. Определяется как отношение объема инвестиций в основной капитал за отчетный год к объему инвестиций в основной капитал за предыдущий год. Инв. отчетный год/Инв.предыд.год*100%-100% Источником данных служат данные территориального органа Федеральной службы статистики по Приморскому краю из раздела "Официальная статистика" /Предпринимательство/Инвестиции/"Динамика инвестиций в основной капитал". Сайт федеральной службы государственной статистики http://www.primstat.ru:81/BGD/BASE18/IssWWW.exe/Stg/0218/%D1%8D%D0%BA%D1%81%D0%BF%D1%80%D0%B5%D1%81%D1%81%20%D0%B8%D0%BD%D0%B2%D0%B5%D1%81%D1%82%D0%B8%D1%86%D0%B8%D0%B8%2012_2017.htm | H23: Отклонение значений показателя связано со снижением инвестиционной активности, связанное с неблагоприятной внешнеэкономической конъюнктурой, высокой неопределенностью в инвестиционном секторе в связи с принятыми санкциями в отношении Российской Федерации и волатильностью бивалютной корзины. Расчетные периоды январь - сентябрь 2017 и январь сентябрь 2018 | I23: =F23/E23 -> 0.45142857 | M23: =F23/E23 -> 0.45142857 | N23: 0.45
A24: 3. | B24: Прирост инвестиций в основной капитал без учета бюджетных средств | C24: % к предыдущему году | D24: 11.6 | E24: 17.8 | F24: 17.5 | G24: Приказ Росстата от 30.01.2014 № 56 "Об утверждении методик расчета показателей "Прирост инвестиций в основной капитал, в процентах к предыдущему году", "Объем инвестиций в основной капитал (за исключением бюджетных средств)", "Доля инвестиций в основной капитал в валовом внутреннем продукте" и "Доля инвестиций в основной капитал в валовом региональном продукте субъекта Российской Федерации" Расчетный показатель. Определяется как отношение объема инвестиций в основной капитал без учета бюджетных средств за отчетный год к объему инвестиций без учета бюджетных средств за предыдущий год. Инв.(без БС) отчетный год/Инв.предыд.год(без БС)*100%-100% Показатель объема инвестиций в основной капитал без учета бюджетных сретсв рассчитывается как разница между объемом инвестиций в основной капитал и объемом бюджетных средств. Сайт федеральной службы государственной статистики http://www.primstat.ru/default.aspx | H24: Отклонение значений показателя связано со снижением инвестиционной активности, связанное с неблагоприятной внешнеэкономической конъюнктурой, высокой неопределенностью в инвестиционном секторе в связи с принятыми санкциями в отношении Российской Федерации и волатильностью бивалютной корзины. Расчетные периоды январь - сентябрь 2017 и январь сентябрь 2018 | I24: =F24/E24 -> 0.98314607 | M24: =F24/E24 -> 0.98314607 | N24: 0.98
A25: 4. | B25: Доля проектов нормативных правовых актов Приморского края, нормативных правовых актов Приморского края, прошедших процедуру оценки регулирующего воздействия, экспертизу, в общем объеме проектов нормативных правовых актов Приморского края, нормативных правовых актов Приморского края, затрагивающих вопросы осуществления предпринимательской и инвестиционной деятельности, подлежащих оценке регулирующего воздействия, включенных в План проведения экспертизы нормативных правовых актов Приморского края для устранения административных барьеров | C25: % | D25: 100 | E25: 100 | F25: 100 | G25: Распоряжение Правительства РФ от 10.04.2014 N 570-р "Об утверждении перечней показателей оценки эффективности деятельности и методик определения целевых значений показателей оценки эффективности деятельности руководителей органов исполнительной власти по созданию благоприятных условий ведения предпринимательской деятельности (до 2018 года)" Проведены процедуры оценки регулирующего воздействия в отношении 20 проектов НПА Приморского края. Сроки проведения ОРВ соответствуют требованиям постановления Администрации Приморского края от 26 декабря 2012 года № 435-па «Об утверждении Порядка организации и проведения оценки регулирующего воздействия проектов нормативных правовых актов Приморского края, экспертизы нормативных правовых актов Приморского края, оценки фактического воздействия нормативных правовых актов Приморского края». Проведена экспертиза Закона Приморского края от 19.12.2013 №332-КЗ «О регулировании отношений в сфере оборота древесины на территории Приморского края». В Минэкономразвития России направлена информация, необходимая для формирования рейтинга качества осуществления оценки регулирующего воздействия и экспертизы в субъектах Российской Федерации за 2018 г. | H25: отклонений нет | I25: =F25/E25 -> 1 | M25: =F25/E25 -> 1 | N25: 1
A26: 5. | B26: Доля информации о деятельности на приоритетных товарных рынках Приморского края, опубликованной на официальном сайте, из общего объема информации, необходимой к публикации | C26: % | D26: 100 | E26: 100 | F26: 100 | G26: Распоряжение Правительства РФ от 10.04.2014 N 570-р "Об утверждении перечней показателей оценки эффективности деятельности и методик определения целевых значений показателей оценки эффективности деятельности руководителей органов исполнительной власти по созданию благоприятных условий ведения предпринимательской деятельности (до 2018 года)" Ссылки на размещенную информацию по рынкам на странице департамента в разделе «Развитие конкуренции»: https://www.primorsky.ru/upload/medialibrary/ad5/ad58d85df09ebed02f69ae90f4de1df9.doc https://www.primorsky.ru/upload/medialibrary/f02/f02ef16d9c5f6b7fbeb9a5a7dbf691fe.doc | H26: отклонений нет | I26: =F26/E26 -> 1 | M26: =F26/E26 -> 1 | N26: 1
A27: 6. | B27: Оценка предпринимательским сообществом эффективности реализации внедренных элементов деятельности органов исполнительной власти субъекта Российской Федерации по обеспечению благоприятного инвестиционного климата в регионе | C27: баллов | D27: 10 | E27: 10 | F27: 10 | G27: Распоряжение Правительства РФ от 10.04.2014 N 570-р "Об утверждении перечней показателей оценки эффективности деятельности и методик определения целевых значений показателей оценки эффективности деятельности руководителей органов исполнительной власти по созданию благоприятных условий ведения предпринимательской деятельности (до 2018 года)" Показатель оценочный | H27: отклонений нет | I27: =F27/E27 -> 1 | M27: =F27/E27 -> 1 | N27: 1
A28: Подпрограмма № 2 "Развитие малого и среднего предпринимательства в Приморском крае" на 2013 - 2021 годы | J28: =I22+I23+I24+I25+I26+I27 -> 5.0720746
A29: 1. | B29: Количество субъектов малого и среднего предпринимательства, получивших государственную поддержку | C29: единиц | D29: 939 | E29: 1854 | F29: 1965 | G29: Кп = Кр + Кмо + Кгф + Кц, где: Кп - количество субъектов малого и среднего предпринимательства, получивших государственную поддержку в рамках реализации данной подпрограммы; Кр - количество субъектов МСП, получивших "прямую" финансовую поддержку в рамках настоящей подпрограммы; Кмо - количество субъектов МСП, получивших поддержку в муниципальных образованиях края за счет средств субсидий из краевого и федерального бюджетов; Кгф - количество субъектов МСП, получивших поддержку в НО "Гарантийный фонд Приморского края"; Кц - количество субъектов МСП, получивших поддержку в АНО "Центр развития экспорта Приморского края". Источником информации для определения значения показателя являются отчеты получателей поддержки и реестры субъектов малого и среднего предпринимательства - получателей субсидий, утвержденные департаментом экономики и развития предпринимательства Приморского края. | H29: показатель улучшен | I29: =F29/E29 -> 1.0598706 | J29: 1 | L29: =F29/D29 -> 2.0926518 | M29: =F29/E29 -> 1.0598706 | N29: 1
A30: 2. | B30: Количество субъектов малого и среднего предпринимательства (включая индивидуальных предпринимателей) в расчете на 1 тыс. человек населения Приморского края | C30: единиц | D30: 46.6 | E30: 40 | F30: 47 | G30: Количество субъектов МСП / (Численность населения Приморского края / 1000). Источник информации для расчета показателя: данные ФНС России - единый реестр субъектов МСП (rmsp.nalog.ru); данные Росстата (gks.ru). *Данные представлены по состоянию на 01.12.2018, в связи с отсутствием информации о численности населения Приморского края по итогам 2018 года. В соответствии с п. 1.8.1 Федерального плана статистических работ, утвержденным распоряжением Правительства Российской Федерации от 6 мая 2008 г. № 671-р, итоговая оценка численности постоянного населения на 1 января текущего года формируется до 15 марта ежегодно. | H30: показатель улучшен | I30: =F30/E30 -> 1.175 | J30: 1 | L30: =F30/D30 -> 1.0085837 | N30: 1
A31: 3. | B31: Доля среднесписочной численности работников (без внешних совместителей), занятых у субъектов малого и среднего предпринимательства (в том числе у индивидуальных предпринимателей), в общей численности занятого населения | C31: процент | D31: 26.5 | E31: 28.6 | F31: 23.3 | G31: Дч = Чмсп / Чз * 100%, где: Дч - доля среднесписочной численности работников (без внешних совместителей), занятых у субъектов малого и среднего предпринимательства (в том числе у индивидуальных предпринимателей), в общей численности занятого населения; Чмсп - среднесписочная численность работников (без внешних совместителей), занятых у субъектов малого и среднего предпринимательства (в том числе у индивидуальных предпринимателей); Чз - общая численность занятого населения. Источник информации для расчета показателя: данные ФНС России - единый реестр субъектов МСП (rmsp.nalog.ru); данные Росстата (gks.ru). *Данные представлены по состоянию на 01.12.2018, в связи с отсутствием информации о численности занятого населения по итогам 2018 года. | H31: По информации на 01.12.2018 года значение показателя меньше планового в связи с сокращением численности занятых на малых и средних предприятиях. | I31: =F31/E31 -> 0.81468531 | L31: =F31/D31 -> 0.87924528 | N31: 0.8
A32: 4. | B32: Количество вновь созданных рабочих мест (включая вновь зарегистрированных индивидуальных предпринимателей) субъектами малого и среднего предпринимательства, получившими государственную поддержку | C32: единиц | D32: 156 | E32: 265 | F32: 446 | G32: Км = К1 + К2 + К3 + К4, где: Км - количество вновь созданных рабочих мест (включая вновь зарегистрированных индивидуальных предпринимателей); К1 - количество вновь созданных рабочих мест у субъектов малого и среднего предпринимательства, получивших "прямую" финансовую поддержку в рамках реализации подпрограммы; К2 - количество вновь созданных рабочих мест у субъектов малого и среднего предпринимательства (включая вновь зарегистрированных индивидуальных предпринимателей), получивших финансовую поддержку в муниципальных образованиях края; К3 - количество вновь созданных рабочих мест у субъектов малого и среднего предпринимательства, получивших поддержку в НО "Гарантийный фонд Приморского края"; К4 - количество вновь созданных рабочих мест у субъектов малого и среднего предпринимательства, получивших поддержку в АНО "Центр развития экспорта Приморского края". Источником информации для определения значения показателя являются сведения и отчеты получателей поддержки. | H32: показатель улучшен | I32: =F32/E32 -> 1.6830189 | J32: 1 | L32: =F32/E32 -> 1.6830189 | M32: 1.7 | N32: 1
A33: 5. | B33: Прирост оборота продукции и услуг, производимых малыми предприятиями, в том числе микропредприятиями, и индивидуальными предпринимателями (в сопоставимых ценах) | C33: % к предыдущему году | D33: - | E33: 7.3 | F33: н/д* | G33: * Показатель исключен из Распоряжения Правительства РФ от 10.04.2014 № 570-р "Об утверждении перечней показателей оценки эффективности деятельности и методик определения целевых значений показателей оценки эффективности деятельности руководителей органов исполнительной власти по созданию благоприятных условий ведения предпринимательской деятельности (до 2018 года)" в связи с принятием Постановления Правительства РФ от 19.04.2018 № 472 "Об осуществлении мер по реализации государственной политики в сфере оценки эффективности деятельности органов исполнительной власти субъектов Российской Федерации и признании утратившими силу некоторых актов Правительства Российской Федерации". | H33: показатель в расчет не вошел, так как нет данных | N33: 1
A34: 6. | B34: Оценка предпринимательским сообществом эффективности реализации программы поддержки малого и среднего предпринимательства | C34: баллов | D34: - | E34: 8 | F34: н/д* | G34: * Показатель исключен из Распоряжения Правительства РФ от 10.04.2014 № 570-р "Об утверждении перечней показателей оценки эффективности деятельности и методик определения целевых значений показателей оценки эффективности деятельности руководителей органов исполнительной власти по созданию благоприятных условий ведения предпринимательской деятельности (до 2018 года)" в связи с принятием Постановления Правительства РФ от 19.04.2018 № 472 "Об осуществлении мер по реализации государственной политики в сфере оценки эффективности деятельности органов исполнительной власти субъектов Российской Федерации и признании утратившими силу некоторых актов Правительства Российской Федерации". | H34: показатель в расчет не вошел, так как нет данных
A35: 7. | B35: Прирост количества субъектов малого и среднего предпринимательства, осуществляющих деятельность на территории Приморского края | C35: % к предыдущему году | D35: - | E35: 7.3 | F35: н/д* | G35: * Показатель исключен из Распоряжения Правительства РФ от 10.04.2014 № 570-р "Об утверждении перечней показателей оценки эффективности деятельности и методик определения целевых значений показателей оценки эффективности деятельности руководителей органов исполнительной власти по созданию благоприятных условий ведения предпринимательской деятельности (до 2018 года)" в связи с принятием Постановления Правительства РФ от 19.04.2018 № 472 "Об осуществлении мер по реализации государственной политики в сфере оценки эффективности деятельности органов исполнительной власти субъектов Российской Федерации и признании утратившими силу некоторых актов Правительства Российской Федерации". | H35: показатель в расчет не вошел, так как нет данных | N35: 1
A36: 8. | B36: Прирост среднесписочной численности работников (без внешних совместителей), занятых у субъектов малого и среднего предпринимательства, получивших государственную поддержку | C36: процент | D36: 9.5 | E36: 2.5 | F36: 13.8 | G36: Письмо Департамента развития малого и среднего предпринимательства и конкуренции Минэкономразвития России от 06.09.2017 № Д05и-885 о методических рекомендациях по расчету показателей результативности использования субсидий из федерального бюджета. Источником информации для расчета значения показателя являются сведения и отчеты получателей поддержки. | H36: показатель улучшен | I36: =F36/E36 -> 5.52 | J36: 1 | L36: =F36/E36 -> 5.52 | M36: !!!! | N36: 1
A37: 9. | B37: Увеличение оборота субъектов малого и среднего предпринимательства, получивших государственную поддержку, в постоянных ценах по отношению к показателю 2014 года | C37: процент | D37: 53.6 | E37: 4 | F37: 33.3 | G37: Письмо Департамента развития малого и среднего предпринимательства и конкуренции Минэкономразвития России от 06.09.2017 № Д05и-885 о методических рекомендациях по расчету показателей результативности использования субсидий из федерального бюджета. Источником информации для расчета значения показателя являются сведения и отчеты получателей поддержки, а также данные статистики по индексу потребительских цен. | H37: показатель улучшен | I37: =F37/E37 -> 8.325 | J37: 1 | L37: =F37/E37 -> 8.325 | N37: 1
A38: 10. | B38: Доля обрабатывающей промышленности в обороте субъектов малого и среднего предпринимательства (без учета индивидуальных предпринимателей), получивших государственную поддержку | C38: процент | D38: 15 | E38: 5 | F38: 28 | G38: Письмо Департамента развития малого и среднего предпринимательства и конкуренции Минэкономразвития России от 06.09.2017 № Д05и-885 о методических рекомендациях по расчету показателей результативности использования субсидий из федерального бюджета. Источником информации для расчета значения показателя являются сведения и отчеты получателей поддержки. | H38: показатель улучшен | I38: =F38/E38 -> 5.6 | J38: 1 | L38: =F38/E38 -> 5.6 | N38: 1
A39: 11. | B39: Годовой объем закупок товаров, работ, услуг, осуществляемых отдельными видами юридических лиц у субъектов малого и среднего предпринимательства, в совокупном стоимостном объеме договоров, заключенных по результатам закупок, в том числе: | C39: процент | D39: 41.45 | E39: 25 | F39: 69.32 | G39: Стоимостной объем договоров, заключенных с субъектами малого и среднего предпринимательства (по результатам закупок всеми способами) в соответствии с Федеральным законом от 18.07.2011 г. № 223-ФЗ за отчетный период / Общий стоимостной объем договоров за отчетный период * 100%. Источник информации для расчета показателя: данные официального сайта zakupki.gov.ru (годовые отчеты о закупке товаров, работ, услуг отдельными видами юридических лиц у субъектов малого и среднего предпринимательства в соответствии с постановлением Правительства Российской Федерации от 11.12.2014 г. № 1352). | H39: показатель улучшен | I39: =F39/E39 -> 2.7728 | J39: 1 | L39: =F39/E39 -> 2.7728 | N39: 1
A40: 11.1. | B40: годовой стоимостной объем договоров, заключенных с субъектами малого и среднего предпринимательства по результатам закупок, участниками которых являются только субъекты малого и среднего предпринимательства | C40: процент | D40: 39.22 | E40: 15 | F40: 29.26 | G40: Стоимостной объем договоров, заключенных с субъектами малого и среднего предпринимательства (по результатам прямых закупок, участниками которых являются исключительно субъекты МСП) в соответствии с Федеральным законом от 18.07.2011 г. № 223-ФЗ за отчетный период / Общий стоимостной объем договоров за отчетный период * 100%. Источник информации для расчета показателя: данные официального сайта zakupki.gov.ru (годовые отчеты о закупке товаров, работ, услуг отдельными видами юридических лиц у субъектов малого и среднего предпринимательства в соответствии с постановлением Правительства Российской Федерации от 11.12.2014 г. № 1352). | H40: показатель улучшен | I40: =F40/E40 -> 1.9506667 | J40: 1 | L40: =F40/E40 -> 1.9506667 | N40: 1
A41: 12. | B41: Доля средств, направляемая на реализацию мероприятий в сфере развития малого и среднего предпринимательства в монопрофильных муниципальных образованиях, в общем объеме финансового обеспечения государственной поддержки малого и среднего предпринимательства за счет средств федерального бюджета | C41: процент | D41: 22.4 | E41: 10 | F41: 10.75 | G41: Объем средств федерального бюджета, направляемый на реализацию мероприятий в сфере развития малого и среднего предпринимательства в монопрофильных муниципальных образованиях / Общий объем средств федерального бюджета, направляемый на реализацию мероприятий в сфере развития малого и среднего предпринимательства в Приморском крае * 100%. Источник информации для определения показателя: данные бюджетной, финансовой отчетности. | H41: показатель улучшен | I41: =F41/E41 -> 1.075 | J41: 1 | L41: =F41/E41 -> 1.075 | N41: 1
A42: 13. | B42: Доля граждан, планирующих открыть собственный бизнес в течение ближайших 3-х лет | C42: процент | D42: 62 | E42: 7 | F42: 10.7 | G42: Опрос экономически активных граждан. | H42: показатель улучшен | I42: =F42/E42 -> 1.5285714 | J42: 1 | L42: =F42/E42 -> 1.5285714 | N42: 1
A43: 14. | B43: Коэффициент "рождаемости" субъектов малого и среднего предпринимательства (количество созданных в отчетном периоде малых и средних предприятий на 1 тыс. действующих на дату окончания отчетного периода малых и средних предприятий) | C43: процент | D43: - | E43: 16.5 | F43: 16.98 | G43: Количество созданных в отчетном периоде малых и средних предприятий / 1 тыс. действующих на дату окончания отчетного периода малых и средних предприятий. Источник информации для расчета показателя: данные ФНС России - единый реестр субъектов МСП (rmsp.nalog.ru). | H43: показатель улучшен | I43: =F43/E43 -> 1.0290909 | L43: =F43/E43 -> 1.0290909 | N43: 1
A44: Подпрограмма № 3 "Долгосрочное финансовое планирование и организация бюджетного процесса, совершенствование межбюджетных отношений в Приморском крае" на 2013 - 2021 годы | K44: =J29+J30+I31+J32+J36+J37+J38+J39+J40+J41+J42+I43 -> 11.843776
A45: 1 | B45: Отношение среднего уровня расчетной бюджетной обеспеченности пяти наиболее обеспеченных муниципальных образований Приморского края после выравнивания в отчетном финансовом году к среднему уровню расчетной бюджетной обеспеченности пяти наименее обеспеченных муниципальных образований после выравнивания в отчетном финансовом году | C45: раз | D45: 1 | E45: 1 | F45: 1.1 | G45: Показатель 1. Отношение среднего уровня расчетной бюджетной обеспеченности пяти наиболее обеспеченных муниципальных образований Приморского края после выравнивания в отчетном финансовом году к среднему уровню расчетной бюджетной обеспеченности пяти наименее обеспеченных муниципальных образований после выравнивания в отчетном финансовом году (1,84+1,41+1,39+1,39+1,38)/ (1,32+1,32+1,32+1,32+1,32)=1,1 https://primorsky.ru/upload/iblock/2fe/2fe08d946c4049dfa626adda04933e9c.xlsx Исходные данные для расчета показателя размещены на странице департамента финансов сайта Администрации Приморского края. | H45: показатель выполнен, отклонений нет | I45: =F45/E45 -> 1.1 | J45: 1 | L45: =F45/E45 -> 1.1 | N45: 1
A46: 2 | B46: Отношение объема расходов на обслуживание государственного долга Приморского края к объему расходов краевого бюджета, за исключением расходов, которые осуществляются за счет субвенций, предоставляемых из федерального бюджета | C46: % | D46: 0.7 | E46: 0.9 | F46: 0.004 | G46: Отношение объема расходов на обслуживание государственного долга Приморского края к объему расходов краевого бюджета, за исключением расходов, которые осуществляются за счет субвенций, предоставляемых из федерального бюджета Расчет произведен по данным отчета об исполнении консолидированного бюджета субъекта Российской Федерации и бюджета территориального государственного внебюджетного фонда за 2018 год (код формы по ОКУД 0503317). Фактические расходы бюджета субъекта – 100731011,75 тыс. рублей, сумма субвенций, фактически поступивших из федерального бюджета – 3739306,71 тыс. рублей, сумма расходов на обслуживание государственного долга Приморского края – 3768,96 тыс. рублей. Фактическое значение показателя «Отношение объема расходов на обслуживание государственного долга Приморского края к объему расходов краевого бюджета, за исключением расходов, которые осуществляются за счет субвенций, предоставляемых из федерального бюджета» составило 0,004 % (3768,96/ 96991705,04)*100%). Данные для расчета будут размещены на странице департамента финансов сайта Администрации Приморского края «Отчет об исполнении консолидированного бюджета субъекта РФ и бюджета территориального государственного внебюджетного фонда по состоянию на 01.01.2019». | H46: В связи с привлечением в 2018 году заемных средств в объемах меньше запланированных, уменьшились расходы на обслуживание долговых обязательств Приморского края, что привело к снижению данного показателя по итогам исполнения за 2018 год | I46: =E46/F46 -> 225 | J46: 1 | L46: =E46/F46 -> 225 | M46: !!!!! 1 значение показателя занижено в разы | N46: 1
A47: Подпрограмма № 4. "Управление имуществом, находящимся в собственности и в ведении Приморского края, на 2014 - 2021 годы" | J47: =J45+J46 -> 2
A48: 1. | B48: Сокращение количества краевых государственных унитарных предприятий, основанных на праве хозяйственного ведения, по отношению к предыдущему году | C48: % не менее | D48: 13 | E48: 13 | F48: 13 | G48: П=100%хКС/ОК, где П - процент сокращенных предприятий, КС - количество сокращенных предприятий, ОК -общее количество предприятий. Метод сбора информации - анализ данных, содержащихся в Реестре собственности Приморского края, а также распорядительных актов департамента, Администрации Приморского края. | H48: показатель выполнен, отклонений нет | I48: =F48/E48 -> 1 | J48: 1 | K48: 1 | M48: =F48/E48 -> 1 | N48: 1
A49: 2. | B49: Количество реорганизованных, ликвидированных и изменивших тип краевых государственных учреждений и краевых государственных унитарных предприятий | C49: шт. | D49: 33 | E49: 7 | F49: 7 | G49: Количество реорганизованных, ликвидированных и изменивших тип краевых государственных учреждений и краевых государственных унитарных предприятий. Метод сбора информации - анализ данных, содержащихся в Реестре собственности Приморского края, а также распорядительных актов департамента, Администрации Приморского края. | H49: Значения показателя № 3 на 2017 год изменен в связи с постановлением АПК от 27.12.2017 № 553-па "О внесении изменений в постановление Администрации Приморского края от 7 декабря 2012 года № 382-па", в связи с чем показатель выполнен, отклонений нет | I49: =F49/E49 -> 1 | K49: 2 | M49: =F49/E49 -> 1 | N49: 1
A50: 3. | B50: Доля государственных служащих в органах управления и контроля акционерных обществ с участием Приморского края | C50: % | D50: 56 | E50: 54 | F50: 54 | G50: Д=100%хКЧ/ОК, где Д - доля государственных гражданских служащих в органах управления и контроля акционерных обществ с участием Приморского края, КС - количество государственных служащих в органах управления и контроля акционерных обществ , ОК -общее количество членов в органах управления и контроля акционерных обществ с участием Приморского края. Метод сбора информации - анализ данных, содержащихся распоряжениях департамента о направлении представителей интересов Приморского края в органы управления и контроля акционерных обществ. | H50: показатель выполнен, отклонений нет | I50: =F50/E50 -> 1 | J50: 1 | K50: 3 | M50: =F50/E50 -> 1 | N50: 1
A51: 4. | B51: Выполнение плана по доходам от перечисления части чистой прибыли краевых государственных унитарных предприятий | C51: % | D51: 100 | E51: 100 | F51: 100 | G51: Показателем на каждый отчетный год является 100% исполнения плана. Расчет: поступление всей суммы (100%) запланированных доходов в краевой бюджет по администрируемым платежам на соответствующий финансовый год. | H51: показатель выполнен, отклонений нет | I51: =F51/E51 -> 1 | K51: 4 | M51: =F51/E51 -> 1 | N51: 1
A52: 5. | B52: Выполнение плана по доходам от дивидендов хозяйственных обществ | C52: % | D52: 100 | E52: 100 | F52: 100 | G52: Показателем на каждый отчетный год является 100% исполнения плана. Расчет: поступление всей суммы (100%) запланированных доходов в краевой бюджет по администрируемым платежам на соответствующий финансовый год. | H52: показатель выполнен, отклонений нет | I52: =F52/E52 -> 1 | K52: 5 | M52: =F52/E52 -> 1 | N52: 1
A53: 6. | B53: Выполнение плана по доходам от приватизации краевого имущества, в том числе акций (долей) хозяйственных обществ | C53: % | D53: 100 | E53: 100 | F53: 100 | G53: Показателем на каждый отчетный год является 100% исполнения плана. Расчет: поступление всей суммы (100%) запланированных доходов в краевой бюджет по администрируемым платежам на соответствующий финансовый год. | H53: доходы от приватизации краевого имущества на 2018 год не планировались и не поступали | I53: =F53/E53 -> 1 | K53: 6 | M53: =F53/E53 -> 1 | N53: 1
A54: 7. | B54: Выполнение плана по доходам от аренды краевого имущества | C54: % | D54: 100 | E54: 100 | F54: 100.65 | G54: (Х/Y)х100 = показатель Y - запланированная сумма по доходам в краевой бюджет от аренды краевого имущества на отчетный год; X - фактически поступившая в краевой бюджет сумма по доходам от аренды краевого имущества за отчетный год | H54: Перевыполнение плана связано с продлением в 2018 году договоров аренды на неопределенный срок и соответствующей оплатой арендной платы по ним. | I54: =F54/E54 -> 1.0065 | K54: 7 | M54: =F54/E54 -> 1.0065 | N54: 1
A55: 8. | B55: Выполнения плана по доходам от использования земельных участков | C55: % | D55: 100 | E55: 100 | F55: 107.94 | G55: (Х/У)х100=показатель Х - сумма арендной платы, поступившая за отчетный период; У – сумма арендной платы, запланированная за отчетный период | H55: Перевыполнение плана обусловлено следующими факторами: - проведением претензионно-исковой работы; - оплатой арендаторами задолженности по арендной плате за предыдущие периоды. | I55: =F55/E55 -> 1.0794 | J55: 1 | K55: 8 | M55: =F55/E55 -> 1.0794 | N55: 1
A56: 9. | B56: Доля объектов недвижимого имущества, в том числе земельных участков, находящихся в собственности Приморского края, в отношении которых принято решение по управлению и распоряжению ими, по отношению к общему количеству объектов недвижимого имущества, находящихся в собственности Приморского края, не используемых для реализации государственных полномочий Приморского края либо свободных от прав третьих лиц | C56: % | D56: 92 | E56: 93 | F56: 90.7 | G56: (Х/У)х100=показатель Х - количество объектов недвижимого имущества, в том числе земельных участков, находящихся в собственности Приморского края, в отношении которых принято решение по управлению и распоряжению ими; У – общее количество объектов недвижимого имущества, находящихся в собственности Приморского края, не используемых для реализации государственных полномочий Приморского края либо свободных от прав третьих лиц. Метод сбора информации - анализ данных, содержащихся в Реестре собственности Приморского края, а также распорядительных актов департамента, Администрации Приморского края, согласий департамента на управление и (или) распоряжение объектами краевой собственности. | I56: =F56/E56 -> 0.97526882 | K56: 9 | M56: =F56/E56 -> 0.97526882 | N56: 0.98
A57: 10. | B57: Доля объектов недвижимого имущества, в том числе земельных участков, находящихся в собственности Приморского края, в отношении которых проведены проверки фактического использования и сохранности, по отношению к общему количеству объектов недвижимого имущества Приморского края, за исключением сетей инженерно-технического обеспечения | C57: % | D57: 15 | E57: 17 | F57: 8.5 | G57: (Х/У)х100=показатель Х – количество объектов недвижимого имущества, в том числе земельных участков, находящихся в собственности Приморского края, в отношении которых проведены проверки фактического использования и сохранности; У - общее количество объектов недвижимого имущества Приморского края, за исключением сетей инженерно-технического обеспечения. Метод сбора информации - анализ данных, содержащихся в Реестре собственности Приморского края, а также количества объектов недвижимого имущества, находящихся в краевой собственности, в отношении которых за отчетный период проведены проверки использования по назначению и сохранности. | I57: =F57/E57 -> 0.5 | K57: 10 | M57: =F57/E57 -> 0.5 | N57: 0.5
A58: 11. | B58: Доля объектов недвижимого имущества, в том числе земельных участков, право собственности Приморского края на которые зарегистрировано, от общего числа объектов недвижимого имущества, подлежащих государственной регистрации (в рамках текущего года) | C58: % | D58: 65 | E58: 70 | F58: 69 | G58: (Х/У)х100=показатель, где X-количество объектов недвижимого имущества, в том числе земельных участков, право собственности Приморского края на которые зарегистрировано; Y-общее число объектов недвижимого имущества, подлежащие государственной регистрации | I58: =F58/E58 -> 0.98571429 | J58: 1 | K58: 11 | M58: =F58/E58 -> 0.98571429 | N58: 0.99
A59: 12. | B59: Доля земельных участков, право собственности Приморского края на которые зарегистрировано, включенных в перечень участков, подлежащих вовлечению в оборот по отношению к зарегистрированным в текущем году | C59: % | D59: 23 | E59: 20 | F59: 25 | G59: (Х/У)х100=показатель, где X-количество земельных участков, право собственности Приморского края на которые зарегистрировано, подлежащие вовлечению в оборот; Y-количество земельных участков, право собственности Приморского края на которые зарегистрировано в 2015 году | I59: =F59/E59 -> 1.25 | J59: 1 | K59: 12 | M59: =F59/E59 -> 1.25 | N59: 1
A60: 13. | B60: Количество рассмотренных заявлений в рамках реализации Федерального закона от 01.05.2016 N 119-ФЗ в установленном законом порядке | C60: единица | D60: 10000 | E60: 8000 | F60: 7249 | G60: Количество заявлений граждан, поступивших в департамент земельных и имущественных отношений Приморского края в рамках реализации Федерального закона от 01.05.2016 № 119-ФЗ. Метод сбора информации - анализ сведений о заявлениях граждан, содержащихся в федеральной информационной системе "На Дальний Восток" (надальнийвосток.рф). Основание ст. 3 и п. 2 ч. 4 ст. 5 Федерального закона от 01.05.2016 № 119-ФЗ. | I60: =F60/E60 -> 0.906125 | K60: 13 | M60: =F60/E60 -> 0.906125 | N60: 0.9
A61: 14. | B61: Количество мероприятий по информированию граждан о реализации Федерального закона от 01.05.2016 N 119-ФЗ | C61: единица | D61: 18 | E61: 18 | F61: 18 | G61: Количество размещенных в средствах массовой информации материалов и информационных поводов (официальные сообщения, видеоролики, новостные сюжеты, крупноформатные программы, интервью, печатные издания, раздаточные материалы, стенды, интернет-баннеры и др.), связанных с реализацией Федерального закона от 01.05.2016 № 119-ФЗ. Метод сбора информации - учет выпускаемых материалов и мониторинг информационных ресурсов. https://primorsky.ru/news/145680/?sphrase_id=5408738 https://primorsky.ru/dv-gektar/index.php?sphrase_id=5408738 | H61: показатель выполнен, отклонений нет | I61: =F61/E61 -> 1 | J61: 1 | K61: 14 | M61: =F61/E61 -> 1 | N61: 1
A62: 15. | B62: Сбор, обработка, систематизация и накопление информации, необходимой для определения кадастровой стоимости объектов капитального строительства | C62: единица | D62: 0 | E62: 1320545 | F62: 1320545 | G62: Ежеквартальное предоставление отчетов по сбору и обработки информации в Россреестр. Результатом обработки будет являться подготовка отчета по определению кадастровой стоимости объектов и составление отчета об итогах государственной кадастровой оценки | H62: показатель выполнен, отклонений нет | I62: =F62/E62 -> 1 | J62: 1 | K62: =J48+I49+I50+I51+I52+I53+I54+J55+I56+I57+I58+J59+I60+I61+I62 -> 14.373608 | L62: 15 | M62: =F62/E62 -> 1 | N62: 1

Sheet Лист6

Sheet Приложение № 2
G1: Приложение № 2
A4: ОТЧЕТ
A5: о степени выполнения подпрограмм, программ, принятых в соответствии с требованиями федерального законодательства в сфере реализации государственной программы государственной программы Приморского края государственной программы Приморского края "Экономическое развитие и инновационная экономика Приморского края" на 2013 - 2021 годы за 2018 год.
A7: № п/п | B7: Наименование подпрограммы, программы, принятой в соответствии с требованиями федерального законодательства в сфере реализации государственной программы | C7: Плановый срок | E7: Фактический срок | G7: Результаты | I7: Причины недостижения запланированных результатов
C8: начала реализации | D8: окончания реализации | E8: начала реализации | F8: окончания реализации | G8: запланированные | H8: достигнутые | K8: Связь мероприятий программы с показателями
A9: 1 | B9: 2 | C9: 3 | D9: 4 | E9: 5 | F9: 6 | G9: 7 | H9: 8 | I9: 9
A10: ='[1]Приложение № 6 (приложение №5)'!A20 -> 1. | B10: ='[9]Приложение № 4'!B20 -> Подпрограмма № 1 «Улучшение инвестиционного климата в Приморском крае» на 2013-2021 годы | C10: 2013 | D10: 2020 | E10: 2013 | F10: 2020 | G10: На улучшение инвестиционного климата в Приморском крае в 2018 году запланировано 141,2 млн рублей. | H10: На улучшение инвестиционного климата в Приморском крае в 2018 году израсходовано 153,6 млн рублей. (108%). | I10: результаты достигнуты
A13: ='[1]Приложение № 6 (приложение №5)'!A24 -> 1.1. | B13: ='[1]Приложение № 6 (приложение №5)'!B24 -> Основное мероприятие «Создание благоприятных условий для привлечения инвестиций в экономику Приморского края» | C13: 2013 | D13: 2020 | E13: 2013 | F13: 2020 | G13: На организацию деятельности АНО «Инвестиционное Агентство Приморского края» в целях предоставления услуг в сфере повышения инвестиционной привлекательности Приморского края, роста привлечения капитала с внешних рынков запланировано предоставление субсидии из краевого бюджета 48578,06 млн рублей. Организация работы совещательного органа «Экспертный (общественный) совет по привлечению инвестиций»; | H13: Предоставлено АНО «Инвестиционное Агентство Приморского края» субсидий из краевого бюджета на осуществление уставной деятельности в размере 58678,8 млн рублей. (120%)
A14: ='[1]Приложение № 6 (приложение №5)'!A27 -> 1.1.1. | B14: ='[1]Приложение № 6 (приложение №5)'!B27 -> Предоставление автономной некоммерческой организации (далее - АНО) «Агентство по привлечению инвестиций в Приморский край» субсидии из краевого бюджета на осуществление уставной деятельности | C14: 2013 | D14: 2013 | E14: 2013 | F14: 2013 | G14: На организацию деятельности АНО «Инвестиционное Агентство Приморского края» в целях предоставления услуг в сфере повышения инвестиционной привлекательности Приморского края, роста привлечения капитала с внешних рынков запланировано предоставление субсидии из краевого бюджета 48578,06 млн рублей. | H14: Предоставлено АНО «Инвестиционное Агентство Приморского края» субсидий из краевого бюджета на осуществление уставной деятельности в размере 58678,8 млн рублей. В отчетном периоде - 1-4 кварталы 2018 года - в Агентство поступила 85 инвестиционных заявок на реализацию инвестиционных проектов на территории Приморского края. За текущий период было проведено 157 консультаций для субъектов инвестиционной деятельности В 2018 году Агентство приняло участие в 32 конгрессно-выставочных международных мероприятиях. В рамках PR-взаимодействия со СМИ за отчетный период Агентством подготовлено и размещено на инвестиционном портале более 230 пресс-релизов.
A15: ='[1]Приложение № 6 (приложение №5)'!A28 -> 1.1.2. | B15: ='[1]Приложение № 6 (приложение №5)'!B28 -> Предоставление АНО «Инвестиционное Агентство Приморского края» субсидии из краевого бюджета на осуществление уставной деятельности | C15: 2013 | D15: 2020 | E15: 2013 | F15: 2020 | G15: На организацию деятельности АНО «Инвестиционное Агентство Приморского края» в целях предоставления услуг в сфере повышения инвестиционной привлекательности Приморского края, роста привлечения капитала с внешних рынков запланировано предоставление субсидии из краевого бюджета 48578,06 млн рублей. | H15: Предоставлено АНО «Инвестиционное Агентство Приморского края» субсидий из краевого бюджета на осуществление уставной деятельности в размере 58678,8 млн рублей. В отчетном периоде - 1-4 кварталы 2018 года - в Агентство поступила 85 инвестиционных заявок на реализацию инвестиционных проектов на территории Приморского края. За текущий период было проведено 157 консультаций для субъектов инвестиционной деятельности В 2018 году Агентство приняло участие в 32 конгрессно-выставочных международных мероприятиях. В рамках PR-взаимодействия со СМИ за отчетный период Агентством подготовлено и размещено на инвестиционном портале более 230 пресс-релизов. | I15: 1 | K15: прирост инвестиций в основной капитал к предыдущему году, прирост инвестиций в основной капитал без учета бюджетных средств
A16: 1.1.2.1. | B16: Контрольное событие: разработан порядок определения объема и условий предоставления АНО «Инвестиционное Агентство Приморского края» субсидий из краевого бюджета на осуществление уставной деятельности | C16: дата наступления контрольного события (месяц, год): март 2015 г. | G16: разработан порядок определения объема и условий предоставления АНО «Инвестиционное Агентство Приморского края» субсидий из краевого бюджета на осуществление уставной деятельности
A17: 1.1.2.2. | B17: Контрольное событие: заключено соглашение между департаментом экономики и стратегического развития Приморского края и АНО «Инвестиционное Агентство Приморского края» о предоставлении субсидии из краевого бюджета | C17: дата наступления контрольного события (месяц, год): март 2018 апрель 2018 сентябрь 2018 | G17: заключено соглашение между департаментом экономики и стратегического развития Приморского края и АНО «Инвестиционное Агентство Приморского края» о предоставлении субсидии из краевого бюджета | H17: Заключено соглашение между департаментом экономики и развития предпринимательства Приморского края и автономной некоммерческой организацией "Инвестиционное Агентство Приморского края" о предоставлении субсидий из краевого бюджета на осуществление уставной деятельности от 26 марта 2018 года в соответствии с приказом Департамента от 23.03.2018 № 17. Заключено дополнительное соглашение между департаментом экономики и развития предпринимательства Приморского края и автономной некоммерческой организацией "Инвестиционное Агентство Приморского края" о предоставлении субсидий из краевого бюджета на осуществление уставной деятельности от 03.04.2018 г. №1/1 Заключено дополнительное соглашение между департаментом экономики и развития предпринимательства Приморского края и автономной некоммерческой организацией "Инвестиционное Агентство Приморского края" о предоставлении субсидий из краевого бюджета на осуществление уставной деятельности от 24.09.2018 г. №1/2 Заключено дополнительное соглашение между департаментом экономики и развития предпринимательства Приморского края и автономной некоммерческой организацией "Инвестиционное Агентство Приморского края" о предоставлении субсидий из краевого бюджета на осуществление уставной деятельности от 07.12.2018 г. №1/3
A18: ='[1]Приложение № 6 (приложение №5)'!A30 -> 1.1.3. | B18: ='[1]Приложение № 6 (приложение №5)'!B30 -> Организация ежегодного Тихоокеанского экономического конгресса | C18: 2013 | D18: 2013 | G18: формирование репутации края как привлекательной и безопасной инвестиционной площадки в АТР. Повышение информированности потенциальных инвесторов об инвестиционных возможностях Приморского края. Проведение качественного маркетинга территории на всех уровнях
A19: ='[1]Приложение № 6 (приложение №5)'!A32 -> 1.1.4. | B19: ='[1]Приложение № 6 (приложение №5)'!B32 -> Организация работы по оценке инвестиционной привлекательности Приморского края в рейтинговых исследованиях российских и зарубежных рейтинговых агентств | C19: 2013 | D19: 2017 | E19: 2013 | F19: 2017 | H19: Исключено из ГП
A20: ='[1]Приложение № 6 (приложение №5)'!A35 -> 1.1.5. | B20: ='[1]Приложение № 6 (приложение №5)'!B35 -> Создание и программное сопровождение многоязычного интернет-портала об инвестиционной деятельности в Приморском крае | C20: 2013 | D20: 2013
A22: ='[1]Приложение № 6 (приложение №5)'!A39 -> 1.1.6. | B22: ='[1]Приложение № 6 (приложение №5)'!B39 -> Разработка и издание печатного материала «Инвестиционный паспорт Приморского края» | C22: 2013 | D22: 2015
A23: ='[1]Приложение № 6 (приложение №5)'!A42 -> 1.1.7. | B23: ='[1]Приложение № 6 (приложение №5)'!B42 -> Разработка и издание печатного материала «Каталог инвестиционных проектов Приморского края» | C23: 2013 | D23: 2015
A24: ='[1]Приложение № 6 (приложение №5)'!A45 -> 1.1.8. | B24: ='[1]Приложение № 6 (приложение №5)'!B45 -> Создание (строительство, реконструкция) объектов инфраструктуры для краевых государственных нужд, необходимой для обеспечения функционирования инвестиционных проектов Приморского края | C24: 2013 | D24: 2020 | E24: 2013 | F24: 2020 | G24: Мониторинг создания объектов транспортной, энергетической, коммунальной инфраструктуры с участием средств краевого бюджета | H24: В соответствии с Регламентом разработки, согласования, утверждения и контроля реализации Плана контрольных событий проекта, Плана-графика проекта, Оперативного плана мероприятий проекта в рамках реализации Приморским краем соглашений о создании ТОСЭР велась реализация мероприятий по строительству и ремонту объектов транспортной и коммунальной инфраструктуры в ТОСЭР «Надеждинская» ТОСЭР «Михайловский» ТОСЭР «Большой Камень». | I24: 2 | K24: оказывает прямое влияние на все показатели подпрограммы, оказывает непосредственное влияние на достижение следующих показателей: объем инвестиций по отношению к ВРП Приморского края, прирост инвестиций в основной капитал к предыдущему году, прирост инвестиций в основной капитал без учета бюджетных средств
A25: 1.1.8.1. | B25: Контрольное событие: разработан и принят Закон Приморского края «Об участии Приморского края в проектах государственно-частного партнерства» | C25: дата наступления контрольного события (месяц, год): февраль 2015 г. | G25: разработан и принят Закон Приморского края «Об участии Приморского края в проектах государственно-частного партнерства»
A26: 1.1.8.2. | B26: Контрольное событие: разработан закон Приморского края «О внесении изменений в Закон Приморского края «О государственной поддержке инвестиционной деятельности в Приморском крае» | C26: дата наступления контрольного события (месяц, год): сентябрь 2015 г. | G26: разработан закон Приморского края «О внесении изменений в Закон Приморского края «О государственной поддержке инвестиционной деятельности в Приморском крае»
A27: ='[1]Приложение № 6 (приложение №5)'!A48 -> 1.1.9. | B27: ='[1]Приложение № 6 (приложение №5)'!B48 -> Обеспечение открытого информационного пространства инвестиционной деятельности | C27: 2013 | D27: 2020 | E27: 2013 | F27: 2020 | G27: Организация работы канала прямой связи инвесторов и руководства Приморского края для оперативного решения возникающих в процессе инвестиционной деятельности проблем и вопросов. запуск на обновленной платформе двуязычного Инвестиционного интернет-портал Приморского края: www.invest.primorsky.ru прием инвестиционных заявок на электронная почта приема - prim-invest@inbox.ru Сопровождение инвестиционного интернет-портала Приморского края. | H27: В Приморском крае работают каналы прямой связи инвесторов и руководства Приморского края для оперативного решения возникающих в процессе инвестиционной деятельности проблем и вопросов: - запущен на обновленной платформе двуязычный Инвестиционный интернет-портал Приморского края: www.invest.primorsky.ru - работает электронная почта приема инвестиционных заявок - prim-invest@inbox.ru Количество посетителей Инвестиционного интернет-портала Приморского края за январь - декабрь 2018 года - 23 648 | I27: 3 | K27: оказывает прямое влияние на все показатели подпрограммы, оказывает непосредственное влияние на достижение следующих показателей: объем инвестиций по отношению к ВРП Приморского края, прирост инвестиций в основной капитал к предыдущему году, прирост инвестиций в основной капитал без учета бюджетных средств
A29: ='[1]Приложение № 6 (приложение №5)'!A50 -> 1.2. | B29: ='[1]Приложение № 6 (приложение №5)'!B50 -> Основное мероприятие «Развитие особых экономических зон» | C29: 2014 | D29: 2017 | E29: 2014 | F29: 2017 | G29: создание эффективной инновационной инфраструктуры на территориях особых экономических зон Приморского края; создание инженерной, транспортной, социальной, инновационной и иной инфраструктуры особых экономических зон Приморского края; формирование системы управления особых экономических зон Приморского края; обеспечение контроля за исполнением резидентами соглашений о ведении деятельности на территории особых экономических зон Приморского края; развитие экспорта высокотехнологичной продукции и интеллектуальных услуг; создание новых рабочих мест в Приморском крае
A30: ='[1]Приложение № 6 (приложение №5)'!A52 -> 1.2.1. | B30: ='[1]Приложение № 6 (приложение №5)'!B52 -> Взнос в уставный капитал акционерного общества «Владивосток Индастриал Сервис» в целях создания инновационной, инженерной, транспортной, социльной и иной инфраструктуры особой экономической зоны промышленно-производственнго типа в городе Владивостоке | C30: 2014 | D30: 2017 | E30: 2014 | F30: 2017 | G30: увеличение с 75 тыс. авто до 100 тыс. авто объема сборки автомобилей в Приморском крае, переход на мелкоузловую сборку автомобилей, создание объектов инфраструктуры особой экономической зоны промышленно-производственного типа на территории города Владивостока | H30: В соответствии с постановлением Правительства Российской Федерации от 6 декабря 2017 г. № 1477 «О досрочном прекращении существования особой экономической зоны промышленно-производственного типа на территории г. Владивостока» особая экономическая зона перестала существовать. | I30: Отсутствие финансирования
A31: 1.2.1.1. | B31: Контрольное событие: разработан закон Приморского края «Об установлении льготного налогообложения резидентов особой экономической зоны промышленно-производственного типа в г. Владивостоке» | C31: дата наступления контрольного события (месяц, год): март 2015 г. | G31: разработан закон Приморского края «Об установлении льготного налогообложения резидентов особой экономической зоны промышленно-производственного типа в г. Владивостоке»
A32: 1.2.1.2. | B32: Контрольное событие: разработан закон Приморского края «Об установлении налоговых льгот резидентам территорий опережающего социально-экономического развития Приморского края» | C32: дата наступления контрольного события (месяц, год): июнь 2015 г. | G32: разработан закон Приморского края «Об установлении налоговых льгот резидентам территорий опережающего социально-экономического развития Приморского края»
A33: 1.2.1.3. | B33: Контрольное событие: Подготовлен проект решения о предоставлении бюджетных инвестиций управляющей компании особой экономической зоны | C33: дата наступления контрольного события (месяц, год): декабрь 2015 г. | G33: подготовлен проект решения о предоставлении бюджетных инвестиций управляющей компании особой экономической зоны
A34: ='[1]Приложение № 6 (приложение №5)'!A54 -> 1.3. | B34: ='[1]Приложение № 6 (приложение №5)'!B54 -> Основное мероприятие «Содействие развитию моногородов» | C34: 2013 | D34: 2014 | G34: уменьшение зависимости монопрофильных муниципальных образований от градообразующих предприятий, в том числе посредством развития социальной и инженерной инфраструктуры
A35: ='[1]Приложение № 6 (приложение №5)'!A57 -> 1.3.1. | B35: ='[2]Приложение № 6 (приложение № 5)'!B57 -> Предоставление субсидий из краевого бюджета бюджетам монопрофильных муниципальных образований Приморского края на реализацию мероприятий по поддержке и развитию социальной и инженерной инфраструктуры комплексных инвестиционных планов модернизации мо | C35: 2013 | D35: 2014
A36: ='[1]Приложение № 6 (приложение №5)'!A60 -> 1.4. | B36: ='[1]Приложение № 6 (приложение №5)'!B60 -> Основное мероприятие «Повышение качества оценки регулирующего воздействия нормативных правовых актов и их проектов | C36: 2013 | D36: 2020 | E36: 2013 | F36: 2020 | G36: проведение оценки регулирующего воздействия проектов нормативных правовых актов Приморского края, экспертизы нормативных правовых актов Приморского края в порядке и в сроки в соответствии с Законом Приморского края от 22.12.2008 № 373-КЗ, Постановлением Администрации Приморского края от 26.12.2012 № 435-па. | H36: Завершена процедура оценки регулирующего воздействия по 20 нормативном правовым актам Приморского края. В отношении 1 закона Приморского края проведена экспертиза
G54: проведение оценки регулирующего воздействия проектов нормативных правовых актов Приморского края, экспертизы нормативных правовых актов Приморского края в порядке и в сроки в соответствии с Законом Приморского края от 22.12.2008 № 373-КЗ, Постановлением Администрации Приморского края от 26.12.2012 № 435-па.
A55: 1.4.1. | B55: Повышение качества регуляторной среды для бизнеса | C55: 2013 | D55: 2020 | E55: 2013 | F55: 2020 | G55: проведение оценки регулирующего воздействия проектов нормативных правовых актов Приморского края, экспертизы нормативных правовых актов Приморского края в порядке и в сроки в соответствии с Законом Приморского края от 22.12.2008 № 373-КЗ, Постановлением Администрации Приморского края от 26.12.2012 № 435-па. | H55: Завершена процедура оценки регулирующего воздействия по 20 нормативном правовым актам Приморского края. В отношении 1 закона Приморского края проведена экспертиза | I55: 4 | K55: оказывает непосредственное влияние на показатели подпрограммы
A56: 1.4.1.1. | B56: Контрольное событие: подготовлен отчет о состоянии оценки регулирующего воздействия в Приморском крае | C56: дата наступления контрольного события (месяц, год): февраль 2015 г. февраль 2016 г. Февраль 2017 г. | E56: 15 февраля 2016 года | G56: подготовлен отчет о состоянии оценки регулирующего воздействия в Приморском крае | H56: Отчет о внедрении ОРВ в Приморском крае за 2017 год для формирования рейтинга качества проведения оценки регулирующего воздействия и экспертизы в субъектах Российской Федерации направлен в Минэкономразвития России в ноябре 2017 года. Сроки предоставления информации изменены Минэкономразвития России.
A57: 1.4.1.2. | B57: Контрольное событие: проведен семинар о процедуре оценки регулирующего воздействия для органов исполнительной власти Приморского края, органов местного самоуправления Приморского края | C57: дата наступления контрольного события (месяц, год): февраль 2017 г. июнь 2017 г. ноябрь 2017 г. | E57: 29 января 2016 года; 25 февраля 2016 года | G57: проведение семинара о процедуре оценки регулирующего воздействия для органов исполнительной власти Приморского края, органов местного самоуправления Приморского края | H57: 25 июня проведен семинар-совещание для представителей органов местного самоуправления муниципальных образований Приморского края по вопросам внедрения оценки регулирующего воздействия на муниципальном уровне и внедрения Стандарта развития конкуренции в Приморском крае.
A58: 1.4.1.1. | B58: Контрольное событие: подготовлен отчет о состоянии оценки регулирующего воздействия в Приморском крае | C58: дата наступления контрольного события (месяц, год): ноябрь 2018 | G58: подготовлен отчет о о внедрении ОРВ в Приморском крае за 2018 год | H58: Отчет о внедрении ОРВ в Приморском крае за 2018 год для формирования рейтинга качества проведения оценки регулирующего воздействия и экспертизы в субъектах Российской Федерации направлен в Минэкономразвития России в ноябре 2018 года. Сроки предоставления информации изменены Минэкономразвития России.
A59: 1.4.1.2. | B59: Контрольное событие: проведен семинар о процедуре оценки регулирующего воздействия для органов исполнительной власти Приморского края, органов местного самоуправления Приморского края | C59: дата наступления контрольного события (месяц, год): июнь, декабрь | G59: проведены семинары-совещания для представителей органов местного самоуправления муниципальных образований Приморского края по вопросам внедрения оценки регулирующего воздействия | H59: 21 июня и 21 декабря 2018 года проведены семинары-совещания для представителей органов местного самоуправления муниципальных образований Приморского края по вопросам внедрения оценки регулирующего воздействия на муниципальном уровне и внедрения Стандарта развития конкуренции в Приморском крае.
A60: ='[1]Приложение № 6 (приложение №5)'!A96 -> 1.5. | B60: ='[1]Приложение № 6 (приложение №5)'!B96 -> Основное мероприятие «Создание благоприятной конкурентной среды» | C60: 2013 | D60: 2020 | E60: 2013 | F60: 2020 | G60: проведение исследования конкурентной среды на рынках товаров и услуг Приморского края в соответствии с распоряжением Правительства РФ от 05.09.2015 , распоряжением Губернатора Приморского края от 13.05.2016 № 88-рг, пресечение согласованных действий хозяйствующих субъектов, направленных на недопущение ограничения и устранения конкуренции на рынках товаров и услуг Приморского края, в соответствии с Федеральным законом от 26.07.2006 № 135-ФЗ, Постановлением Правительства РФ от 18.10 2018, распоряжением Губернатора Приморского края от 28.02.2019 № 52-рг | H60: в целях определения эффективности реализуемых мер по развитию конкуренции ежеквартально проводится мониторинг состояния конкуренции на приоритетных товарных рынках Приморского края (рынок агропродовольственных товаров, розничной торговли, строительства и стройматериалов, пассажирских и грузовых перевозок, жилищно-коммунальных услуг, туристских услуг).
A77: ='[1]Приложение № 6 (приложение №5)'!A114 -> 1.5.1. | B77: ='[1]Приложение № 6 (приложение №5)'!B114 -> Мониторинг состояния и развития конкурентной среды на рынках товаров и услуг края | C77: 2013 | D77: 2020 | E77: 2013 | F77: 2020 | G77: проведение исследования конкурентной среды на рынках товаров и услуг Приморского края в соответствии с распоряжением Правительства РФ от 05.09.2015 , распоряжением Губернатора Приморского края от 13.05.2016 № 88-рг, пресечение согласованных действий хозяйствующих субъектов, направленных на недопущение ограничения и устранения конкуренции на рынках товаров и услуг Приморского края, в соответствии с Федеральным законом от 26.07.2006 № 135-ФЗ, Постановлением Правительства РФ от 18.10 2018, распоряжением Губернатора Приморского края от 28.02.2019 № 52-рг | I77: 5 | K77: оказывает непосредственное влияние на все показатели программы
A78: 1.5.1.1. | B78: Контрольное событие: подготовлен отчет о состоянии конкуренции в Приморском крае | C78: дата наступления контрольного события (месяц, год): январь, апрель, июль, октябрь 2015 г. январь, апрель, июль, октябрь 2016 г. январь, апрель, июль, октябрь 2017 г. январь, апрель, июль, октябрь 2018 г. январь, апрель, июль, октябрь 2019 г. январь, апрель, июль, октябрь 2020 г. | E78: 31 октябрь 2018 года | G78: подготовлен отчет о состоянии конкуренции в Приморском крае | H78: подготовлен отчет о состоянии конкуренции в Приморском крае. Информация о ходе выполнения мероприятий по проведению мониторинга состояния и развития конкурентной среды на рынках товаров и услуг в ходе реализации государственной программы «Экономическое развитие и инновационная экономика Приморского края» на 2013-2020 годы размещена в информационно-телекоммуникационной сети Интернет на официальном сайте Администрации Приморского края.
A79: 1.5.1.2. | B79: Контрольное событие: внедрение Стандарта развития конкуренции в Приморском крае. Утвержден состав Совета по содействию развития конкуренции в Приморском крае | C79: дата наступления контрольного события (месяц, год): апрель 2015 г. | G79: распоряжение Губернатора Приморского края об утверждении Совета по содействию развития конкуренции в Приморском крае
A80: 1.5.1.3. | B80: Контрольное событие: сформирован проект перечня приоритетных и социально значимых рынков для содействия развитию конкуренции в Приморском крае | C80: дата наступления контрольного события (месяц, год): июль 2015 г. | G80: размещение проекта перечня приоритетных и социально значимых рынков для содействия развитию конкуренции в Приморском крае на официальном сайте департамента экономики и развития предпринимательства Приморского края для публичного обсуждения
A81: 1.5.1.4. | B81: Контрольное событие: утвержден Губернатором Приморского края перечень приоритетных и социально значимых рынков для содействия развитию конкуренции в Приморском крае | C81: дата наступления контрольного события (месяц, год): сентябрь 2015 г. | E81: 42430 | G81: утверждение Губернатором Приморского края перечня приоритетных и социально значимых рынков для содействия развитию конкуренции в Приморском крае | H81: Распоряжение Губернатора Приморского края 56-рг от 28.03.2016 "Об утверждении Перечня социально значимых рынков и приоритетных рынков для содействия развитию конкуренции в Приморском крае"
A82: 1.5.1.5. | B82: Контрольное событие: разработана дорожная карта по содействию развитию конкуренции на приоритетных и социально значимых рынках для содействия развитию конкуренции в Приморском крае | C82: дата наступления контрольного события (месяц, год): ноябрь 2015 г. | G82: разработана дорожная карта по содействию развитию конкуренции на приоритетных и социально значимых рынках для содействия развитию конкуренции в Приморском крае | H82: 13 мая 2016 года распоряжением Губернатора Приморского края № 88 утвержден "План мероприятий ("Дорожная карта") по содействию развитию конкуренции, развитию конкурентной среды в Приморском крае".
A83: 1.5.1.6. | B83: Контрольное событие: рассмотрен отчет о внедрении Стандарта развития конкуренции в Приморском крае на заседании Совета по содействию развития конкуренции в Приморском крае | C83: дата наступления контрольного события (месяц, год): февраль 2016 г. февраль 2017 г. февраль 2018 г. февраль 2019 г. февраль 2020 г. | E83: 28 февраля 2018 | G83: рассмотрение отчета о внедрении Стандарта развитию конкуренции в Приморском крае на заседании Совета по содействию развитию конкуренции в Приморском крае | H83: отчет о внедрении Стандарта развития конкуренции в Приморском крае рассмотрен на заседании Совета по содействию развитию конкуренции в Приморском крае 6 марта 2018 года.
A84: 1.5.1.7. | B84: Контрольное событие: проведено заседание Общественного экспертного совета по привлечению инвестиций в Приморский край и(или) заседание Совета по привлечению инвестиций в экономику Приморского края при Губернаторе Приморского края | C84: дата наступления контрольного события (месяц, год): февраль, март, май, июнь, июль, август 2018 | G84: проведение заседания Общественного экспертного совета по привлечению инвестиций в Приморский край и(или) заседания Совета по привлечению инвестиций в экономику Приморского края при Губернаторе Приморского края | H84: В рамках мероприятия внедрен механизм работы с инвесторами по принципу «одного окна» (постановление Администрации Приморского края от 24.12.2013 № 501-па «Об утверждении Единого регламента сопровождения инвестиционных проектов по принципу «одного окна»). Проведены заседания ОЭС: 19 февраля 2018 года 23 марта 2018 года 15 мая 2018 года 21 июня 2018 года 27 сентября 2018 года 24 октября 2018 года 12 декабря 2018
A86: ='[1]Приложение № 6 (приложение №5)'!A115 -> 1.6. | B86: ='[1]Приложение № 6 (приложение №5)'!B115 -> Основное мероприятие «Развитие государственного стратегического планирования» | C86: 2013 | D86: 2020 | E86: 2013 | F86: 2020 | G86: Обеспечение деятельности департамента экономики и развития предпринимательства Приморского края - 42,64 млн рублей. Разработка и принятие нормативных правовых актов Приморского края в соответствии с полномочиями департамента экономики и развития предпринимательства Приморского края. Принятие Стратегии социально-экономического развития Приморского края. | H86: Обеспечение деятельности департамента экономики и развития предпринимательства Приморского края израсходовано 44,2 млн рублей. (103%) Принято 18 нормативных правовых актов Приморского края
A87: ='[1]Приложение № 6 (приложение №5)'!A117 -> 1.6.1. | B87: ='[1]Приложение № 6 (приложение №5)'!B117 -> Руководство и управление в сфере установленных функций органов государственной власти Приморского края | C87: 2013 | D87: 2020 | E87: 2013 | F87: 2020 | G87: На обеспечение деятельности департамента экономики и развития предпринимательства Приморского края в 2018 году запланировано 42644,23 млн рублей | H87: На обеспечение деятельности департамента экономики и развития предпринимательства Приморского края в 2018 году запланировано- 42644,23 млн рублей, использовано - 44258,82 млн. рублей. | I87: 6 | K87: так как мероприятие направлено на реализацию государственной политики и обеспечение макроэкономической стабильности, оно оказывает влияние на достижение всех показателей государственной программы так как мероприятие направлено на реализацию государственной политики и обеспечение макроэкономической стабильности, оно оказывает влияние на достижение всех показателей государственной программы
A88: ='[1]Приложение № 6 (приложение №5)'!A120 -> 1.6.2. | B88: ='[1]Приложение № 6 (приложение №5)'!B120 -> Информационно-техническое сопровождение реализации государственной программы | C88: 2013 | D88: 2020 | E88: 2013 | F88: 2020 | G88: Информационное сопровождение на официальном сайте Администрации Приморского края сайта департамента экономики и развития предпринимательства Приморского края: http://primorsky.ru/authorities/executive-agencies/departments/economics/ | H88: Осуществлялось информационно-методическое обеспечение процедур оценки регулирующего воздействия. Организована возможность трансляции фото или видеонаблюдения за реализацией мероприятий Плана социального развития центров экономического роста Приморского края. Сайт для просмотра: http://primorsky.ru/authorities/executive-agencies/departments/economics/plan-sotsialnogo-razvitiya-tsentrov-ekonomicheskogo-rosta-primorskogo-kraya-/video/ Фотоотчеты размещены: https://primorsky.ru/authorities/executive-agencies/departments/economics/plan-sotsialnogo-razvitiya-tsentrov-ekonomicheskogo-rosta-primorskogo-kraya-/foto/ Осуществлялось информационное сопровождение на официальном сайте Администрации Приморского края сайта департамента экономики и развития предпринимательства Приморского края. | I88: 7 | K88: оказывает влияние на достижение всех показателей государственной программы
A89: ='[1]Приложение № 6 (приложение №5)'!A121 -> 1.6.3. | B89: ='[1]Приложение № 6 (приложение №5)'!B121 -> Нормативно-правовое обеспечение создания условий для устойчивого экономического роста в Приморском крае | C89: 2013 | D89: 2020 | E89: 2013 | G89: Разработка нормативных правовых актов в соответствии полномочиями департамента экономики и развития предпримательства Приморского края. | H89: Принято 18 нормативных правовых актов Приморского края | I89: 8 | K89: оказывает непосредственное влияние на достижение следующих показателей: доля расходов краевого бюджета, формируемая на основе государственных программ Приморского края, в общем объеме расходов краевого бюджета
A90: ='[1]Приложение № 6 (приложение №5)'!A122 -> 1.7. | B90: ='[1]Приложение № 6 (приложение №5)'!B122 -> Основное мероприятие «Реализация механизмов стратегического управления социально-экономическим развитием Приморского края» | C90: 2014 | D90: 2020 | E90: 2013 | G90: На разработку Стратегии социально-экономического развития Приморского края до 2030 года запланировано -35283,96 млн рублей . На обеспечение деятельности департамента проектного управления запланировано - 13925,77 млн рублей. | H90: На разработку Стратегии социально-экономического развития Приморского края до 2030 года израсходовано -35283,96 млн рублей. На обеспечение деятельности департамента проектного управления Приморского края израсходовано- 14553,7 млн рублей.
A91: ='[1]Приложение № 6 (приложение №5)'!A125 -> 1.7.1. | B91: Руководство и управление в сфере установленных функций органов государственной власти Приморского края | C91: 2015 | D91: 2020 | E91: 2013 | F91: 2020 | G91: На обеспечение деятельности департамента проектного управления запланировано - 13925,77 млн рублей. | H91: На обеспечение деятельности департамента проектного управления Приморского края израсходовано- 14553,7 млн рублей. | I91: 9 | K91: ???
A92: ='[1]Приложение № 6 (приложение №5)'!A127 -> 1.7.2. | B92: ='[1]Приложение № 6 (приложение №5)'!B127 -> Разработка технического задания проекта стратегии социально-экономического развития Приморского края | C92: 2014 | D92: 2015 | E92: 2014 | G92: разработанное техническое задание проекта стратегии социально-экономического развития Приморского края
A94: ='[1]Приложение № 6 (приложение №5)'!A129 -> 1.7.3. | B94: ='[1]Приложение № 6 (приложение №5)'!B129 -> Разработка проекта стратегии социально-экономического развития Приморского края | C94: 2017 | D94: 2018 | E94: 2015 | G94: На разработку Стратегии социально-экономического развития Приморского края до 2030 года запланировано -35283,96 млн рублей . | H94: На разработку Стратегии социально-экономического развития Приморского края до 2030 года израсходовано -35283,96 млн рублей. 27 декабря 2018 года приемочной комиссией департамента приняты результаты научно-исследовательской работы по теме «Разработка Стратегии социально-экономического развития Приморского края до 2030 года». Постановлением Администрации Приморского края от 28 декабря 2018 года № 668-па утверждена Стратегия социально-экономического развития Приморского края до 2030 года. | I94: 10 | K94: оказывает влияние на достижение всех показателей государственной программы
A96: ='[1]Приложение № 6 (приложение №5)'!A131 -> 1.8. | B96: ='[1]Приложение № 6 (приложение №5)'!B131 -> Основное мероприятие «Обеспечение выполнения комплекса работ по реализации плана статистических работ» | C96: 2015 | D96: 2020 | E96: 2015 | F96: 2020 | G96: Заключение государственного контракта между департаментом экономики и развития предпринимательства Приморского края и Территориальным органом Федеральной службы государственной статистики по Приморскому краю на сумму 829, 4 млн рублей. Получение экономико-статистической информации, представление теледоступа к базе готовых документов | H96: С целью реализации мероприятия 22 января 2018 года между департаментом и Территориальным органом Федеральной службы государственной статистики по Приморскому краю был заключен государственный контракт № 1-ЕП на сумму 829 404 руб. 00 коп. Оплачено 829 404 руб. 00 коп. Доступ к экономико-статистической информации открыт на сайте Территориального органа Федеральной службы государственной статистики по Приморскому краю - http://primstat.gks.ru/
A97: ='[1]Приложение № 6 (приложение №5)'!A133 -> 1.8.1. | B97: ='[1]Приложение № 6 (приложение №5)'!B133 -> Формирование и получение экономико-статистической информации | C97: 2015 | D97: 2020 | E97: 2015 | F97: 2020 | I97: 11 | K97: ???
A98: 2. | B98: Подпрограмма № 2 "Развитие малого и среднего предпринимательства в Приморском крае" на 2013 - 2021 годы | C98: 2013 | D98: 2021 | E98: 2013 | G98: На развитие малого и среднего предпринимательства в Приморском крае в 2018 году запланировано 124,22 млн рублей, в том числе - 82,9 млн рублей за счет средств федерального бюджета, 37,6 млн рублей -за счет средств краевого бюджета. | H98: На развитие малого и среднего предпринимательства в Приморском крае в 2018 году израсходовано 124,12 млн рублей, в том числе -82,9 млн рублей за счёт средств федерального бюджета, 37,6 млн рублей -а счет средств краевого бюджета. | I98: запланированные результаты достигнуты
A99: 2.1. | B99: Основное мероприятие "Финансовая поддержка организаций, образующих инфраструктуру поддержки субъектов малого и среднего предпринимательства" | C99: 2013 | D99: 2021 | E99: 2013 | G99: На финансовую поддержку организаций, образующих инфраструктуру поддержки субъектов малого и среднего предпринимательства в 2018 году запланировано - 33,5 млн рублей. | H99: На финансовую поддержку организаций, образующих инфраструктуру поддержки субъектов малого и среднего предпринимательства в 2018 году израсходовано - 33,5 млн рублей. (100%) | I99: запланированные результаты достигнуты
A101: ='[1]Приложение № 6 (приложение №5)'!A142 -> 2.1.2. | B101: ='[1]Приложение № 6 (приложение №5)'!B142 -> Предоставление субсидий АНО «Региональный центр координации поддержки экспортно ориентированных субъектов малого и среднего предпринимательства Приморского края» на возмещение затрат, связанных с обеспечением ее деятельности | C101: 2013 | D101: 2021 | E101: 2013 | G101: Предоставление в 2018 году субсидии АНО «Региональный центр координации поддержки экспортно ориентированных субъектов малого и среднего предпринимательства Приморского края» за счет средств краевого и федерального бюджетов в целях финансового обеспечения его деятельности, на общую сумму 37 500 000,00 руб. Оказание поддержки не менее 1758 субъектам малого и среднего предпринимательства. Создание 139 рабочих мест субъектами малого и среднего предпринимательства, получившими государственную поддержку. Заключение субъектами малого и среднего предпринимательства при содействии Центра 36 экспортных контрактов. | H101: Заключено соглашение с АНО «Центр развития экспорта Приморского края» на предоставление в 2018 году субсидии из краевого и федерального бюджетов в размере 37,5 млн руб.(100%). В 2018 году все средства субсидии перечислены Центру в полном объеме. В результате, Центром организовано: - участие 21 субъекта малого и среднего предпринимательства Приморского края в 7 международных выставочных мероприятиях за рубежом; - участие 21 субъекта малого и среднего предпринимательства Приморского края в 4 приемах иностранных; - участие 38 субъектов малого и среднего предпринимательства Приморского края в 4 бизнес-миссиях в КНР. Оказано 50 специализированных консультаций по тематике внешнеэкономической деятельности. Продукция 10 экспортно ориентированных предпринимателей Приморского края размещена на электронной торговой площадке alibaba.com. При содействии Центра 22 субъектами малого и среднего предпринимательства заключено 42 контракта на общую сумму более 30 млн. долларов США. Оказана поддержка 270 экспортно-ориентированным субъектам малого и среднего предпринимательства. Центром также организовано 74 обучающих мероприятий (курсы, семинары, тренинги, мастер-классы) для потенциальных и действующих предпринимателей Приморского края в которых приняло участие 1507 человек. География обучающих мероприятий в 2018 году затронула 21 муниципальное образование Приморского края. | I101: 12 | K101: оказывает непосредственное влияние на все показатели подпрограммы, а также следующие показатели государственной программы: доля продукции, произведенной субъектами малого и среднего предпринимательства, в общем объеме ВРП Приморского края; оборот продукции (услуг), производимой малыми предприятиями, в том числе микропредприятиями, и индивидуальными предпринимателями на территории Приморского края
A102: 2.1.2.1. | B102: Контрольное событие: заключено соглашение между департаментом экономики и развития предпринимательства Приморского края и АНО «Региональный центр координации поддержки экспортно ориентированных субъектов малого и среднего предпринимательства Приморского края» о предоставлении субсидии из краевого бюджета, федерального бюджета | C102: дата наступления контрольного события (месяц, год): март, ноябрь 2018 г. | G102: Заключение соглашения между департаментом экономики и развития предпринимательства Приморского края и АНО «Региональный центр координации поддержки экспортно ориентированных субъектов малого и среднего предпринимательства Приморского края» о предоставлении субсидии из краевого и федерального бюджетов на возмещение затрат, связанных с обеспечением деятельности. | H102: После получения документов от АНО «Центр развития экспорта Приморского края» на получение субсидии (заявление от 06.04.2018), а также проверки и получения информации в порядке межведомственного информационного взаимодействия, заключено соглашение с Центром от 26.04.2018 № 6 о предоставлении в 2018 году субсидии в размере 37 500 000,00 руб. за счет средств краевого бюджета, в том числе источником финансового обеспечения которых являются средства федерального бюджета, в соответствии с утвержденным объемом бюджетных ассигнований, предусмотренном в законе о краевом бюджете на 2018 год. В связи с этим, заключения доп. соглашения в текущем году не требуется.
A103: ='[1]Приложение № 6 (приложение №5)'!A145 -> 2.1.3. | B103: ='[1]Приложение № 6 (приложение №5)'!B145 -> Создание АНО «Региональный центр координации поддержки экспортно ориентированных субъектов малого и среднего предпринимательства Приморского края», в том числе посредством предоставления субсидии из краевого бюджета Приморского края – в виде имущественно | C103: 2013 | D103: 2013 | G103: развитие экспортного потенциала субъектов малого и среднего предпринимательства, продвижение продукции приморских производителей на внешние и межрегиональные рынки
A104: 2.1.4. | B104: Предоставление субсидий некоммерческой организации «Гарантийный фонд Приморского края» на возмещение затрат, связанных с организацией ее деятельности | C104: 2013 | D104: 2021 | E104: 2013 | G104: Предоставление в 2018 году субсидии НО «Гарантийный фонд Приморского края» за счет средств краевого и федерального бюджетов в целях финансового обеспечения его деятельности, на общую сумму 70 000 000,00 руб. Оказание поддержки не менее 100 субъектам малого и среднего предпринимательства. Создание 120 рабочих мест субъектами малого и среднего предпринимательства, получившими государственную поддержку. | H104: Заключены соглашения с НО «Гарантийный фонд Приморского края» о предоставлении в 2018 году субсидий: в размере 56 818 181,82 руб. (из краевого и федерального бюджетов) и в размере 13 181 818,18 руб. (из краевого бюджета). Субсидии перечислены Гарантийному фонду в полном объеме. За 2018 год Фондом выдано 152 поручительства субъектам малого и среднего предпринимательства на общую сумму 1 328 073 912,57 руб. Общий объем кредитов, выданных под поручительства Фонда, составил 3 020 863 890,64 руб. | I104: 13 | K104: оказывает непосредственное влияние на все показатели подпрограммы, а также следующие показатели государственной программы: доля продукции, произведенной субъектами малого и среднего предпринимательства, в общем объеме ВРП Приморского края; оборот продукции (услуг), производимой малыми предприятиями, в том числе микропредприятиями, и индивидуальными предпринимателями на территории Приморского края
A105: 2.1.5. | B105: Предоставление субсидий автономной некоммерческой организации "Инжиниринговый центр Приморского края" на предоставление услуг субъектам малого и среднего предпринимательства в области промышленного производства | C105: 2017 | D105: 2020 | G105: повышение конкурентоспособности малых и средних предприятий Приморского края в приоритетных сферах экономики | H105: Реализация мероприятия в 2018 году не планируется.
A106: 2.1.6. | B106: Субсидии в виде имущественного взноса автономной некоммерческой организации "Инжиниринговый центр Приморского края" | C106: 2017 | D106: 2020 | G106: повышение конкурентоспособности малых и средних предприятий Приморского края в приоритетных сферах экономики | H106: Реализация мероприятия в 2018 году не планируется.
A107: 2.1.6. | B107: Субсидии в виде имущественного взноса автономной некоммерческой организации "Инжиниринговый центр Приморского края" | C107: 2017 | D107: 2020 | G107: повышение конкурентоспособности малых и средних предприятий Приморского края в приоритетных сферах экономики | H107: Реализация мероприятия в 2018 году не планируется.
A108: 2.1.7. | B108: Предоставление субсидий автономной некоммерческой организации "Центр кластерного развития Приморского края" на предоставление услуг субъектам малого и среднего предпринимательства в целях развития территориальных кластеров | C108: 2017 | D108: 2020 | G108: повышение конкурентоспособности малых и средних предприятий Приморского края в приоритетных сферах экономики | H108: Реализация мероприятия в 2018 году не планируется.
A109: 2.1.8. | B109: Субсидии на реализацию мероприятий по созданию и (или) развитию частных промышленных парков | C109: 2017 | D109: 2020 | G109: повышение конкурентоспособности субъектов малого и среднего предпринимательства Приморского края в приоритетных сферах экономики | H109: Реализация мероприятия в 2018 году не планируется.
A110: 2.2. | B110: Основное мероприятие "Финансовая поддержка субъектов малого и среднего предпринимательства, производящих и реализующих товары (работы, услуги), предназначенные для внутреннего рынка Российской Федерации и (или) экспорта" | C110: 2013 | D110: 2021 | E110: 2013 | G110: Повышение конкурентоспособности малых и средних предприятий Приморского края в приоритетных сферах экономики На финансовую поддержку субъектов малого и среднего предпринимательства, производящих и реализующих товары (работы, услуги), предназначенные для внутреннего рынка Российской Федерации и (или) экспорта в 2018 году запланировано - 16,6 млн рублей. | H110: На финансовую поддержку субъектов малого и среднего предпринимательства, производящих и реализующих товары (работы, услуги), предназначенные для внутреннего рынка Российской Федерации и (или) экспорта в 2018 году израсходовано - 16,5 млн рублей. (99,4%)
A111: ='[1]Приложение № 6 (приложение №5)'!A152 -> 2.2.1. | B111: ='[1]Приложение № 6 (приложение №5)'!B152 -> Финансовая поддержка субъектов малого и среднего предпринимательства, производящих и реализующих товары (работы, услуги), предназначенные для внутреннего рынка Российской Федерации, в виде предоставления субсидий с целью возмещения части затрат (планируем | C111: 2013 | D111: 2014 | G111: повышение конкурентоспособности субъектов малого предпримательства Приморского края в приоритетных сферах экономики, рост числа предпринимателей
A112: 2.2.2. | B112: Предоставление субсидий субъектам малого и среднего предпринимательства на возмещение затрат, связанных с уплатой лизинговых платежей по договорам финансовой аренды (лизинга) | C112: 2013 | D112: 2020 | E112: 2013 | F112: 2017 | G112: повышение конкурентоспособности субъектов малого и среднего предпринимательства Приморского края в приоритетных сферах экономики, развитие лизинга оборудования | H112: Реализация мероприятия в 2018 году не планируется.
A113: ='[1]Приложение № 6 (приложение №5)'!A158 -> 2.2.3. | B113: ='[1]Приложение № 6 (приложение №5)'!B158 -> Предоставление субсидий субъектам малого и среднего предпринимательства на возмещение части затрат, связанных с разработкой и внедрением инновационной продукции | C113: 2013 | D113: 2013 | G113: повышение конкурентоспособности субъектов малого и среднего предпринимательства Приморского края в приоритетных сферах экономики
A114: ='[1]Приложение № 6 (приложение №5)'!A160 -> 2.2.4. | B114: ='[1]Приложение № 6 (приложение №5)'!B160 -> Предоставление субсидий субъектам малого и среднего предпринимательства на возмещение части затрат, связанных с повышением энергоэффективности производства | C114: 2013 | D114: 2013 | G114: повышение конкурентоспособности субъектов малого и среднего предпринимательства Приморского края в приоритетных сферах экономики
A115: ='[1]Приложение № 6 (приложение №5)'!A162 -> 2.2.5. | B115: ='[1]Приложение № 6 (приложение №5)'!B162 -> Финансовая поддержка субъектов малого и среднего предпринимательства, производящих и реализующих товары (работы, услуги), предназначенные для экспорта | C115: 2013 | D115: 2021 | E115: 2013 | G115: Предоставление субсидий субъектам малого и среднего предпринимательства Приморского края - экспортерам за счет средств краевого бюджета на общую сумму 100,0 тыс. руб. с целью возмещения части затрат, связанных с уплатой процентов по кредитам. | H115: Поддержка в виде субсидии предоставлена одному субъекту малого предпринимательства - экспортеру в объеме 100,0 тыс. руб.(100%) | I115: 14 | K115: оказывает непосредственное влияние на все показатели подпрограммы, а также следующие показатели государственной программы: доля продукции, произведенной субъектами малого и среднего предпринимательства, в общем объеме ВРП Приморского края; оборот продукции (услуг), производимой малыми предприятиями, в том числе микропредприятиями, и индивидуальными предпринимателями на территории Приморского края
A116: ='[1]Приложение № 6 (приложение №5)'!A165 -> 2.2.6. | B116: ='Приложение № 5'!#REF! -> #REF! | C116: 2014 | D116: 2020 | G116: повышение конкурентоспособности субъектов малого и среднего предпринимательства Приморского края в приоритетных сферах экономики
A117: 2.2.8. | B117: Финансовая поддержка муниципальных программ развития малого и среднего предпринимательства в виде предоставления субсидии бюджетам муниципальных образований, в том числе отнесенных к монопрофильным, на поддержку муниципальных программ развития малого и среднего предпринимательства | C117: 2013 | D117: 2020 | E117: 2013 | G117: повышение конкурентоспособности малых и средних предприятий Приморского края в приоритетных сферах экономики | H117: Реализация мероприятия в 2018 году не планируется.
A118: 2.2.9. | B118: Предоставление субсидий монопрофильным муниципальным образованиям в рамках реализации муниципальных программ (подпрограмм) развития малого и среднего предпринимательства | C118: 2017 | D118: 2021 | E118: 2017 | G118: Предоставление субсидий монопрофильным муниципальным образованиям за счет средств краевого и федерального бюджетов в рамках реализации муниципальных программ (подпрограмм) развития малого и среднего предпринимательства в общем объеме 12 916 600,0 руб. Оказание поддержки 6 субъектам малого и среднего предпринимательства. Создание не менее 6 новых рабочих мест субъектами малого и среднего предпринимательства, получившими государственную поддержку. | H118: В соответствии с распределением субсидий бюджетам монопрофильных муниципальных образований, утвержденным постановлением Администрации Приморского края от 20.03.2018 г. № 115-па, заключены соглашения с администрациями 4-х монопрофильных муниципальных образований края (Арсеньевский ГО, Дальнегорский ГО, ГО Спасск-Дальний, Лучегорское ГП) на получение субсидий из краевого бюджета в целях софинансирования муниципальных программ развития малого и среднего предпринимательства. В 2018 году бюджетам этих муниципальных образований были предоставлены субсидии в общем объеме 12 916 600,0 руб., в том числе: 4 000 000,0 руб. за счет средств краевого бюджета и 8 916 600,0 руб. за счет средств федерального бюджета. Данные средства направлены на поддержку 15 предпринимателям, в т.ч.: на возмещение части затрат по договорам лизинга (11 получателей), на субсидирование части затрат субъектов социального предпринимательства (4 получателя). Всего в моногородах предоставлены субсидии 16 субъектам малого предпринимательства на общую сумму 15 162 940,73 руб. за счет средств краевого, федерального и местных бюджетов. Субсидии были направлены на возмещение затрат лизинговых платежей по договорам финансовой аренды (лизинга) (11 получателей), субсидирование части затрат субъектов социального предпринимательства (4 получателя), а также на возмещение затрат по модернизации оборудования (1 получатель). | I118: 15 | K118: оказывает непосредственное влияние на все показатели подпрограммы, а также следующие показатели государственной программы: доля продукции, произведенной субъектами малого и среднего предпринимательства, в общем объеме ВРП Приморского края; оборот продукции (услуг), производимой малыми предприятиями, в том числе микропредприятиями, и индивидуальными предпринимателями на территории Приморского края
A119: 2.2.10. | B119: Предоставление субсидий субъектам малого и среднего предпринимательства на возмещение части затрат, связанных с созданием и (или) обеспечением деятельности центров молодежного инновационного творчества | C119: 2017 | D119: 2020 | G119: повышение конкурентоспособности субъектов малого и среднего предпринимательства Приморского края в приоритетных сферах экономики | H119: Реализация мероприятия в 2018 году не планируется.
A120: 2.3. | B120: Основное мероприятие "Формирование положительного образа предпринимателя, популяризация роли предпринимательства" | C120: 2013 | D120: 2021 | E120: 2013 | G120: С целью формирования положительного образа предпринимателя, популяризация роли предпринимательства в 2018 году запланировано проведение ежегодной краевой конференции предпринимателей Приморского края - 55 тысяч рублей. | H120: С целью формирования положительного образа предпринимателя, популяризация роли предпринимательства в 2018 году израсходовано - 55 тысяч рублей. (100%)
A121: 2.3.2. | B121: Организация и проведение: мероприятий по празднованию Дня российского предпринимателя; ежегодной краевой конференции предпринимателей | C121: 2014 | D121: 2020 | E121: 2014 | F121: 2020 | G121: запланировано проведение ежегодной краевой конференции предпринимателей Приморского края - 55 тысяч рублей. | H121: 23 ноября 2018 года состоялась ежегодная краевая конференция предпринимателей Приморского края «Бизнес у Моря». Целью конференции стало развитие сотрудничества власти и бизнеса в рамках реализации государственной политики в области развития малого и среднего предпринимательства. В Программе конференции проведено пленарное заседание, круглые столы по стратегическим инструментам регионального развития: СПВ, ТОРы, развитие экспортного потенциала Приморского края, перспективы и возможности для бизнеса, особенности работы на площадках промышленных парков, потенциал развития сферы гостеприимства в Приморье, практические аспекты участия бизнеса в государственных муниципальных закупках, обсуждение причин и последствий незаконного предпринимательства. Также состоялись секции, посвященные мерам поддержки социального предпринимательства, а также роли инновационного предпринимательства в развитии экономики региона. Для начинающих предпринимателей был организован круглый стол «Бизнес с нуля». В мероприятии приняли участие более 600 человек - представители государственных органов власти, федеральных и региональных институтов развития бизнеса, общественных объединений предпринимателей. | I121: 16 | K121: оказывает непосредственное влияние на все показатели подпрограммы, а также следующие показатели государственной программы: доля продукции, произведенной субъектами малого и среднего предпринимательства, в общем объеме ВРП Приморского края; оборот продукции (услуг), производимой малыми предприятиями, в том числе микропредприятиями, и индивидуальными предпринимателями на территории Приморского края
A122: 2.3.4. | B122: Осуществление информационной поддержки, в том числе: обеспечение функционирования страницы «Малый бизнес Приморья» официального сайта Администрации Приморского края в сети Интернет и регионального портала поддержки малого и среднего предпринимательства в сети Интернет; ведение реестра субъектов малого и среднего предпринимательства на официальном сайте Администрации Приморского края в сети Интернет | C122: 2013 | D122: 2021 | E122: 2013 | G122: Обеспечение функционирования страницы «Малый бизнес Приморья» официального сайта Администрации Приморского края и регионального портала поддержки малого и среднего предпринимательства в сети Интернет. Ведение реестра субъектов малого и среднего предпринимательства - получателей поддержки. | H122: Информационная поддержка малого и среднего предпринимательства осуществляется посредством функционирования Интернет-страницы «Малый бизнес Приморья» официального сайта Администрации Приморского края и регионального Портала поддержки малого и среднего предпринимательства, который регулярно обновляется и содержит актуальную информацию для субъектов малого и среднего предпринимательства. Ведется реестр субъектов МСП - получателей финансовой поддержки. | I122: 17 | K122: оказывает непосредственное влияние на все показатели подпрограммы, а также следующие показатели государственной программы: доля продукции, произведенной субъектами малого и среднего предпринимательства, в общем объеме ВРП Приморского края; оборот продукции (услуг), производимой малыми предприятиями, в том числе микропредприятиями, и индивидуальными предпринимателями на территории Приморского края
A123: 2.4. | B123: Основное мероприятие "Организация и проведение выборочного обследования (в форме анкетирования) субъектов малого и среднего предпринимательства, производящих и реализующих товары (работы, услуги), предназначенные для внутреннего рынка Российской Федерации и (или) экспорта, - получателей финансовой поддержки" | C123: 2013 | D123: 2021 | E123: 2013 | G123: В рамках порядка предоставления субсидий на софинансирование муниципальных программ развития малого и среднего предпринимательства запланировано проведение анкетирования 10% субъектов МСП - получателей субсидий за счет бюджетных средств. | H123: В рамках порядка предоставления субсидий на софинансирование муниципальных программ развития малого и среднего предпринимательства предусмотрено проведение анкетирования 10% субъектов МСП - получателей субсидий за счет бюджетных средств. Анкеты предоставлены от 4 монопрофильных муниципальных образований, представивших заявки на получение субсидий из краевого и федерального бюджетов в 2018 году. Всего представлено 11 анкет.
A124: 2.4.1. | B124: Сбор, анализ и систематизация данных в рамках проведения выборочного обследования субъектов малого и среднего предпринимательства, производящих и реализующих (работы, услуги), предназначенные для внутреннего рынка Российской Федерации и (или) экспорта, - получателей финансовой поддержки | C124: 2013 | D124: 2021 | E124: 2013 | G124: В рамках порядка предоставления субсидий на софинансирование муниципальных программ развития малого и среднего предпринимательства запланировано проведение анкетирования 10% субъектов МСП - получателей субсидий за счет бюджетных средств. | I124: 18 | K124: оказывает непосредственное влияние на все показатели подпрограммы, а также следующие показатели государственной программы: доля продукции, произведенной субъектами малого и среднего предпринимательства, в общем объеме ВРП Приморского края; оборот продукции (услуг), производимой малыми предприятиями, в том числе микропредприятиями, и индивидуальными предпринимателями на территории Приморского края
A125: ='[1]Приложение № 6 (приложение №5)'!A188 -> 3. | B125: Подпрограмма № 3 «Долгосрочное финансовое планирование и организация бюджетного процесса, совершенствование межбюджетных отношений в Приморском крае» на 2013 - 2021 годы | C125: 2013 | D125: 2020 | E125: 2013 | F125: 2020 | G125: В 2018 году на реализацию подпрограммы № 3 «Долгосрочное финансовое планирование и организация бюджетного процесса, совершенствование межбюджетных отношений в Приморском крае» (далее подпрограмма) в рамках государственной программы Приморского края «Экономическое развитие и инновационная экономика Приморского края» на 2013 – 2021 годы предусмотрено бюджетных ассигнований в объеме 2 753 261,65 тыс. рублей. Источниками финансового обеспечения подпрограммы являются средства федерального и краевого бюджетов, из них: за счет средств федерального бюджета предусмотрено 252 026,00 тыс. рублей; за счет средств краевого бюджета – 2 501 235,65 тыс. рублей. | H125: Результаты реализации подпрограммы: В 2018 году на реализацию подпрограммы № 3 «Долгосрочное финансовое планирование и организация бюджетного процесса, совершенствование межбюджетных отношений в Приморском крае» (далее подпрограмма) в рамках государственной программы Приморского края «Экономическое развитие и инновационная экономика Приморского края» на 2013 – 2021 годы предусмотрено бюджетных ассигнований в объеме 2 753 261,65 тыс. рублей. Источниками финансового обеспечения подпрограммы являются средства федерального и краевого бюджетов, из них: за счет средств федерального бюджета предусмотрено 252 026,00 тыс. рублей; за счет средств краевого бюджета – 2 501 235,65 тыс. рублей. Законами Приморского края от 19.10.2018 № № 362-КЗ, от 03.12.2018 № 396-КЗ внесены изменения в Закон Приморского края от 21.12.2017 № 218-КЗ «О краевом бюджете на 2018 год и плановый период 2019 и 2020 годов», в связи с чем уточнены расходы по подпрограмме №3. В ходе исполнения подпрограммы объем фактического исполнения по состоянию на 1 января 2019 года составил 2 579 213,91 тыс. рублей, что составило 93,7% от плановых назначений, утвержденных государственной программой на текущую дату без учета изменений, из них: за счет средств краевого бюджета – 2 327 187,91тыс. рублей. | I125: запланированные результаты достигнуты
A126: ='[1]Приложение № 6 (приложение №5)'!A189 -> 3.1. | B126: ='[1]Приложение № 6 (приложение №5)'!B189 -> Основное мероприятие «Управление бюджетным процессом в Приморском крае» | C126: 2013 | D126: 2020 | E126: 2013 | G126: На управление бюджетным процессом предусмотрено в соответствии с подпрограммой 134 528,27 тыс. рублей. | H126: На мероприятие "Управление бюджетным процессом" предусмотрено 134 528,27 тыс. рублей, фактическое исполнение составило 103 668,80 тыс. рублей | I126: 19
A127: ='[1]Приложение № 6 (приложение №5)'!A195 -> 3.1.1. | B127: ='[1]Приложение № 6 (приложение №5)'!B195 -> Руководство и управление в сфере установленных функций органов государственной власти Приморского края | C127: 2013 | D127: 2020 | E127: 2013 | G127: На мероприятие "Управление бюджетным процессом" предусмотрено 101938,27 тыс. рублей, | H127: На мероприятие "Управление бюджетным процессом "израсходовано 103 668,8 тыс. рублей, | I127: В соответствии с проектом постановления о внесении изменений в госпрограмму расходы по мероприятию «Управление бюджетным процессом» приведены в соответствии Закону ПК от 21.12.2017 № 218-КЗ «О краевом бюджете на 2018 год и плановый период 2019 и 2020 годов» ( в ред. от 03.12.2018 № 396-КЗ) С учетом проекта изменений в программу плановые назначения по данному мероприятию сокращены на 21 377,31 тыс. рублей и составили 114 150,96 тыс. рублей. Фактическое исполнение- 103 668,80 тыс. рублей (90,8 %). | K127: оказывает непосредственное влияние на все показатели подпрограммы
A128: ='[1]Приложение № 6 (приложение №5)'!A201 -> 3.1.2. | B128: ='[1]Приложение № 6 (приложение №5)'!B201 -> Расходы на совершенствование бюджетного процесса Приморского края | C128: 2013 | D128: 2020 | E128: 2013 | G128: На мероприятие "Расходы на совершенствование бюджетного процесса Приморского края" запланировано - 32590 тысяч рублей. | H128: На мероприятие "Расходы на совершенствование бюджетного процесса Приморского края" израсходовано - 0 тысяч рублей. | I128: Неисполнение по мероприятию «Расходы на совершенствование бюджетного процесса Приморского края» произошло в связи с тем, что запланированное департаментом финансов Приморского края приобретение автоматизированных систем финансово-экономического анализа было осуществлено централизованно краевым государственным казенным учреждением «Информационно-технологический центр». | K128: оказывает непосредственное влияние на все показатели подпрограммы
A129: 3.1.1.1 | B129: Контрольное событие: разработаны основные направления бюджетной и налоговой политики Приморского края на очередной финансовый год и плановый период, размещены на сайте департамента финансов Приморского края | C129: дата наступления контрольного события (месяц, год): июль 2015 г. июль 2016 г. июль 2017 г. июль 2018 г. июль 2019 г. июль 2020 г. | G129: разработаны основные направления бюджетной и налоговой политики Приморского края на очередной финансовый год и плановый период, размещены на сайте департамента финансов Приморского края
A130: 3.1.1.2. | B130: Контрольное событие: внесен в Законодательное Собрание Приморского края проект закона о краевом бюджете на очередной финансовый год и плановый период в программном формате | C130: дата наступления контрольного события (месяц, год): октябрь 2015 г. октябрь 2016 г. октябрь 2017 г. октябрь 2018 г. октябрь 2019 г. октябрь 2020 г. | G130: внесение в Законодательное Собрание Приморского края проекта закона о краевом бюджете на очередной финансовый год и плановый период в программном формате
A131: 3.1.1.3. | B131: Контрольное событие: внесен в Законодательное Собрание Приморского края проект закона Приморского края об исполнении краевого бюджета за отчетный год | C131: дата наступления контрольного события (месяц, год): май 2015 г. май 2016 г. май 2017 г. май 2018 г. май 2019 г. май 2020 г. | G131: внесение в Законодательное Собрание Приморского края проекта закона Приморского края об исполнении краевого бюджета за отчетный год
A132: 3.1.1.4. | B132: Контрольное событие: утвержден Администрацией Приморского края отчет об исполнении краевого бюджета за 1 квартал, полугодие, 9 месяцев текущего года | C132: дата наступления контрольного события (месяц, год): май, август, ноябрь 2015 г., май, август, ноябрь 2016 г., май, август, ноябрь 2017 г. май, август, ноябрь 2018 г. май, август, ноябрь 2019 г. май, август, ноябрь 2020 г. | G132: утверждение Администрацией Приморского края отчета об исполнении краевого бюджета за 1 квартал, полугодие, 9 месяцев текущего года
B133: Контрольное событие 1 разработаны основные направления бюджетной и налоговой политики Приморского края на очередной финансовый год и плановый период, размещены на сайте департамента финансов Приморского края | C133: дата наступления контрольного события (месяц, год): июль 2018 г. | G133: Основные направления бюджетной и налоговой политики Приморского края на очередной финансовый год и плановый период, размещены на сайте департамента финансов Приморского края | H133: Основные направления бюджетной и налоговой политики Приморского края на очередной финансовый год и плановый период, размещены на сайте департамента финансов Приморского края
B134: Контрольное событие 2 внесен в Законодательное собрание Приморского края проект закона о краевом бюджете на очередной финансовый год и плановый период в программном формате | C134: дата наступления контрольного события (месяц, год): октябрь 2018 г. | E134: 43395 | G134: Распоряжение Губернатора Приморского края от 22.10.2018 № 236-рг "О внесении на рассмотрение Законодательного Собрания Приморского края проекта закона Приморского края "О краевом бюджете на 2019 год и плановый период 2020 и 2021 годов" | H134: Распоряжение Губернатора Приморского края от 22.10.2018 № 236-рг "О внесении на рассмотрение Законодательного Собрания Приморского края проекта закона Приморского края "О краевом бюджете на 2019 год и плановый период 2020 и 2021 годов"
B135: Контрольное событие 3: внесен в Законодательное Собрание Приморского края проект закона Приморского края об исполнении краевого бюджета за отчетный год | C135: дата наступления контрольного события (месяц, год): май 2018 г.. | E135: 43234 | G135: Распоряжение Губернатора Приморского края от 14.05.2018 № 95-рг «О внесении на рассмотрение Законодательного Собрания Приморского края проекта закона Приморского края «Об исполнении краевого бюджета за 2017 год» | H135: Распоряжение Губернатора Приморского края от 14.05.2018 № 95-рг «О внесении на рассмотрение Законодательного Собрания Приморского края проекта закона Приморского края «Об исполнении краевого бюджета за 2017 год»
B136: Контрольное событие 4 утвержден Администрацией Приморского края отчет об исполнении краевого бюджета за 1 квартал, полугодие, 9 месяцев текущего года | C136: дата наступления контрольного события (месяц, год): май, август, ноябрь 2018 г. | E136: 43217 | G136: Распоряжение АПК от 27.04.2018 № 124-ра «Об утверждении отчета об исполнении краевого бюджета за 1 квартал 2018 года», распоряжение АПК от 06.08.2018 № 253-ра «Об утверждении отчета об исполнении краевого бюджета за 1 полугодие 2018 года» | H136: Распоряжение АПК от 27.04.2018 № 124-ра «Об утверждении отчета об исполнении краевого бюджета за 1 квартал 2018 года», распоряжение АПК от 06.08.2018 № 253-ра «Об утверждении отчета об исполнении краевого бюджета за 1 полугодие 2018 года»
A137: ='[1]Приложение № 6 (приложение №5)'!A207 -> 3.2. | B137: ='[1]Приложение № 6 (приложение №5)'!B207 -> Основное мероприятие «Совершенствование межбюджетных отношений в Приморском крае» | C137: 2013 | D137: 2020 | E137: 2013 | G137: На основное мероприятие «Совершенствование межбюджетных отношений в Приморском крае» предусмотрено 2 024 438,98 тыс. рублей, | H137: На основное мероприятие «Совершенствование межбюджетных отношений в Приморском крае» предусмотрено 2 024 438,98 тыс. рублей, исполнение составило 2 471 776,15 тыс. рублей.
A138: ='[1]Приложение № 6 (приложение №5)'!A224 -> 3.2.1. | B138: ='[1]Приложение № 6 (приложение №5)'!B224 -> Выравнивание бюджетной обеспеченности поселений | C138: 2013 | D138: 2020 | E138: 2013 | G138: На выравнивание бюджетной обеспеченности поселений в 2018 году запланировано - 51715,45 тысяч рублей. | H138: На выравнивание бюджетной обеспеченности поселений в 2018 году израсходовано- 51141,22 тысяч рублей.(98,8%) | I138: С учетом проекта изменений в программу плановые назначения по данному мероприятию составили 2 222 412,98 тыс. рублей. Исполнение составило 2 219 750,15 тыс. рублей (99,9%). В соответствии с проектом изменений в программу увеличены расходы на межбюджетные трансферты бюджетам муниципальных образований Приморского края на 450 000,00 тыс. рублей в целях обеспечения сбалансированности местных бюджетов | J138: 21 | K138: оказывает непосредственное влияние на все показатели подпрограммы
A139: ='[1]Приложение № 6 (приложение №5)'!A227 -> 3.2.2. | B139: ='[1]Приложение № 6 (приложение №5)'!B227 -> Выравнивание бюджетной обеспеченности муниципальных районов (городских округов) | C139: 2013 | D139: 2020 | E139: 2013 | G139: На выравнивание бюджетной обеспеченности муниципальных районов (городских округов) в 2018 году запланировано - 1 018 620,07 тысяч рублей. | H139: На выравнивание бюджетной обеспеченности муниципальных районов (городских округов) в 2018 году израсходовано - 1018272,0 тысяч рублей (99,9%) | J139: 22 | K139: оказывает непосредственное влияние на все показатели подпрограммы
A140: ='[1]Приложение № 6 (приложение №5)'!A230 -> 3.2.3. | B140: ='[1]Приложение № 6 (приложение №5)'!B230 -> Обеспечение сбалансированности бюджетов муниципальных образований | C140: 2013 | D140: 2020 | E140: 2013 | G140: На обеспечение сбалансированности бюджетов муниципальных образований в 2018 году запланировано- 400000 тысяч рублей. | H140: На обеспечение сбалансированности бюджетов муниципальных образований в 2018 году израсходовано - 850000 тысяч рублей. (215%) | J140: 23 | K140: оказывает непосредственное влияние на все показатели подпрограммы
A141: ='[1]Приложение № 6 (приложение №5)'!A233 -> 3.2.4. | B141: ='[1]Приложение № 6 (приложение №5)'!B233 -> Поощрение за достигнутые результаты в работе по повышению качества управления бюджетным процессом органами местного самоуправления | C141: 2013 | D141: 2020 | E141: 2013 | G141: На поощрение за достигнутые результаты в работе по повышению качества управления бюджетным процессом органами местного самоуправления в 2018 году запланировано - 10000 тысяч рублей | H141: Поощрение за достигнутые результаты в работе по повышению качества управления бюджетным процессом органами местного самоуправления составило 10000 тысяч рублей (100%) | J141: 24 | K141: оказывает непосредственное влияние на все показатели подпрограммы
A142: ='[1]Приложение № 6 (приложение №5)'!A236 -> 3.2.5. | B142: ='[1]Приложение № 6 (приложение №5)'!B236 -> Выравнивание бюджетной обеспеченности поселений, входящих в состав муниципальных районов | C142: 2013 | D142: 2020 | E142: 2013 | G142: На выравнивание бюджетной обеспеченности поселений, входящих в состав муниципальных районов в 2018 году запланировано - 292077,46 тысяч рублей. | H142: На выравнивание бюджетной обеспеченности поселений, входящих в состав муниципальных районов в 2018 году направлено - 290336,92 тысячи рублей. (99,4%) | J142: 25 | K142: оказывает непосредственное влияние на все показатели подпрограммы
A143: ='[1]Приложение № 6 (приложение №5)'!A239 -> 3.2.6. | B143: ='[1]Приложение № 6 (приложение №5)'!B239 -> Создание условий для устойчивого исполнения бюджетов закрытых административно-территориальных образований | C143: 2013 | D143: 2020 | E143: 2013 | G143: На создание условий для устойчивого исполнения бюджетов закрытых административно-территориальных образований в 2018 году запланировано - 252026,0 тысяч рублей | H143: На создание условий для устойчивого исполнения бюджетов закрытых административно-территориальных образований в 2018 году израсходовано - 252026,0 тысяч рублей (100%) | J143: 26 | K143: оказывает непосредственное влияние на все показатели подпрограммы
A144: 3.2.2.1. | B144: Контрольное событие: внесен в Законодательное Собрание Приморского края проект закона Приморского края «О внесении изменений в Закон Приморского края от 02.08.2005 № 271-КЗ «О бюджетном устройстве, бюджетном процессе и межбюджетных отношениях в Приморском крае» | C144: дата наступления контрольного события (месяц, год): декабрь 2015 г. | G144: внесение в Законодательное Собрание Приморского края проекта закона Приморского края «О внесении изменений в Закон Приморского края от 02.08.2005 № 271-КЗ «О бюджетном устройстве, бюджетном процессе и межбюджетных отношениях в Приморском крае»
...

Sheet Приложение 3
A2: ОТЧЕТ
A3: о выполнении показателей государственных заданий на оказание государственных услуг (выполнение работ) краевыми государственными учреждениями в рамках государственной программы Приморского края
A4: "Экономическое развитие и инновационная экономика Приморского края" на 2013 - 2021 годы
A5: (наименование государственной программы)
A6: за 2018 год
A8: № п/п | B8: Наименование государственной услуги (работы) | C8: Значение показателя объема государственной услуги (работы) | E8: Расходы краевого бюджета на оказание государственной услуги (выполнение работы) (тыс. руб.)
C9: план | D9: факт | E9: сводная бюджетная роспись на 1 января отчетного года | F9: сводная бюджетная роспись на 31 декабря отчетного года | G9: кассовое исполнение
A10: 1 | B10: 2 | C10: 3 | D10: 4 | E10: 5 | F10: 6 | G10: 7
A11: № | B11: Наименование государственной услуги (работы) | C11: Значение показателя объема государственной услуги (работы) | E11: Расходы краевого бюджета на оказание государственной услуги (выполнение работы) (тыс. руб.)
C12: план | D12: факт | E12: сводная бюджетная роспись на 1 января отчетного года | F12: сводная бюджетная роспись на 31 декабря отчетного года | G12: кассовое исполнение
A13: 1 | B13: 2 | C13: 3 | D13: 4 | E13: 5 | F13: 6 | G13: 7
A14: 6. | B14: Содержание (эксплуатация) имущества, находящегося в государственной (муниципальной) собственности) | C14: =C14:G22 -> 0 | E14: 471203.78 | F14: 448488.67 | G14: 443362.56
B15: Содержание, ремонт, охрана объектов от пожаров, эксплуатация зданий, содержание имущества, используемого органами власти (тыс. кв. м.) | C15: 329.52 | D15: 332.05
A16: 7. | B16: Организация и осуществление транспортного обслуживания должностных лиц в случаях, установленных нормативными правовыми актами Российской Федерации, субъектов Российской Федерации, органов местного самоуправления) | E16: 207819.97 | F16: 229713.31 | G16: 224212.71
B17: Обеспечение транспортного обслуживания органов власти (машино-часы) | C17: 270000 | D17: 302847.5
A18: 9. | B18: Административное обеспечение деятельности организации) | E18: 73443.98 | F18: 89828.279 | G18: 81681.075
B19: Материально-техническое обеспечение деятельности органов власти (количество отчетов) | C19: 4 | D19: 4
A20: 13. | B20: Обеспечение проведения мероприятий) | E20: 30277.5 | F20: 9888.634 | G20: 8920.4034
B21: Материально-техническое обеспечение мероприятий, проводимых органами власти (количество проведенных мероприятий) | C21: 22 | D21: 28
A22: 20. | B22: Сбор, обработка, систематизация и накопление информации, необходимой для определения кадастровой стоимости объектов капитального строительства | C22: 1320545 | D22: 1320545 | E22: 63993.29 | F22: 63313.11 | G22: 54811.23
A23: Итого | E23: =E22+E21+E20+E19+E18+E17+E16+E15+E14 -> 846738.52 | F23: =F22+F21+F20+F19+F18+F17+F16+F15+F14 -> 841232 | G23: =G22+G21+G20+G19+G18+G17+G16+G15+G14 -> 812987.98

Sheet Приложение № 4
H1: Приложение № 12
A3: Отчет
A4: о расходовании бюджетных ассигнований краевого бюджета на реализацию государственной программы Приморского края (тыс. руб.) "Экономическое развитие и инновационная экономика Приморского края" на 2013 - 2021 годы за 2018 год
A7: № п/п | B7: Наименование подпрограммы, программы, принятой (принимаемой) в соответствии с требованиями федерального законодательства в сфере реализации государственной программы, отдельного мероприятия | C7: Ответственный исполнитель, соисполнители | D7: Код бюджетной классификации | H7: Оценка расходов в соответствии с программой | I7: Объем бюджетных ассигнований краевого бюджета (тыс. руб.)
D8: ГРБС | E8: Рз Пр | F8: ЦСР | G8: ВР | I8: сводная бюджетная роспись, план на 1 января отчетного года | J8: сводная бюджетная роспись на отчетную дату | K8: кассовое исполнение
A9: 1 | B9: 2 | C9: 3 | D9: 4 | E9: 5 | F9: 6 | G9: 7 | H9: 11 | I9: 12 | J9: 13 | K9: 14 | L9: ='Приложение № 5'!F16 -> 3971929.5
B10: Государственная программа Приморского края «Экономическое развитие и инновационная экономика Приморского края» на 2013 - 2021 годы | C10: всего | D10: Х | E10: Х | F10: Х | G10: Х | H10: =SUM(H11:H19) -> #REF! | I10: =I11+I12+I13+I14+I15+I16+I17+I18+I19 -> 4578083.1 | J10: =J11+J12+J13+J14+J15+J16+J17+J18+J19 -> 4285219.4 | K10: =K11+K12+K13+K14+K15+K16+K17+K18+K19 -> 3971929.5 | L10: =L11+L12+L13+L14+L15+L16+L17+L18+L19 -> 3971929.5 | M10: =[3]Лист2!$H$21 -> 3.868
C11: департамент экономики и развития предпринимательства Приморского края | D11: 784 | E11: Х | F11: Х | G11: Х | H11: =SUM(H21,H135) -> 107021.61 | I11: =I21+I135 -> 150128.63 | J11: =J21+J135 -> 179390.76 | K11: =K21+K135 -> 176705.98 | L11: ='Приложение № 5'!F17 -> 176705.98
C12: департамент промышленности Приморского края | D12: 794 | E12: Х | F12: Х | G12: Х | H12: =SUM(H22) -> 200000 | I12: =SUM(I22) -> 0 | J12: =SUM(J22) -> 0 | K12: =SUM(K22) -> 0 | L12: ='Приложение № 5'!F18 -> 0
C13: департамент финансов Приморского края | D13: 752 | E13: Х | F13: Х | G13: Х | H13: =H150 -> #REF! | I13: =I150 -> 2771203.3 | J13: =J150 -> 2516653.9 | K13: =K150 -> 2327187.9 | L13: ='Приложение № 5'!F19 -> 2327187.9
C14: департамент земельных и имущественных отношений Приморского края | D14: 779 | E14: Х | F14: Х | G14: Х | H14: =SUM(H206) -> 1618765.5 | I14: =I206 -> 1618765.5 | J14: =J206 -> 1550125.8 | K14: =K206 -> 1439001.9 | L14: ='Приложение № 5'!F20 -> 1439001.9
C15: департамент внутренней политики Приморского края | D15: =D224 -> 789 | E15: =E224 -> Х | F15: =F224 -> Х | G15: =G224 -> Х | H15: =SUM(H224) -> 23760 | I15: =I224 -> 23460 | J15: =J224 -> 23460 | K15: =K224 -> 14480 | L15: ='Приложение № 5'!F21 -> 14480
C16: =C225 -> департамент по координации правоохранительной деятельности, исполнения административного законодательства и обеспечения деятельности мировых судей Приморского края | D16: =D225 -> 785 | E16: =E225 -> Х | F16: =F225 -> Х | G16: =G225 -> Х | H16: =H225 -> 600 | I16: =I225 -> 600 | J16: =J225 -> 600 | K16: =K225 -> 0 | L16: ='Приложение № 5'!F22 -> 0
C17: =C125 -> департамент проектного управления Приморского края | D17: =D125 -> 798 | E17: =E226 -> Х | F17: =F226 -> Х | G17: =G226 -> Х | H17: =H123 -> 12845.03 | I17: =I23 -> 13925.8 | J17: =J23 -> 14988.9 | K17: =K23 -> 14553.7 | L17: ='Приложение № 5'!F23 -> 14553.7
C18: =C227 -> департамент информатизации и телекоммуникаций Приморского края | D18: 755 | E18: =E227 -> Х | F18: =F227 -> Х | G18: =G227 -> Х | H18: =H227 -> 0 | I18: =I227 -> 0 | J18: =J227 -> 0 | K18: =K227 -> 0
C19: =C228 -> департамент информационной политики Приморского края | D19: 771 | E19: =E228 -> Х | F19: =F228 -> Х | G19: =G228 -> Х | H19: =H228 -> 0 | I19: =I228 -> 0 | J19: =J228 -> 0 | K19: =K228 -> 0
A20: ='[1]Приложение № 7 (приложение № 6)'!A27 -> 1. | B20: Подпрограмма № 1 «Улучшение инвестиционного климата в Приморском крае» на 2013-2021 годы | C20: всего | D20: Х | E20: Х | F20: Х | G20: Х | H20: =SUM(H21:H23) -> 282211.64 | I20: =I21+I22+I23 -> 126399.43 | J20: =J21+J22+J23 -> 156724.66 | K20: =K21+K22+K23 -> 153604.68
C21: департамент экономики и развития предпринимательства Приморского края | D21: 784 | E21: Х | F21: Х | G21: Х | H21: =SUM(H26,H56,H60,H78,H96,H116,H124,H132) -> 69366.61 | I21: =I26+I51+I116+I124+I132 -> 112473.63 | J21: =J26+J51+J116+J124+J132 -> 141735.76 | K21: =K26+K51+K116+K124+K132 -> 139050.98
C22: департамент промышленности Приморского края | D22: 794 | E22: Х | F22: Х | G22: Х | H22: =H51 -> 200000 | I22: =I51 -> 0 | J22: =J51 -> 0 | K22: =K51 -> 0
C23: департамент проектного управления Приморского края | D23: 798 | E23: Х | F23: Х | G23: Х | H23: =SUM(H123) -> 12845.03 | I23: =I126 -> 13925.8 | J23: =J126 -> 14988.9 | K23: =K126 -> 14553.7
A24: ='[1]Приложение № 7 (приложение № 6)'!A36 -> 1.1. | B24: ='[2]Приложение № 7 (приложение № 6)'!B36 -> Основное мероприятие «Создание благоприятных условий для привлечения инвестиций в экономику Приморского края» | C24: департамент экономики и развития предпринимательства Приморского края | D24: 784 | E24: Х | F24: Х | G24: Х
D26: 784 | E26: 0412 | F26: 17 1 01 00000 | G26: Х | H26: =SUM(H27,H28,H29,H30,H32,H34,H35,H37,H38,H39,H41,H42,H44,H45,H47,H48) -> 30317.14 | I26: =SUM(I27,I28,I29,I30,I32,I34,I35,I37,I38,I39,I41,I42,I44,I45,I47,I48) -> 29000 | J26: =SUM(J27,J28,J29,J30,J32,J34,J35,J37,J38,J39,J41,J42,J44,J45,J47,J48) -> 58678.8 | K26: =SUM(K27,K28,K29,K30,K32,K34,K35,K37,K38,K39,K41,K42,K44,K45,K47,K48) -> 58678.8
A27: ='[1]Приложение № 7 (приложение № 6)'!A43 -> 1.1.1. | B27: ='[2]Приложение № 7 (приложение № 6)'!B43 -> Предоставление автономной некоммерческой организации (далее - АНО) «Агентство по привлечению инвестиций в Приморский край» субсидии из краевого бюджета на осуществление уставной деятельности | C27: департамент экономики и развития предпринимательства Приморского края | D27: 784 | E27: 0412 | F27: 5225440 | G27: 630 | H27: ='[1]Приложение № 7 (приложение № 6)'!H45 -> 0 | I27: ='[1]Приложение № 7 (приложение № 6)'!I45 -> 0 | J27: ='[1]Приложение № 7 (приложение № 6)'!J45 -> 0 | K27: ='[1]Приложение № 7 (приложение № 6)'!K45 -> 0
A28: ='[1]Приложение № 7 (приложение № 6)'!A50 -> 1.1.2. | B28: ='[2]Приложение № 7 (приложение № 6)'!B50 -> Предоставление АНО «Инвестиционное Агентство Приморского края» субсидии из краевого бюджета на осуществление уставной деятельности | C28: департамент экономики и развития предпринимательства Приморского края | D28: 784 | E28: 0412 | F28: 1716047 | G28: 630
D29: 784 | E29: 0412 | F29: 17 1 01 61340 | G29: 630 | H29: ='[1]Приложение № 7 (приложение № 6)'!H52 -> 29000 | I29: 29000 | J29: 58678.8 | K29: 58678.8
A30: ='[1]Приложение № 7 (приложение № 6)'!A57 -> 1.1.3. | B30: ='[2]Приложение № 7 (приложение № 6)'!B57 -> Организация ежегодного Тихоокеанского экономического конгресса | C30: департамент экономики и развития предпринимательства Приморского края | D30: 784 | E30: 0412 | F30: 5225430 | G30: 012 | H30: ='[1]Приложение № 7 (приложение № 6)'!H59 -> 0 | I30: ='[1]Приложение № 7 (приложение № 6)'!I59 -> 0 | J30: ='[1]Приложение № 7 (приложение № 6)'!J59 -> 0 | K30: ='[1]Приложение № 7 (приложение № 6)'!K59 -> 0
D31: 784 | E31: 0412 | F31: 1712136 | G31: 244
A32: ='[1]Приложение № 7 (приложение № 6)'!A64 -> 1.1.4. | B32: ='[2]Приложение № 7 (приложение № 6)'!B64 -> Организация работы по оценке инвестиционной привлекательности Приморского края в рейтинговых исследованиях российских и зарубежных рейтинговых агентств | C32: департамент экономики и развития предпринимательства Приморского края | D32: 784 | E32: 0412 | F32: 5225410 | G32: 012
D33: 784 | E33: 0412 | F33: 1712137 | G33: 244
D34: 784 | E34: 0412 | F34: 17 1 01 22600 | G34: 244 | H34: ='[1]Приложение № 7 (приложение № 6)'!H66 -> 0 | I34: 0 | J34: 0 | K34: ='[1]Приложение № 7 (приложение № 6)'!K66 -> 0
A35: ='[1]Приложение № 7 (приложение № 6)'!A71 -> 1.1.5. | B35: ='[2]Приложение № 7 (приложение № 6)'!B71 -> Создание и программное сопровождение многоязычного интернет-портала об инвестиционной деятельности в Приморском крае | C35: департамент экономики и развития предпринимательства Приморского края; | D35: 784 | E35: 0412 | F35: 5225410 | G35: 012
D36: 784 | E36: 0412 | F36: 1712137 | G36: 244
D37: 784 | E37: 0412 | F37: 17 1 01 22610 | G37: 244 | H37: ='[1]Приложение № 7 (приложение № 6)'!H73 -> 0 | I37: ='[1]Приложение № 7 (приложение № 6)'!I73 -> 0 | J37: ='[1]Приложение № 7 (приложение № 6)'!J73 -> 0 | K37: ='[1]Приложение № 7 (приложение № 6)'!K73 -> 0
C38: департамент информатизации и телекоммуникаций Приморского края | D38: 755 | E38: Х | F38: Х | G38: Х | H38: 0 | I38: 0 | J38: 0 | K38: 0
A39: ='[1]Приложение № 7 (приложение № 6)'!A78 -> 1.1.6. | B39: ='[2]Приложение № 7 (приложение № 6)'!B78 -> Разработка и издание печатного материала «Инвестиционный паспорт Приморского края» | C39: департамент экономики и развития предпринимательства Приморского края | D39: 784 | E39: 0412 | F39: 5225410 | G39: 012
D40: 784 | E40: 0412 | F40: 1712137 | G40: 244
D41: 784 | E41: 0412 | F41: 17 1 01 22620 | G41: 244 | H41: ='[1]Приложение № 7 (приложение № 6)'!H80 -> 0 | I41: ='[1]Приложение № 7 (приложение № 6)'!I80 -> 0 | J41: ='[1]Приложение № 7 (приложение № 6)'!J80 -> 0 | K41: ='[1]Приложение № 7 (приложение № 6)'!K80 -> 0
A42: ='[1]Приложение № 7 (приложение № 6)'!A85 -> 1.1.7. | B42: ='[2]Приложение № 7 (приложение № 6)'!B85 -> Разработка и издание печатного материала «Каталог инвестиционных проектов Приморского края» | C42: департамент экономики и развития предпринимательства Приморского края | D42: 784 | E42: 0412 | F42: 5225410 | G42: 012
D43: 784 | E43: 0412 | F43: 1712137 | G43: 244
D44: 784 | E44: 0412 | F44: 17 1 01 22630 | G44: 244 | H44: ='[1]Приложение № 7 (приложение № 6)'!H87 -> 0 | I44: ='[1]Приложение № 7 (приложение № 6)'!I87 -> 0 | J44: ='[1]Приложение № 7 (приложение № 6)'!J87 -> 0 | K44: ='[1]Приложение № 7 (приложение № 6)'!K87 -> 0
A45: ='[1]Приложение № 7 (приложение № 6)'!A92 -> 1.1.8. | B45: ='[2]Приложение № 7 (приложение № 6)'!B92 -> Создание (строительство, реконструкция) объектов инфраструктуры для краевых государственных нужд, необходимой для обеспечения функционирования инвестиционных проектов Приморского края | C45: департамент экономики и развития предпринимательства Приморского края | D45: 784 | E45: 0412 | F45: 5225420 | G45: 003
D46: 784 | E46: 0412 | F46: 1714053 | G46: 414
D47: 784 | E47: 0412 | F47: 17 1 01 40530 | G47: 414 | H47: ='[1]Приложение № 7 (приложение № 6)'!H94 -> 1317.14 | I47: 0 | J47: 0 | K47: ='[1]Приложение № 7 (приложение № 6)'!K94 -> 0
A48: ='[1]Приложение № 7 (приложение № 6)'!A99 -> 1.1.9. | B48: ='[2]Приложение № 7 (приложение № 6)'!B99 -> Обеспечение открытого информационного пространства инвестиционной деятельности | C48: департамент экономики и развития предпринимательства Приморского края; | D48: 784 | E48: Х | F48: Х | G48: Х | H48: ='[1]Приложение № 7 (приложение № 6)'!H101 -> 0 | I48: ='[1]Приложение № 7 (приложение № 6)'!I101 -> 0 | J48: ='[1]Приложение № 7 (приложение № 6)'!J101 -> 0 | K48: ='[1]Приложение № 7 (приложение № 6)'!K101 -> 0
C49: департамент информатизации и телекоммуникаций Приморского края | D49: 755 | E49: Х | F49: Х | G49: Х
A50: ='[1]Приложение № 7 (приложение № 6)'!A106 -> 1.2. | B50: ='[2]Приложение № 7 (приложение № 6)'!B106 -> Основное мероприятие «Развитие особых экономических зон» | C50: департамент промышленности Приморского края | D50: 794 | E50: Х | F50: Х | G50: Х
D51: 794 | E51: 0412 | F51: 17 1 02 00000 | G51: Х | H51: =SUM(H53,H54) -> 200000 | I51: =SUM(I53,I54) -> 0 | J51: =SUM(J53,J54) -> 0 | K51: =SUM(K53,K54) -> 0
A52: ='[1]Приложение № 7 (приложение № 6)'!A113 -> 1.2.1. | B52: ='[2]Приложение № 7 (приложение № 6)'!B113 -> Взнос в уставный капитал акционерного общества «Владивосток Индастриал Сервис» в целях создания инновационной, инженерной, транспортной, социльной и иной инфраструктуры особой экономической зоны промышленно-производственнго типа в городе Владивостоке | C52: департамент промышленности Приморского края | D52: 794 | E52: 0412 | F52: 1714099 | G52: 451
D53: 794 | E53: 0412 | F53: 17 1 02 40990 | G53: 451 | H53: ='[1]Приложение № 7 (приложение № 6)'!H115 -> 200000 | I53: 0 | J53: 0 | K53: 0
A54: ='[1]Приложение № 7 (приложение № 6)'!A120 -> 1.3. | B54: ='[2]Приложение № 7 (приложение № 6)'!B120 -> Основное мероприятие «Содействие развитию моногородов» | C54: департамент экономики и развития предпринимательства Приморского края | D54: 784 | E54: 0412 | F54: Х | G54: Х
D56: 784 | E56: 0412 | F56: 17 1 03 00000 | G56: 521 | H56: =SUM(H59,H61) -> 0 | I56: =SUM(I59,I61) -> 0 | J56: =SUM(J59,J61) -> 0 | K56: =SUM(K59,K61) -> 0
A57: ='[1]Приложение № 7 (приложение № 6)'!A127 -> 1.3.1. | B57: ='[2]Приложение № 7 (приложение № 6)'!B127 -> Предоставление субсидий из краевого бюджета бюджетам монопрофильных муниципальных образований Приморского края на реализацию мероприятий по поддержке и развитию социальной и инженерной инфраструктуры комплексных инвестиционных планов модернизации мо | C57: департамент экономики и развития предпринимательства Приморского края | D57: 784 | E57: 0412 | F57: 5230002 | G57: 010
D58: 784 | E58: 0412 | F58: 1719243 | G58: 521
D59: 784 | E59: 0412 | F59: 17 1 03 92430 | G59: 521 | H59: ='[1]Приложение № 7 (приложение № 6)'!H129 -> 0 | I59: ='[1]Приложение № 7 (приложение № 6)'!I129 -> 0 | J59: ='[1]Приложение № 7 (приложение № 6)'!J129 -> 0 | K59: ='[1]Приложение № 7 (приложение № 6)'!K129 -> 0
A60: ='[1]Приложение № 7 (приложение № 6)'!A134 -> 1.4. | B60: ='[2]Приложение № 7 (приложение № 6)'!B134 -> Основное мероприятие «Повышение качества оценки регулирующего воздействия нормативных правовых актов и их проектов | C60: департамент экономики и развития предпринимательства Приморского края | D60: 784 | E60: Х | F60: Х | G60: Х
D62: 784 | E62: Х | F62: 17 1 04 00000 | G62: Х | H62: ='[1]Приложение № 7 (приложение № 6)'!H138 -> 0 | I62: ='[1]Приложение № 7 (приложение № 6)'!I138 -> 0 | J62: ='[1]Приложение № 7 (приложение № 6)'!J138 -> 0 | K62: ='[1]Приложение № 7 (приложение № 6)'!K138 -> 0
A78: ='[1]Приложение № 7 (приложение № 6)'!A141 -> 1.4.1. | B78: ='[2]Приложение № 7 (приложение № 6)'!B141 -> Повышение качества регуляторной среды для бизнеса | C78: департамент экономики и развития предпринимательства Приморского края; | D78: 784 | E78: Х | F78: Х | H78: 0 | I78: 0 | J78: 0 | K78: 0
A96: ='[1]Приложение № 7 (приложение № 6)'!A148 -> 1.5. | B96: ='[2]Приложение № 7 (приложение № 6)'!B148 -> Основное мероприятие «Создание благоприятной конкурентной среды» | C96: департамент экономики и развития предпринимательства Приморского края | D96: 784 | E96: Х | F96: Х | G96: Х
D98: 784 | E98: Х | F98: 1710500000 | G98: Х | H98: =SUM(H117) -> 0 | I98: =SUM(I117) -> 0 | J98: =SUM(J117) -> 0 | K98: =SUM(K117) -> 0
A114: ='[1]Приложение № 7 (приложение № 6)'!A155 -> 1.5.1. | B114: ='[2]Приложение № 7 (приложение № 6)'!B155 -> Мониторинг состояния и развития конкурентной среды на рынках товаров и услуг края | C114: департамент экономики и развития предпринимательства Приморского края | D114: 784 | E114: Х | F114: Х | G114: Х | H114: ='[1]Приложение № 7 (приложение № 6)'!H157 -> 0 | I114: ='[1]Приложение № 7 (приложение № 6)'!I157 -> 0 | J114: ='[1]Приложение № 7 (приложение № 6)'!J157 -> 0 | K114: ='[1]Приложение № 7 (приложение № 6)'!K157 -> 0
A115: ='[1]Приложение № 7 (приложение № 6)'!A162 -> 1.6. | B115: ='[2]Приложение № 7 (приложение № 6)'!B162 -> Основное мероприятие «Развитие государственного стратегического планирования» | C115: департамент экономики и развития предпринимательства Приморского края | D115: 784 | E115: 0113 | F115: Х | G115: Х
D116: 784 | E116: 0113 | F116: 1710600000 | H116: =SUM(H119,H120,H121) -> 38220.06 | I116: =SUM(I119,I120,I121) -> 42644.23 | J116: =SUM(J119,J120,J121) -> 46943.61 | K116: =SUM(K119,K120,K121) -> 44258.82
A117: ='[1]Приложение № 7 (приложение № 6)'!A169 -> 1.6.1. | B117: ='[2]Приложение № 7 (приложение № 6)'!B169 -> Руководство и управление в сфере установленных функций органов государственной власти Приморского края | C117: департамент экономики и развития предпринимательства Приморского края | D117: 784 | E117: 0113 | F117: 0020400 | G117: 012
D118: 784 | E118: 0113 | F118: 1791003 | G118: 120, 240, 850
D119: 784 | E119: 0113 | F119: 17 1 06 10030 | G119: 120, 240, 850 | H119: ='[2]Приложение № 7 (приложение № 6)'!H171 -> 38220.06 | I119: 42644.23 | J119: 46943.61 | K119: 44258.82 | N119: =K119/J119 -> 0.94280819
A120: ='[1]Приложение № 7 (приложение № 6)'!A176 -> 1.6.2. | B120: ='[2]Приложение № 7 (приложение № 6)'!B176 -> Информационно-техническое сопровождение реализации государственной программы | C120: департамент экономики и развития предпринимательства Приморского края | D120: 784 | E120: Х | F120: Х | G120: Х | H120: ='[1]Приложение № 7 (приложение № 6)'!H178 -> 0 | I120: ='[1]Приложение № 7 (приложение № 6)'!I178 -> 0 | J120: ='[1]Приложение № 7 (приложение № 6)'!J178 -> 0 | K120: ='[1]Приложение № 7 (приложение № 6)'!K178 -> 0 | N120: =K120/J120 -> #DIV/0!
A121: ='[1]Приложение № 7 (приложение № 6)'!A183 -> 1.6.3. | B121: ='[2]Приложение № 7 (приложение № 6)'!B183 -> Нормативно-правовое обеспечение создания условий для устойчивого экономического роста в Приморском крае | C121: департамент экономики и развития предпринимательства Приморского края | D121: 784 | E121: Х | F121: Х | G121: Х | H121: ='[1]Приложение № 7 (приложение № 6)'!H185 -> 0 | I121: ='[1]Приложение № 7 (приложение № 6)'!I185 -> 0 | J121: ='[1]Приложение № 7 (приложение № 6)'!J185 -> 0 | K121: ='[1]Приложение № 7 (приложение № 6)'!K185 -> 0 | N121: =K121/J121 -> #DIV/0!
A122: ='[1]Приложение № 7 (приложение № 6)'!A190 -> 1.7. | B122: ='[2]Приложение № 7 (приложение № 6)'!B190 -> Основное мероприятие «Реализация механизмов стратегического управления социально-экономическим развитием Приморского края» | C122: департамент проектного управления Приморского края | D122: 798 | E122: Х | F122: Х | G122: Х | N122: =K122/J122 -> #DIV/0!
D123: 798 | E123: Х | F123: 1710700000 | G123: Х | H123: =SUM(H126,H128,H130) -> 12845.03 | I123: =I126 -> 13925.8 | J123: =J126 -> 14988.9 | K123: =K126 -> 14553.7
C124: департамент экономики и развития предпринимательства Приморского края | D124: 784 | E124: Х | F124: 1710700000 | G124: Х | H124: 0 | I124: =I130 -> 40000 | J124: =J130 -> 35283.955 | K124: =K130 -> 35283.955
A125: ='[1]Приложение № 7 (приложение № 6)'!A198 -> 1.7.1. | B125: ='[2]Приложение № 7 (приложение № 6)'!B198 -> Руководство и управление в сфере установленных функций органов государственной власти Приморского края | C125: департамент проектного управления Приморского края | D125: 798 | E125: 0113 | F125: 1791003 | G125: 120, 240, 850 | N125: =K125/J125 -> #DIV/0!
D126: 798 | E126: 113 | F126: 17 1 07 10030 | G126: 120, 240, 851 | H126: ='[1]Приложение № 7 (приложение № 6)'!H200 -> 12845.03 | I126: 13925.8 | J126: 14988.9 | K126: 14553.7 | N126: =K126/J126 -> 0.97096518
A127: ='[1]Приложение № 7 (приложение № 6)'!A205 -> 1.7.2. | B127: ='[2]Приложение № 7 (приложение № 6)'!B205 -> Разработка технического задания проекта стратегии социально-экономического развития Приморского края | C127: департамент экономики и развития предпринимательства Приморского края | D127: 784 | E127: 0412 | F127: 1792220 | G127: 244
D128: 784 | E128: 0412 | F128: 17 1 7 22200 | G128: 244 | H128: ='[1]Приложение № 7 (приложение № 6)'!H207 -> 0 | I128: 0 | J128: 0 | K128: 0
A129: ='[1]Приложение № 7 (приложение № 6)'!A212 -> 1.7.3. | B129: ='[2]Приложение № 7 (приложение № 6)'!B212 -> Разработка проекта стратегии социально-экономического развития Приморского края | C129: департамент экономики и развития предпринимательства Приморского края | D129: 784 | E129: 0412 | F129: 1792221 | G129: 244
D130: 784 | E130: 0412 | F130: 17 1 07 22210 | G130: 244 | H130: ='[1]Приложение № 7 (приложение № 6)'!H214 -> 0 | I130: 40000 | J130: 35283.955 | K130: 35283.955 | N130: =K130/J130 -> 1
A131: ='[1]Приложение № 7 (приложение № 6)'!A219 -> 1.8. | B131: ='[2]Приложение № 7 (приложение № 6)'!B219 -> Основное мероприятие «Обеспечение выполнения комплекса работ по реализации плана статистических работ» | C131: департамент экономики и развития предпринимательства Приморского края | D131: 784 | E131: 0412 | F131: Х | G131: Х | N131: =K131/J131 -> #DIV/0!
D132: 784 | E132: 0412 | F132: 1710800000 | G132: Х | H132: =SUM(H134) -> 829.41 | I132: =SUM(I134) -> 829.4 | J132: =SUM(J134) -> 829.4 | K132: =SUM(K134) -> 829.4
A133: ='[1]Приложение № 7 (приложение № 6)'!A226 -> 1.8.1. | B133: ='[2]Приложение № 7 (приложение № 6)'!B226 -> Формирование и получение экономико-статистической информации | C133: департамент экономики и развития предпринимательства Приморского края | D133: 784 | E133: 0412 | F133: 1792222 | G133: 244 | N133: =K133/J133 -> #DIV/0!
D134: 784 | E134: 0412 | F134: 17 1 08 22220 | G134: 244 | H134: ='[2]Приложение № 7 (приложение № 6)'!H228 -> 829.41 | I134: 829.4 | J134: 829.4 | K134: 829.4 | N134: =K134/J134 -> 1
A135: 2. | B135: Подпрограмма № 2 "Развитие малого и среднего предпринимательства в Приморском крае" на 2013 - 2021 годы | C135: Департамент экономики и развития предпринимательства Приморского края | D135: 784 | E135: 0412 | F135: Х | G135: Х | H135: =H136+H141+H145 -> 37655 | I135: =I136+I141+I145+I148 -> 37655 | J135: =J136+J141+J145+J148 -> 37655 | K135: =K136+K141+K145+K148 -> 37655
A136: 2.1. | B136: Основное мероприятие "Финансовая поддержка организаций, образующих инфраструктуру поддержки субъектов малого и среднего предпринимательства" | C136: Департамент экономики и развития предпринимательства Приморского края | D136: 784 | E136: 0412 | F136: 17 2 01 00000 | G136: Х | H136: =SUM(H137:H140) -> 33500 | I136: =I137+I138+I139+I140 -> 33500 | J136: =J137+J138+J139+J140 -> 33500 | K136: =K137+K138+K139+K140 -> 33500
A137: 2.1.2. | B137: Предоставление субсидий АНО «Региональный центр координации поддержки экспортно ориентированных субъектов малого и среднего предпринимательства Приморского края» на возмещение затрат, связанных с обеспечением ее деятельности | C137: Департамент экономики и развития предпринимательства Приморского края | D137: 784 | E137: 0412 | F137: 17 2 01 R5271 | G137: 630 | H137: 13500 | I137: 13500 | J137: 3272.73 | K137: 3272.73
D138: 784 | E138: 0412 | F138: 17 2 01 К5271 | G138: 630 | H138: 0 | I138: 0 | J138: 10227.27 | K138: 10227.27
A139: 2.1.4. | B139: Предоставление субсидий некоммерческой организации «Гарантийный фонд Приморского края» на возмещение затрат, связанных с организацией ее деятельности | C139: Департамент экономики и развития предпринимательства Приморского края | D139: 784 | E139: 0412 | F139: 17 2 01 R5272 | G139: 630 | H139: 20000 | I139: 20000 | J139: 6818.18 | K139: 6818.18
D140: 784 | E140: 0412 | F140: 17 2 01 К5272 | G140: 630 | H140: 0 | I140: 0 | J140: 13181.82 | K140: 13181.82
A141: 2.2. | B141: Основное мероприятие "Финансовая поддержка субъектов малого и среднего предпринимательства, производящих и реализующих товары (работы, услуги), предназначенные для внутреннего рынка Российской Федерации и (или) экспорта" | C141: Департамент экономики и развития предпринимательства Приморского края | D141: 784 | E141: 0412 | F141: 17 2 02 00000 | G141: Х | H141: =SUM(H142:H144) -> 4100 | I141: =I142+I143+I144 -> 4100 | J141: =J142+J143+J144 -> 4100 | K141: =K142+K143+K144 -> 4100
A142: 2.2.5. | B142: Финансовая поддержка субъектов малого и среднего предпринимательства, производящих и реализующих товары (работы, услуги), предназначенные для экспорта | C142: Департамент экономики и развития предпринимательства Приморского края | D142: 784 | E142: 0412 | F142: 17 2 02 60550 | G142: 810 | H142: 100 | I142: 100 | J142: 100 | K142: 100
A143: 2.2.9. | B143: Предоставление субсидий монопрофильным муниципальным образованиям в рамках реализации муниципальных программ (подпрограмм) развития малого и среднего предпринимательства | C143: Департамент экономики и развития предпринимательства Приморского края | D143: 784 | E143: 0412 | F143: 17 2 02 R527Б | G143: 520 | H143: 4000 | I143: 4000 | J143: 1215.9 | K143: 1215.9
D144: 784 | E144: 0412 | F144: 17 2 02 Р527Б | G144: 520 | H144: 0 | I144: 0 | J144: 2784.1 | K144: 2784.1
A145: 2.3. | B145: Основное мероприятие "Формирование положительного образа предпринимателя, популяризация роли предпринимательства" | C145: Департамент экономики и развития предпринимательства Приморского края | D145: 784 | E145: 0412 | F145: 17 2 03 00000 | G145: Х | H145: =SUM(H146:H146) -> 55 | I145: =I146+I147 -> 55 | J145: =J146+J147 -> 55 | K145: =K146+K147 -> 55
A146: 2.3.2. | B146: Организация и проведение: мероприятий по празднованию Дня российского предпринимателя; ежегодной краевой конференции предпринимателей | C146: Департамент экономики и развития предпринимательства Приморского края | D146: 784 | E146: 0412 | F146: 17 2 03 21380 | G146: 244 | H146: 55 | I146: 55 | J146: 55 | K146: 55
A147: 2.3.4. | B147: Осуществление информационной поддержки, в том числе: обеспечение функционирования страницы «Малый бизнес Приморья» официального сайта Администрации Приморского края в сети Интернет и регионального портала поддержки малого и среднего предпринимательства в сети Интернет; ведение реестра субъектов малого и среднего предпринимательства на официальном сайте Администрации Приморского края в сети Интернет | C147: Департамент экономики и развития предпринимательства Приморского края | D147: Х | E147: Х | F147: Х | G147: Х | H147: 0 | I147: 0 | J147: 0 | K147: 0
A148: 2.4. | B148: Основное мероприятие "Организация и проведение выборочного обследования (в форме анкетирования) субъектов малого и среднего предпринимательства, производящих и реализующих товары (работы, услуги), предназначенные для внутреннего рынка Российской Федерации и (или) экспорта, - получателей финансовой поддержки" | C148: Департамент экономики и развития предпринимательства Приморского края | D148: Х | E148: Х | F148: Х | G148: Х | H148: 0 | I148: =I149 -> 0 | J148: =J149 -> 0 | K148: =K149 -> 0
A149: 2.4.1. | B149: Сбор, анализ и систематизация данных в рамках проведения выборочного обследования субъектов малого и среднего предпринимательства, производящих и реализующих (работы, услуги), предназначенные для внутреннего рынка Российской Федерации и (или) экспорта, - получателей финансовой поддержки | C149: Департамент экономики и развития предпринимательства Приморского края | D149: Х | E149: Х | F149: Х | G149: Х | H149: 0 | I149: 0 | J149: 0 | K149: 0
A150: ='[1]Приложение № 7 (приложение № 6)'!A387 -> 3. | B150: Подпрограмма № 3 «Долгосрочное финансовое планирование и организация бюджетного процесса, совершенствование межбюджетных отношений в Приморском крае» на 2013 - 2021 годы | C150: департамент финансов Приморского края | D150: 752 | E150: Х | F150: Х | G150: Х | H150: =H151+H159+H191 -> #REF! | I150: =I151+I159+I190 -> 2771203.3 | J150: =J151+J159+J190 -> 2516653.9 | K150: =K151+K159+K190 -> 2327187.9
A151: 3.1. | B151: ='[2]Приложение № 7 (приложение № 6)'!B394 -> Основное мероприятие «Управление бюджетным процессом в Приморском крае» | C151: департамент финансов Приморского края | D151: 752 | E151: 0106 | F151: 1730100000 | G151: X | H151: =SUM(#REF!,#REF!) -> #REF! | I151: =I156+I157 -> 134528.27 | J151: =J156+J157 -> 144240.96 | K151: =K156+K157 -> 103668.8
F155: 17 3 01 21970
A156: 3.1.1. | B156: ='[2]Приложение № 7 (приложение № 6)'!B401 -> Руководство и управление в сфере установленных функций органов государственной власти Приморского края | C156: департамент финансов Приморского края | D156: 752 | E156: 0106 | F156: 1730110030 | G156: 120, 240, 850 | I156: 101938.27 | J156: 111650.96 | K156: 103668.8 | N156: =K156/J156 -> 0.92850791
A157: ='[1]Приложение № 7 (приложение № 6)'!$A408:$IV408 -> 3.1.2. | B157: ='[2]Приложение № 7 (приложение № 6)'!B408 -> Расходы на совершенствование бюджетного процесса Приморского края | C157: департамент финансов Приморского края | D157: 752 | E157: 0106 | F157: 17 3 01 21970 | G157: 240 | I157: 32590 | J157: 32590 | K157: 0
...

Sheet Приложение № 5
E1: Приложение № 13
A3: Отчет
A4: о расходовании бюджетных ассигнований и внебюджетных источников на реализацию государственной программы Приморского края (тыс. руб.) "Экономическое развитие и инновационная экономика Приморского края" на 2013 - 2021 годы 2018 год.
A7: № п/п | B7: Наименование государственной программы, подпрограммы | C7: Ответственный исполнитель, соисполнители | D7: ГРБС | E7: Оценка расходов в соответствии с программой | F7: Фактические расходы, (тыс. руб.) | G7: % исполнения
A9: 1 | B9: 2 | C9: 3 | D9: 4 | E9: 8 | F9: 13
B11: Государственная программа Приморского края «Экономическое развитие и инновационная экономика Приморского края» на 2013 - 2021 годы | C11: всего | D11: Х | E11: =E12+E16+E24+E25+E26+E27 -> 4657682.7 | F11: =F12+F16+F24+F25+F26+F27 -> 4310421.5 | G11: =F11/E11*100 -> 92.544336 | H11: =F11+F16 -> 8282351 | I11: =E11+E16 -> 8976772.7 | J11: =F11/E11 -> 0.92544336
C12: федеральный бюджет (субсидии, субвенции, иные межбюджетные трансферты) | D12: Х | E12: =E13+E14+E15 -> 334942.6 | F12: =F13+F14+F15 -> 334942.6 | G12: =F12/E12*100 -> 100 | J12: =F12/E12*100 -> 100
D13: 784 | E13: =E29+E214 -> 82916.6 | F13: =F29+F214 -> 82916.6 | G13: =F13/E13*100 -> 100
D14: 752 | E14: =E298 -> 252026 | F14: =F298 -> 252026 | G14: =F14/E14*100 -> 100
D15: 789 | E15: =E515 -> 0 | F15: =F515 -> 0
C16: краевой бюджет | D16: Х | E16: =E17+E18+E19+E20+E21+E22+E23 -> 4319090.1 | F16: =F17+F18+F19+F20+F21+F22+F23 -> 3971929.5 | G16: =F16/E16*100 -> 91.962183 | J16: =F16/E16*100 -> 91.962183
D17: 784 | E17: =E30+E215 -> 164990.65 | F17: =F30+F215 -> 176705.98 | G17: =F17/E17*100 -> 107.1006
D18: 794 | E18: =E31 -> 0 | F18: =F31 -> 0
D19: 752 | E19: =E299 -> 2501235.6 | F19: =F299 -> 2327187.9 | G19: =F19/E19*100 -> 93.041529
D20: 779 | E20: =E397 -> 1624458 | F20: =F397 -> 1439001.9 | G20: =F20/E20*100 -> 88.583511
D21: 789 | E21: =E516 -> 14480 | F21: =F516 -> 14480 | G21: =F21/E21*100 -> 100
D22: 785 | E22: =E517 -> 0 | F22: =F517 -> 0
D23: 798 | E23: =E32 -> 13925.77 | F23: =F32 -> 14553.7 | G23: =F23/E23*100 -> 104.50912
C24: бюджет муниципальных образований | D24: - | E24: =E33+E216+E300+E398+E518 -> 3650 | F24: =F33+F216+F300+F398+F518 -> 3549.4 | G24: =F24/E24*100 -> 97.243836 | J24: =F24/E24*100 -> 97.243836
C25: государственные внебюджетные фонды Российской Федерации | D25: - | E25: =E34+E217+E301+E399+E519 -> 0 | F25: =F34+F217+F301+F399+F519 -> 0
C26: территориальные государственные внебюджетные фонды | D26: - | E26: =E35+E218+E302+E400+E520 -> 0 | F26: =F35+F218+F302+F400+F520 -> 0
C27: иные внебюджетные источники | D27: - | E27: =E36+E219+E303+E401+E521 -> 0 | F27: =F36+F219+F303+F401+F521 -> 0
A28: 1. | B28: Подпрограмма № 1 «Улучшение инвестиционного климата в Приморском крае» на 2013-2021 годы | C28: всего | D28: - | E28: =E29+E30+E31+E32+E33+E34+E35+E36 -> 141261.42 | F28: =F29+F30+F31+F32+F33+F34+F35+F36 -> 153604.68 | G28: =F28/E28*100 -> 108.73789 | J28: =F28/E28*100 -> 108.73789
C29: федеральный бюджет (субсидии, субвенции, иные межбюджетные трансферты) | D29: - | E29: =E38+E94+E108+E122+E136+E150+E178+E200 -> 0 | F29: =F38+F94+F108+F122+F136+F150+F178+F200 -> 0
C30: краевой бюджет | D30: 784 | E30: =E37+E149+E180+E199 -> 127335.65 | F30: ='[4]Приложение № 12'!K21 -> 139050.98 | G30: =F30/E30*100 -> 109.20035 | J30: =F30/E30*100 -> 109.20035
D31: 794 | E31: ='[4]Приложение № 12'!J22 -> 0 | F31: ='[4]Приложение № 12'!K22 -> 0
D32: 798 | E32: =E179 -> 13925.77 | F32: ='[4]Приложение № 12'!K23 -> 14553.7 | G32: =F32/E32*100 -> 104.50912
C33: бюджет муниципальных образований | D33: - | E33: =E40+E96+E110+E124+E138+E152+E181+E202 -> 0 | F33: =F40+F96+F110+F124+F138+F152+F181+F202 -> 0
C34: государственные внебюджетные фонды Российской Федерации | D34: - | E34: =E41+E97+E111+E125+E139+E153+E182+E203 -> 0 | F34: =F41+F97+F111+F125+F139+F153+F182+F203 -> 0
C35: территориальные государственные внебюджетные фонды | D35: - | E35: =E42+E98+E112+E126+E140+E154+E183+E204 -> 0 | F35: =F42+F98+F112+F126+F140+F154+F183+F204 -> 0
C36: иные внебюджетные источники* | D36: - | E36: =E43+E99+E113+E127+E141+E155+E184+E205 -> 0 | F36: =F43+F99+F113+F127+F141+F155+F184+F205 -> 0
A37: 1.1. | B37: Основное мероприятие «Создание благоприятных условий для привлечения инвестиций в экономику Приморского края» | C37: всего | D37: 784 | E37: =SUM(E38:E43) -> 48578.06 | F37: =SUM(F38:F43) -> 58678.8 | G37: =F37/E37*100 -> 120.7928
C38: федеральный бюджет (субсидии, субвенции, иные межбюджетные трансферты) | D38: - | E38: =E45+E52+E59+E66+E73+E80+E87 -> 0 | F38: =F45+F52+F59+F66+F73+F80+F87 -> 0
C39: краевой бюджет | D39: 784 | E39: =E46+E53+E60+E67+E74+E81+E88 -> 48578.06 | F39: =F46+F53+F60+F67+F74+F81+F88 -> 58678.8
C40: бюджет муниципальных образований | D40: - | E40: =E47+E54+E61+E68+E75+E82+E89 -> 0 | F40: =F47+F54+F61+F68+F75+F82+F89 -> 0
C41: государственные внебюджетные фонды Российской Федерации | D41: - | E41: =E48+E55+E62+E69+E76+E83+E90 -> 0 | F41: =F48+F55+F62+F69+F76+F83+F90 -> 0
C42: территориальные государственные внебюджетные фонды | D42: - | E42: =E49+E56+E63+E70+E77+E84+E91 -> 0 | F42: =F49+F56+F63+F70+F77+F84+F91 -> 0
C43: иные внебюджетные источники | D43: - | E43: =E50+E57+E64+E71+E78+E85+E92 -> 0 | F43: =F50+F57+F64+F71+F78+F85+F92 -> 0
A44: 1.1.2. | B44: Предоставление АНО «Инвестиционное Агентство Приморского края» субсидии из краевого бюджета на осуществление уставной деятельности | C44: всего | D44: 784 | E44: =SUM(E45:E50) -> 48578.06 | F44: =SUM(F45:F50) -> 58678.8
C45: федеральный бюджет (субсидии, субвенции, иные межбюджетные трансферты) | D45: - | E45: 0 | F45: =SUM(E45:E45) -> 0
C46: краевой бюджет | D46: 784 | E46: 48578.06 | F46: 58678.8
C47: бюджет муниципальных образований | D47: - | E47: 0 | F47: =SUM(E47:E47) -> 0
C48: государственные внебюджетные фонды Российской Федерации | D48: - | E48: 0 | F48: =SUM(E48:E48) -> 0
C49: территориальные государственные внебюджетные фонды | D49: - | E49: 0 | F49: =SUM(E49:E49) -> 0
C50: иные внебюджетные источники | D50: - | E50: 0 | F50: =SUM(E50:E50) -> 0
A51: 1.1.3. | B51: Организация ежегодного Тихоокеанского экономического конгресса | C51: всего | D51: 784 | E51: =SUM(E52:E57) -> 0 | F51: =SUM(E51:E51) -> 0
C52: федеральный бюджет (субсидии, субвенции, иные межбюджетные трансферты) | D52: - | E52: 0 | F52: =SUM(E52:E52) -> 0
C53: краевой бюджет | D53: 784 | E53: ='[4]Приложение № 12'!J30 -> 0 | F53: ='[4]Приложение № 12'!K30 -> 0
C54: бюджет муниципальных образований | D54: - | E54: 0 | F54: =SUM(E54:E54) -> 0
C55: государственные внебюджетные фонды Российской Федерации | D55: - | E55: 0 | F55: =SUM(E55:E55) -> 0
C56: территориальные государственные внебюджетные фонды | D56: - | E56: 0 | F56: =SUM(E56:E56) -> 0
C57: иные внебюджетные источники | D57: - | E57: 0 | F57: =SUM(E57:E57) -> 0
A58: 1.1.4. | B58: Организация работы по оценке инвестиционной привлекательности Приморского края в рейтинговых исследованиях российских и зарубежных рейтинговых агентств | C58: всего | D58: 784 | E58: =SUM(E59:E64) -> 0 | F58: =F60 -> 0
C59: федеральный бюджет (субсидии, субвенции, иные межбюджетные трансферты) | D59: - | E59: 0 | F59: =SUM(E59:E59) -> 0
C60: краевой бюджет | D60: 784 | E60: 0 | F60: 0
C61: бюджет муниципальных образований | D61: - | E61: 0 | F61: =SUM(E61:E61) -> 0
C62: государственные внебюджетные фонды Российской Федерации | D62: - | E62: 0 | F62: =SUM(E62:E62) -> 0
C63: территориальные государственные внебюджетные фонды | D63: - | E63: 0 | F63: =SUM(E63:E63) -> 0
C64: иные внебюджетные источники | D64: - | E64: 0 | F64: =SUM(E64:E64) -> 0
A65: 1.1.5. | B65: Создание и программное сопровождение многоязычного интернет-портала об инвестиционной деятельности в Приморском крае | C65: всего | D65: 784 | E65: =SUM(E66:E71) -> 0 | F65: =SUM(E65:E65) -> 0
C66: федеральный бюджет (субсидии, субвенции, иные межбюджетные трансферты) | D66: - | E66: 0 | F66: =SUM(E66:E66) -> 0
C67: краевой бюджет | D67: 784 | E67: 0 | F67: =SUM(E67:E67) -> 0
C68: бюджет муниципальных образований | D68: - | E68: 0 | F68: =SUM(E68:E68) -> 0
C69: государственные внебюджетные фонды Российской Федерации | D69: - | E69: 0 | F69: =SUM(E69:E69) -> 0
C70: территориальные государственные внебюджетные фонды | D70: - | E70: 0 | F70: =SUM(E70:E70) -> 0
C71: иные внебюджетные источники | D71: - | E71: 0 | F71: =SUM(E71:E71) -> 0
A72: 1.1.6. | B72: Разработка и издание печатного материала «Инвестиционный паспорт Приморского края» | C72: всего | D72: 784 | E72: =SUM(E73:E78) -> 0 | F72: =SUM(E72:E72) -> 0
C73: федеральный бюджет (субсидии, субвенции, иные межбюджетные трансферты) | D73: - | E73: 0 | F73: =SUM(E73:E73) -> 0
C74: краевой бюджет | D74: 784 | E74: 0 | F74: =SUM(E74:E74) -> 0
C75: бюджет муниципальных образований | D75: - | E75: 0 | F75: =SUM(E75:E75) -> 0
C76: государственные внебюджетные фонды Российской Федерации | D76: - | E76: 0 | F76: =SUM(E76:E76) -> 0
C77: территориальные государственные внебюджетные фонды | D77: - | E77: 0 | F77: =SUM(E77:E77) -> 0
C78: иные внебюджетные источники | D78: - | E78: 0 | F78: =SUM(E78:E78) -> 0
A79: 1.1.7. | B79: Разработка и издание печатного материала «Каталог инвестиционных проектов Приморского края» | C79: всего | D79: 784 | E79: =SUM(E80:E85) -> 0 | F79: =SUM(E79:E79) -> 0
C80: федеральный бюджет (субсидии, субвенции, иные межбюджетные трансферты) | D80: - | E80: 0 | F80: =SUM(E80:E80) -> 0
C81: краевой бюджет | D81: 784 | E81: 0 | F81: =SUM(E81:E81) -> 0
C82: бюджет муниципальных образований | D82: - | E82: 0 | F82: =SUM(E82:E82) -> 0
C83: государственные внебюджетные фонды Российской Федерации | D83: - | E83: 0 | F83: =SUM(E83:E83) -> 0
C84: территориальные государственные внебюджетные фонды | D84: - | E84: 0 | F84: =SUM(E84:E84) -> 0
C85: иные внебюджетные источники | D85: - | E85: 0 | F85: =SUM(E85:E85) -> 0
A86: 1.1.8. | B86: Создание (строительство, реконструкция) объектов инфраструктуры для краевых государственных нужд, необходимой для обеспечения функционирования инвестиционных проектов Приморского края | C86: всего | D86: 784 | E86: =E87+E88+E89+E90+E91+E92 -> 0 | F86: =SUM(E86:E86) -> 0
C87: федеральный бюджет (субсидии, субвенции, иные межбюджетные трансферты) | D87: - | E87: 0 | F87: =SUM(E87:E87) -> 0
C88: краевой бюджет | D88: 784 | E88: ='[4]Приложение № 12'!I47 -> 0 | F88: ='[4]Приложение № 12'!K47 -> 0
C89: бюджет муниципальных образований | D89: - | E89: 0 | F89: =SUM(E89:E89) -> 0
C90: государственные внебюджетные фонды Российской Федерации | D90: - | E90: 0 | F90: =SUM(E90:E90) -> 0
C91: территориальные государственные внебюджетные фонды | D91: - | E91: 0 | F91: =SUM(E91:E91) -> 0
C92: иные внебюджетные источники | D92: - | E92: 0 | F92: =SUM(E92:E92) -> 0
A93: 1.2. | B93: Основное мероприятие «Развитие особых экономических зон» | C93: всего | D93: - | E93: =E94+E95+E96+E97+E98+E99 -> 0 | F93: =F94+F95+F96+F97+F98+F99 -> 0
C94: федеральный бюджет (субсидии, субвенции, иные межбюджетные трансферты) | D94: - | E94: =E101 -> 0 | F94: =F101 -> 0
C95: краевой бюджет | D95: 794 | E95: =E102 -> 0 | F95: =F102 -> 0
C96: бюджет муниципальных образований | D96: - | E96: =E103 -> 0 | F96: =F103 -> 0
C97: государственные внебюджетные фонды Российской Федерации | D97: - | E97: =E104 -> 0 | F97: =F104 -> 0
C98: территориальные государственные внебюджетные фонды | D98: - | E98: =E105 -> 0 | F98: =F105 -> 0
C99: иные внебюджетные источники | D99: - | E99: =E106 -> 0 | F99: =F106 -> 0
A100: 1.2.1. | B100: Взнос в уставный капитал акционерного общества «Владивосток Индастриал Сервис» в целях создания инновационной, инженерной, транспортной, социльной и иной инфраструктуры особой экономической зоны промышленно-производственнго типа в городе Владивостоке | C100: всего | D100: - | E100: =E101+E102+E103+E104+E106 -> 0 | F100: =F101+F102+F103+F104+F106 -> 0
C101: федеральный бюджет (субсидии, субвенции, иные межбюджетные трансферты) | D101: - | E101: 0 | F101: =SUM(E101:E101) -> 0
C102: краевой бюджет | D102: 794 | E102: ='[4]Приложение № 12'!J53 -> 0 | F102: ='[4]Приложение № 12'!K53 -> 0
C103: бюджет муниципальных образований | D103: - | E103: 0 | F103: =SUM(E103:E103) -> 0
C104: государственные внебюджетные фонды Российской Федерации | D104: - | E104: 0 | F104: =SUM(E104:E104) -> 0
C105: территориальные государственные внебюджетные фонды | D105: - | E105: 0 | F105: =SUM(E105:E105) -> 0
...

Sheet Приложение 6
A2: ОТЧЕТ
A3: об объемах межбюджетных трансфертов, предоставляемых
A4: из краевого бюджета муниципальным образованиям Приморского края в рамках
A5: государственной программы Приморского края
A6: "Экономическое развитие и инновационная экономика Приморского края" на 2013 - 2021 годы
A7: (наименование государственной программы)
A8: за 2018 год
A11: № п/п | B11: Наименование муниципального образования Приморского края | C11: Объем финансирования из бюджета муниципального образования, тыс. руб. | F11: Объем бюджетного трансферта, предоставляемого из краевого бюджета, тыс. руб. | H11: Реквизиты соглашения о предоставлении межбюджетных трансфертов (при наличии) | I11: Номер и дата нормативного правового акта о распределении межбюджетных трансфертов
C12: год, предшествующий отчетному | D12: отчетный год | F12: год, предшествующий отчетному | G12: отчетный год
D13: всего | E13: на условиях софинансирования
A14: 1 | B14: 2 | C14: 3 | D14: 4 | F14: 5 | G14: 6 | H14: 7 | I14: 8
A15: Подпрограмма "Развитие малого и среднего предпринимательства в Приморском крае" на 2013 - 2021 годы
A16: Предоставление субсидий монопрофильным муниципальным образованиям в рамках реализации муниципальных программ (подпрограмм) развития малого и среднего предпринимательства
A17: 1 | B17: Арсеньевский ГО | C17: 1700 | D17: 800 | E17: 371.4 | F17: 2330.881 | G17: 1485.61 | H17: № 05703000-1-2018-004 от 09.04.2018 (в ред. № 05703000-1-2018-004/1 от 09.08.2018, № 05703000-1-2018-004/2 от 18.11.2018), № 2 от 04.04.2018 (в ред. № 2/1 от 09.08.2018, № 2/2 от 25.09.2018, № 2/3 от 15.10.2018) | I17: Постановление Администрации Приморского края от 20 марта 2018 года № 115-па "О распределении субсидий из краевого бюджета бюджетам монопрофильных муниципальных образований Приморского края в рамках реализации муниципальных программ (подпрограмм) развития малого и среднего предпринимательства на 2018 год" .
A18: 2 | B18: Дальнегорский ГО | C18: 2000 | D18: 2150 | E18: 250.69 | F18: 764.922 | G18: 1002.74 | H18: № 05707000-1-2018-002 от 09.04.2018, № 3 от 04.04.32018 (в ред. № 3/1 от 03.05.2018)
A19: 3 | B19: ГО Спасск-Дальний | C19: 500 | D19: 500 | E19: 278.54 | F19: 812.277 | G19: 1114.16 | H19: № 05720000-1-2018-002 от 06.04.2018 (в ред. № 05720000-1-2018-002/1 от 10.04.2018), № 5 от 04.04.2018 (в ред. № 5/1 от 03.05.2018)
A20: 4 | B20: Лучегорское ГП | C20: 50 | D20: 99.37 | E20: 99.37 | F20: 91.92 | G20: 397.49 | H20: № 05634151-1-2018-002 от 09.04.2018, № 4 от 04.04.2018 (в ред. № 4/1 от 11.05.2018)
C21: =SUM(C17:C20) -> 4250 | D21: =SUM(D17:D20) -> 3549.37 | E21: =SUM(E17:E20) -> 1000 | F21: =SUM(F17:F20) -> 4000 | G21: =SUM(G17:G20) -> 4000
A22: субсидии монопрофильным муниципальным образованиям в рамках реализации муниципальных программ (подпрограмм) развития малого и среднего предпринимательства за счет средств, источником финансового обеспечения которых, являются средства федерального бюджета
A23: 1 | B23: Арсеньевский ГО | C23: 1700 | D23: 800 | E23: 371.4 | F23: 13024.437 | G23: 3311.65 | H23: № 05703000-1-2018-004 от 09.04.2018 (в ред. № 05703000-1-2018-004/1 от 09.08.2018, № 05703000-1-2018-004/2 от 18.11.2018) | I23: Постановление Администрации Приморского края от 20 марта 2018 года № 115-па "О распределении субсидий из краевого бюджета бюджетам монопрофильных муниципальных образований Приморского края в рамках реализации муниципальных программ (подпрограмм) развития малого и среднего предпринимательства на 2018 год" .
A24: 2 | B24: Дальнегорский ГО | C24: 2000 | D24: 2150 | E24: 250.69 | F24: 4348.8 | G24: 2235.27 | H24: № 05707000-1-2018-002 от 09.04.2018
A25: 3 | B25: Спасск-Дальний ГО | C25: 500 | D25: 500 | E25: 278.54 | F25: 1687.723 | G25: 2483.63 | H25: № 05720000-1-2018-002 от 06.04.2018 (в ред. № 05720000-1-2018-002/1 от 10.04.2018)
A26: 4 | B26: Лучегорское ГП | C26: 50 | D26: 99.37 | E26: 99.37 | F26: 439.04 | G26: 886.05 | H26: № 05634151-1-2018-002 от 09.04.2018
C27: =SUM(C23:C26) -> 4250 | D27: =SUM(D23:D26) -> 3549.37 | E27: =SUM(E23:E26) -> 1000 | F27: =SUM(F23:F26) -> 19500 | G27: =SUM(G23:G26) -> 8916.6

Sheet Приложение № 7
A3: Информация о внесенных ответственным исполнителем и (или) соисполнителями изменениях в государственную программу «Экономическое развитие и инновационная экономика Приморского края» на 2013 - 2021 годы за 2018 год
A6: Реквизиты нормативного правового акта Администрации Примоского края | B6: Наименование подпрограммы | C6: Перечень изменений | D6: обоснование изменений
A7: Постановление Администрации Приморского края от 30 марта 2018 года № 139-па "О внесении изменений в постановление Администрации Приморского края от 7 декабря 2012 года № 382-па "Об утверждении государственной программы Приморского края "Экономическое развитие и инновационная экономика Приморского края" на 2013-2021 годы" | B7: подпрограммы № 1,2,3,4,5. | C7: В подпрограмму № 1 «Улучшение инвестиционного климата в Приморском крае»: На 2018 год сокращены расходы по мероприятию 1.8.1. «Формирование и получение экономико-статистической информации» (КБК 784 0412 1710822220 240) на 6 рублей, в результате сложившейся экономии средств по результатам конкурсных процедур. Заключен государственный контракт от 22.01.2018 г. № 1-ЕП на формирование и получение экономико-статистической информации. На 2018-2020 годы сокращены расходы за счет внебюджетных источников по мероприятию 1.1.8 «Создание (строительство, реконструкция) объектов инфраструктуры для краевых государственных нужд, необходимой для обеспечения функционирования инвестиционных проектов Приморского края» включающие денежные средства, предназначенные на создание инфраструктуры особой экономической зоны промышленно – производственного типа на территории г. Владивостока (далее – ОЭЗ) в связи с досрочным прекращением существования ОЭЗ на основании постановления Правительства Российской Федерации №1477от 6 декабря 2017г. В подпрограмму № 2 «Развитие малого и среднего предпринимательства в Приморском крае»: На 2018-2020 гг.: изменения касаются перераспределения бюджетных ассигнований между целевыми статьями расходов в пределах общего объема бюджетных ассигнований, предусмотренных на реализацию мероприятий в рамках подпрограммы № 2. В частности, перераспределены средства краевого бюджета по мероприятиям, софинансируемым из федерального бюджета, в целях реализации Соглашения между Минэкономразвития России и Администрацией Приморского края о предоставлении субсидий из федерального бюджета на государственную поддержку малого и среднего предпринимательства в 2018 году, исходя из установленного уровня софинансирования (88%). Кроме того, в связи с отменой Порядка предоставления субсидий бюджетам муниципальных образований на поддержку программ развития малого и среднего предпринимательства (постановлением Администрации Приморского края от 27.12.2017 г. № 553-па) и Порядка предоставления субсидий субъектам МСП на возмещение затрат, связанных с выполнением обязательных требований Технического регламента Таможенного союза «О безопасности пищевой продукции» ТР ТС 021/2011 (постановлением Администрации Приморского края от 27.11.2017 г. № 485-па) предлагаем исключить объемы бюджетных ассигнований в 2019-2020 годах по соответствующим целевым статьям расходов. Высвободившиеся средства краевого бюджета распределены на предоставление субсидий АНО «Региональный центр координации поддержки экспортно ориентированных субъектов малого и среднего предпринимательства Приморского края» (+ по 4 000 000,00 руб. на 2019 и 2020 годы) и на предоставление субсидий монопрофильным муниципальным образованиям (+ по 6 000 000,00 руб. на 2019 и 2020 годы). Кроме того, вносятся изменения в перечень показателей подпрограммы № 2, в связи с приведением значений показателей в соответствие со значениями показателей, установленными соглашением между Минэкономразвития России и Администрацией Приморского края о предоставлении субсидий на государственную поддержку малого и среднего предпринимательства от 14.02.2018 г. № 139-09-2018-040, а также паспортом проекта «Разработка и внедрение сервисной модели поддержки малого и среднего предпринимательства на территории Приморского края». В подпрограмму № 3 «Долгосрочное финансовое планирование и организация бюджетного процесса, совершенствование межбюджетных отношений в Приморском крае»: увеличены расходы по мероприятию «Обеспечение сбалансированности бюджетов муниципальных образований» во исполнение Протокола заседания бюджетной комиссии по рассмотрению бюджетных проектировок от 19 февраля 2018 года №19; внесены изменения по мероприятию «Совершенствование управления государственным долгом Приморского края» - во исполнение Постановления Правительства Российской Федерации от 13 декабря 2017 года № 1531 «О проведении в 2017 году реструктуризации обязательств (задолженности) субъектов Российской Федерации перед Российской Федерацией по бюджетным кредитам». В подпрограмму № 4 «Управление имуществом, находящимся в собственности и в ведении Приморского края» на 2014-2020 годы: В связи с поступлением в 2018 году адрес департамента земельных и имущественных отношений Приморского края и подведомственных департаменту учреждений исполнительных листами на взыскание расходов добавляется вид расходов 830 в мероприятиях: 4.1.1 «Руководство и управление в сфере установленных функций органов государственной власти Приморского края»; 4.1.3 «Обеспечение деятельности подведомственного краевого государственного казенного учреждения «Управление землями и имуществом на территории Приморского края»; 4.2.6 «Обеспечение деятельности подведомственного краевого государственного казенного учреждения «Представительство Администрации Приморского края при Правительстве Российской Федерации». В 2018 году для определения кадастровой стоимости недвижимого имущества и земельных участков на территории Приморского края создано краевое государственное бюджетное учреждение «Центр кадастровой оценки Приморского края». В связи с чем, в Приложение № 2 государственной программы добавлены показатели государственных заданий на 2018 – 2020 годы КГБУ ««Центр кадастровой оценки Приморского края», и в Приложении № 1 добавлены показатели государственной программы «Сбор, обработка, систематизация и накопление информации, необходимой для определения кадастровой стоимости объектов капитального строительства» и «Количество объектов капитального строительства, в отношении которых определена кадастровая стоимость». Включено новое мероприятие 4.2.7 «Обеспечение объектов гражданской обороны» с присвоением кода бюджетной классификации 779 0113 1740270880 612, и дополнительной классификацией 72 на 2018 год в размере 3 727 040,00 рублей на приобретение средств индивидуальной защиты приборов радиационной и химической разведки и контроля на объект «Радиошкола ДОСААФ»., в соответствии с решением Бюджетной комиссии по рассмотрению бюджетных проектировок на 2018 год и плановый период 2019 и 2020 годов от 26 января 2018 года. В подпрограмму № 5 «Поддержка социально ориентированных некоммерческих организаций в Приморском крае» на 2014 – 2020 годы: В 2018 году увеличен лимит бюджетных ассигнований по мероприятию 5.2.4 «Предоставление субсидий Приморской краевой общественной организации ветеранов (пенсионеров) войны, труда, Вооруженных Сил и правоохранительных органов» на сумму 5 000,00 тыс. рублей (КБК 1006 1750260080 630). Данные изменения планируются к внесению в соответствии с перераспределением бюджетных ассигнований из мероприятия 6.6.1 «Приобретение ценных подарков для ветеранов и инвалидов Великой Отечественной войны 1941 - 1945 годов, вдов участников Великой Отечественной войны 1941 - 1945 годов, погибших в годы войны (не вступившим в повторный брак), бывших несовершеннолетних узников концлагерей, гетто и других мест принудительного содержания, созданных фашистами и их союзниками в период Второй мировой войны, к годовщине Победы в Великой Отечественной войне 1941 - 1945 годов» государственной программы Приморского края «Социальная поддержка населения Приморского края» на 2013 – 2020 годы на сумму 5 000,00 тыс. рублей (КБК 1006 0360622180 244), в том числе: 3 600 тыс. рублей предусмотрено программой; 1 400,00 тыс. рублей по итогам заседания бюджетной комиссии по рассмотрению бюджетных проектировок на текущий финансовый год и плановый период. Данные изменения инициированы департаментом труда и социального развития Приморского края (Лаврентьева Л.Ф.) письмо от 02.02.2018 № 26/1125 по согласованию с департаментом внутренней политики Приморского края (Ясевич П.Е.). Также, департаментом внутренней политики Приморского края подготовлено ходатайство в адрес департамента финансов Приморского края от 02.02.2018 № 33/355 о внесении изменений в Закон Приморского края от 21 декабря 2017 года № 218-КЗ «О краевом бюджете на 2018 год и плановый период 2019 и 2020 годов». Кроме того, в целях исполнения п. 2.2 протокола заседания антинаркотической комиссии Приморского края от 23.03.2017 № 37 в пп. 7 ст. 3 Закона Приморского края от 05.04.2013 № 183-КЗ «О поддержке социально ориентированных некоммерческих организаций в Приморском крае» внесено изменение. В связи с переносом мероприятия 5.2.4 «Предоставление субсидий Приморской краевой общественной организации ветеранов (пенсионеров) войны, труда, Вооруженных Сил и правоохранительных органов» из государственной программы Приморского края «Социальная поддержка населения Приморского края на 2013-2020 годы» в подпрограмму перенесен соответствующий показатель, отражающий реализацию указанного мероприятия. В соответствии с изменением в Закон Приморского края от 07.11.2017 № 187-КЗ «О внесении изменений в статью 3 Закона Приморского края «О поддержке социально ориентированных некоммерческих организаций в Приморском крае» наименование мероприятия 5.1.2.5. дополнено словами «либо отбывших уголовное наказание в виде лишения свободы и (или) подвергшихся иным мерам уголовно-правого характера». | D7: в соответствие с Протоколами заседаний бюджетной комиссии по рассмотрению бюджетных проектировок на 2018 год и плановый период 2019-2020 годов от 29 января 2018 года № 14, от 19 февраля 2018 года № 19.
A8: Постановление Администрации Приморского края от 4 мая 2018 г.№ 215-па "О внесении изменений в постановление Администрации Приморского края от 7 декабря 2012 года № 382-па "Об утверждении государственной программы Приморского края "Экономическое развитие и инновационная экономика Приморского края" на 2013-2021 годы" | B8: подпрограмммы №3,4 | C8: Соответствующим проектом постановления вносятся изменения: В приложении № 4 к государственной программе необходимо дополнить графу 7 строки «17 4 01 70590» подпункта 4.1.3 пункта 4 цифрами «320», обозначающими вид расходов; В приложении № 5 к государственной программе в графе 10 подпункта 3.2.3 пункта 3 необходимо заменить цифры «250000,00» цифрами «350000,00». Данная ошибка произошла при переносе приложений № 4, 5 к государственной программе из формата Excel в формат Word для направления на опубликование постановления Администрации Приморского края от 30 марта 2018 года № 139-па «О внесении изменений в постановление Администрации Приморского края от 7 декабря 2012 года № 382-па «Об утверждении государственной программы Приморского края «Экономическое развитие и инновационная экономика Приморского края» на 2013-2020 годы». | D8: с целью устранения технической ошибки.
A9: Постановление Администрации Приморского края от 20 сентября 2018 г. N 456-па "О внесении изменений в постановление Администрации Приморского края от 7 декабря 2012 года № 382-па "Об утверждении государственной программы Приморского края "Экономическое развитие и инновационная экономика Приморского края" на 2013-2021годы" | B9: подпрограммы № 1,2,3,4,5. | C9: В подпрограмму № 1 «Улучшение инвестиционного климата в Приморском крае»: увеличено финансирование по мероприятию 1.1.2. «Предоставление автономной некоммерческой организации «Инвестиционное Агентство Приморского края» субсидии из краевого бюджета на осуществление уставной деятельности»: в 2018 году на 19 578,06 тыс. руб.; в 2019 году на 19 500,00 тыс. руб.; в 2020 году на 19 500,00 тыс. руб.; в 2021 году на 19 500,00 тыс. руб. Средства дополнительной субсидии будут направлены на: - Фонд оплаты труда и начисления на оплату труда 13 775 457,0 рублей; - Налоги, сборы и иные обязатальные платежи в бюджеты бюджетной системы Российской Федерации 47 982,0 рублей; - Приобретение мебели для оборудования рабочих мест - 157 542,0 рублей; - Командировки 180 000,0 рублей; - Услуги связи и интернета 117 579,5 рублей; - Оплата аренды и коммунальных платежей 2 318 040,0 рублей; - Информационно - техническое, хозяйственное обеспечение деятельности 1 803 048,00 рублей (Агентству необходимо автоматизировать рабочие процессы по сопровождению клиентов и по подготовке мероприятий по привлечению инвестиций. При изменении формата работы Агентства и введением новой организационной структуры планируется увеличение потока заявителей и создание электронных личных кабинетов инициаторов проектов с целью повышения качества предоставляемых услуг); - Обслуживание автомобиля 319 800,0 рублей; - Обслуживание оргтехники 114 600,0 рублей; - Расходы на организацию и участие в выстовочно-ярморочных и конгрессных мероприятиях 499 014,0 рублей; - Расходы на повышение квалификации сотрудников 245 000,0 рублей. в подпрограмму № 2 «Развитие малого и среднего предпринимательства в Приморском крае»: Продлено действие подпрограммы до 2021 года, включая показатели и объемы финансирования мероприятий. Дополнено объемами финансирования за счет средств бюджетов муниципальных образований на период 2018-2021 годы; Исключено финансирование мероприятия 2.2.2. «Предоставление субсидий субъектам малого и среднего предпринимательства на возмещение затрат, связанных с уплатой лизинговых платежей по договорам финансовой аренды (лизинга)» с 2019 года с учетом приоритетов государственной поддержки малого и среднего предпринимательства: переход к наиболее результативным «возвратным» механизмам и нефинансовым мерам поддержки. «Прямая» финансовая поддержка сохранится на уровне муниципальных образований в виде субсидий, в том числе на приобретение оборудования в лизинг. В целях упрощения доступа субъектов малого предпринимательства к льготному лизингу оборудования в 2018 году в Дальневосточном федеральном округе планируется создание региональной лизинговой компании, предоставляющей услуги лизинга оборудования по льготным ставкам: не более 8 % годовых по лизингу иностранного оборудования, не более 6 % годовых в части лизинга оборудования отечественного производства. Данный механизм позволит полностью обеспечить потребность малого бизнеса Дальневосточного округа в получении поддержки по лизингу, стимулировать развитие новых производств. Введена новая формулировка мероприятия по предоставлению субсидий некоммерческой организации «Гарантийный фонд Приморского края» с 2019 года (мероприятие 2.1.6. «Предоставление субсидий некоммерческой организации «Гарантийный фонд Приморского края» с целью финансового обеспечения затрат, связанных с организацией деятельности» взамен мероприятия 2.1.5. «Предоставление субсидий некоммерческой организации «Гарантийный фонд Приморского края» на возмещение затрат, связанных с организацией ее деятельности»). Формулировка меняется в связи с приведением в соответствие с постановлением Администрации Приморского края от 15.04.2015 № 120-па «Об утверждении Порядка определения объема и предоставления субсидий из краевого бюджета некоммерческой организации «Гарантийный фонд Приморского края». Введено новое мероприятие 2.1.3. «Предоставление субсидий автономной некоммерческой организации «Центр поддержки предпринимательства Приморского края» в целях финансового обеспечения затрат, связанных с организацией деятельности» с 2019 года взамен мероприятию 2.1.2. «Предоставление субсидий автономной некоммерческой организации «Региональный центр координации поддержки экспортно ориентированных субъектов малого и среднего предпринимательства Приморского края» на возмещение затрат, связанных с обеспечением ее деятельности». Изменения связаны с переименованием АНО «Региональный центр координации поддержки экспортно ориентированных субъектов малого и среднего предпринимательства Приморского края» (далее – Центр развития экспорта) в АНО «Центр поддержки предпринимательства Приморского края» (далее – Центр поддержки предпринимательства) и возложением на него функций единого органа управления организациями инфраструктуры поддержки малого и среднего предпринимательства в соответствии с требованиями приказа Минэкономразвития России от 14.02.2018 № 67 «Об утверждении требований к реализации мероприятий субъектами Российской Федерации, бюджетам которых предоставляются субсидии на государственную поддержку малого и среднего предпринимательства, включая крестьянские (фермерские) хозяйства, а также на реализацию мероприятий по поддержке молодежного предпринимательства, и требований к организациям, образующим инфраструктуру поддержки субъектов малого и среднего предпринимательства». Создание единого органа управления организациями, образующими инфраструктуру поддержки субъектов малого и среднего предпринимательства Приморского края, предусмотрено Паспортом проекта «Разработка и внедрение сервисной модели поддержки малого и среднего предпринимательства на территории Приморского края». Кроме того, на базе Центра развития экспорта в 2018 году (далее на базе Центра поддержки предпринимательства с 2019 года) планируется создание и обеспечение функционирования Центра оказания услуг для бизнеса (далее – ЦОУ), который будет предоставлять услуги, необходимые для организации и ведения предпринимательской деятельности. Создание ЦОУ осуществляется в соответствии с Моделью организации и функционирования центров оказания услуг в субъектах Российской Федерации (утв. Проектным комитетом по основному направлению стратегического развития Российской Федерации «Малый бизнес и поддержка индивидуальной предпринимательской инициативы», протокол от 20.04.2017 № 28 (3)), а также Постановлением Правительства Российской Федерации от 22.12.2012 № 1376 «Об утверждении правил организации деятельности многофункциональных центров предоставления государственных и муниципальных услуг» и предусмотрено Паспортом проекта «Разработка и внедрение сервисной модели поддержки малого и среднего предпринимательства на территории Приморского края». В подпрограмму № 3 «Долгосрочное финансовое планирование и организация бюджетного процесса, совершенствование межбюджетных отношений в Приморском крае»: внесены изменения в связи с увеличением расходов на межбюджетные трансферты бюджетам муниципальных образований Приморского края в целях поддержки мер по обеспечению сбалансированности местных бюджетов. В подпрограмму № 4 «Управление имуществом, находящимся в собственности и в ведении Приморского края» на 2014-2020 годы: уменьшены в 2018 году бюджетные ассигнований по мероприятию 4.1.2. «Управление и распоряжение имуществом, находящимся в собственности и в ведении Приморского края, в том числе исполнение судебных актов, предусматривающих обращение взыскания на средства краевого бюджета» на 1653,63 тыс. руб. В связи с поступлением в 2018 году исполнительных листов, предусматривающих взыскание задолженности с Приморского края в лице департамента земельных и имущественных отношений Приморского края, за счет казны Приморского края запланировано перераспределение бюджетных ассигнований краевого бюджета с кодов бюджетной классификации департамента земельных и имущественных отношений Приморского края на департамент финансов Приморского края на общую сумму 1 516,13 тыс. рублей: с КБК 779-0113-1740120780-244 в сумме 1 511 777,85 рублей в связи с образовавшейся экономией при проведении конкурсных процедур, 779-0113-1740120780-831 (и/л) на сумму 4 352,00 рублей для оплаты государственной пошлины по исполнительным листам, на код бюджетной классификации департамента финансов Приморского края 752-0113-9999929050-831. Также, в связи с необходимостью оплаты исполнительских сборов по трем исполнительным производствам (дела № 2-2251/2016, № 2-2985/2016, № 2-2058/2016) просим увеличить лимиты бюджетных обязательств по коду бюджетной классификации 779-0113-1740120780 853 в сумме 137,50 тыс. рублей за счет сокращения ассигнований по коду бюджетной классификации 779-0113-1740120780-244. Уменьшены в 2018 году бюджетные ассигнования по мероприятию 4.1.3. «Управление и распоряжение имуществом, находящимся в собственности и в ведении Приморского края, в том числе исполнение судебных актов, предусматривающих обращение взыскания на средства краевого бюджета» на 13 955,88 тыс. рублей. А также, увеличены бюджетные ассигнования по указанному мероприятию в 2019 году – на 50 095,21 тыс. рублей, в 2020 году – на 44 802,56 тыс. рублей за счет бюджетных ассигнований, предусмотренных в 2019-2020 годах на исполнение мероприятия 4.2.2. «Предоставление из краевого бюджета субсидий подведомственному краевому государственному бюджетному учреждению «Хозяйственное управление администрации края» на иные цели, не связанные с возмещением нормативных затрат при оказании государственных услуг (выполнении работ) в соответствии с государственным заданием (проведение капитального ремонта)». Изменения связаны с необходимостью проведения капитального ремонта здания административного назначения, расположенного по адресу: г. Владивосток, ул. Куйбышева, д. 1. Увеличены в 2018 году бюджетные ассигнования: по мероприятию 4.2.6. «Обеспечение деятельности подведомственного краевого государственного казенного учреждения «Представительство Администрации Приморского края при Правительстве Российской Федерации» на 12 121,96 тыс. рублей для долгосрочной аренды учреждением отдельно стоящего здания, расположенного по адресу: г. Москва, ул. Жуковского, д. 10, общей площадью 1 145,4 кв.м. по мероприятию 4.2.7. «Обеспечение объектов гражданской обороны» в сумме 5 315,54 тыс. руб. на структурированную кабельную сеть на объекте ГО «Радиошкола». Во исполнение пункта 3.1 протокола заседания Администрации Приморского края под руководством врио Губернатора Приморского края А.В. Тарасенко от 17 мая 2018 года № 4-АПК подготовлены предложения по внесению изменений в подпрограмму № 4 и мероприятия государственной программы Приморского края «Экономическое развитие и инновационная экономика Приморского края» на 2013-2020 годы с учетом продления сроков реализации Программы до 2021 года. В подпрограмму № 5 «Поддержка социально ориентированных некоммерческих организаций в Приморском крае» на 2014 – 2020 годы: Мероприятия подпрограммы с 1 июля 2018 года будут реализованы в рамках государственной программы Приморского края «Патриотическое воспитание граждан, реализация государственной национальной политики и развитие институтов гражданского общества на территории Приморского края» на 2018-2020 годы» | D9: во исполнение подпункта 3.1 пункта 3 раздела II протокола заседания Администрации Приморского края под руководством врио Губернатора Приморского края А.В. Тарасенко от 17.05.2018 № 4-АПК в части продления срока реализации государственных программ до 2021 года

Sheet ЭФФЕКТИВНОСТЬ 
A3: № п/п | B3: Наименование подпрограммы | C3: Оценка
C4: Степень реализации мероприятияй СРм=Мв/Мобщ | D4: Количество мероприятий, выполненных в полном объеме Мв | E4: Общее количество мероприятий Мобщ | F4: Оценка степени соответствия запланированному уровню ССп/п=Зф п/п/Зп п/п | G4: Фактические расходы на реализацию Зф п/п | H4: Плановые расходы на реализацию Зп п/п | I4: оценка эффективности использования средств краевого бюджета Эис=СРм/ССп/п | J4: Оценка степени достижения плановых значений показателей СДП | K4: Число показателей подпрограммы Nп | L4: Степень реализации подпрогаммы, программы СР п/п=СДП/Nп | M4: оценка эффективности подпрогаммы, программы Эрп/п=СРп/п*Эис | N4: Коэффициент значимости подпрограммы Ki=Зфп/п/3781630,661 | O4: Эффективность реализации ГП ЭР гп=Эрп/п*Кi
A5: 1 | B5: "Улучшение инвестиционного климата в Приморском крае" | C5: =D5/E5 -> 1 | D5: 11 | E5: 11 | F5: =G5/H5 -> 1.0873789 | G5: ='Приложение № 5'!F28 -> 153604.68 | H5: ='Приложение № 5'!E28 -> 141261.42 | I5: =C5/F5 -> 0.91964268 | J5: ='Приложение 1'!J28 -> 5.0720746 | K5: 6 | L5: =J5/K5 -> 0.84534577 | M5: =L5*I5 -> 0.77741605 | N5: =G5/G15 -> 0.035665019 | O5: =M5*N5 -> 0.027726558
A6: 2 | B6: ='[5]Приложение № 4 (краевой б)'!B135 -> Подпрограмма № 2 «Развитие малого и среднего предпринимательства в Приморском крае» на 2013-2020 годы | C6: =D6/E6 -> 1 | D6: 7 | E6: 7 | F6: =G6/H6 -> 1 | G6: ='Приложение № 5'!F214+'Приложение № 5'!F215 -> 120571.6 | H6: ='Приложение № 5'!E215+'Приложение № 5'!E214 -> 120571.6 | I6: =C6/F6 -> 1 | J6: ='Приложение 1'!K44 -> 11.843776 | K6: 12 | L6: =J6/K6 -> 0.98698135 | M6: =L6*I6 -> 0.98698135 | N6: =G6/G15 -> 0.027995166 | O6: =M6*N6 -> 0.027630707
A9: 3 | B9: ='[5]Приложение № 4 (краевой б)'!B188 -> Подпрограмма № 3 «Долгосрочное финансовое планирование и организация бюджетного процесса, совершенствование межбюджетных отношений в Приморском крае» на 2013 - 2020 годы | C9: =D9/E9 -> 1 | D9: 10 | E9: 10 | F9: =G9/H9 -> 0.93678489 | G9: ='Приложение № 5'!F299+'Приложение № 5'!F298 -> 2579213.9 | H9: ='Приложение № 5'!E299+'Приложение № 5'!E298 -> 2753261.6 | I9: =C9/F9 -> 1.0674809 | J9: ='Приложение 1'!J47 -> 2 | K9: 2 | L9: =J9/K9 -> 1 | M9: =L9*I9 -> 1.0674809 | N9: =G9/G15 -> 0.59886011 | O9: =M9*N9 -> 0.63927175
O10: =M10*N10 -> 0
A11: 4 | B11: ='Приложение № 5'!B395 -> Подпрограмма № 4 «Управление имуществом, находящимся в собственности и в ведении Приморского края» на 2014-2021 годы | C11: =D11/E11 -> 0.76923077 | D11: 10 | E11: 13 | F11: =G11/H11 -> 0.88583511 | G11: ='Приложение № 5'!F395 -> 1439001.9 | H11: ='Приложение № 5'!E395 -> 1624458 | I11: =C11/F11 -> 0.8683679 | J11: ='Приложение 1'!K62 -> 14.373608 | K11: 15 | L11: =J11/K11 -> 0.95824054 | M11: =L11*I11 -> 0.83210532 | N11: =G11/G15 -> 0.33411764 | O11: =M11*N11 -> 0.27802106
A13: 6 | B13: ='[6]Приложение 1'!A71 -> Подпрограмма № 6. "Поддержка социально ориентированных некоммерческих и иных общественных организаций в Приморском крае" на 2014 - 2017 годы | C13: 0 | D13: 0 | E13: 0 | F13: 0 | G13: ='Приложение № 5'!F516 -> 14480 | H13: ='Приложение № 5'!E514 -> 14480 | I13: 0 | J13: 0 | K13: 0 | L13: 0 | M13: 0 | N13: =G13/G16 -> 0.0033620687 | O13: 0
A15: итого | B15: ='[6]Приложение 1'!A12 -> Государственная программа Приморского края "Экономическое развитие и инновационная экономика Приморского края" на 2013 - 2017 годы | C15: =D15/E15 -> 0.92682927 | D15: =D13+D11+D9+D6+D5 -> 38 | E15: =E13+E11+E9+E6+E5 -> 41 | F15: =G15/H15 -> 0.92540651 | G15: ='Приложение № 5'!F12+'Приложение № 5'!F16 -> 4306872.1 | H15: ='Приложение № 5'!E12+'Приложение № 5'!E16 -> 4654032.7 | I15: =C15/F15 -> 1.0015374 | J15: 8 | K15: 8 | L15: =J15/K15 -> 1 | M15: =L15*I15 -> 1.0015374 | N15: =G15/G16 -> 1 | O15: =0.5*L15/F15+0.5*((M5*N5)+(M6*N6)+(M9*N9)+(M11*N11)+(M13*N13)) -> 1.0266281
G16: ='Приложение № 5'!F12+'Приложение № 5'!F16 -> 4306872.1 | H16: ='Приложение № 5'!E12+'Приложение № 5'!E16 -> 4654032.7
K18: =K5+K6+K9+K11+K15 -> 43

Sheet Эффективность уточ 
C1: Обозначения | D1: Государственная программа | E1: Подпрограмма № 1 "Улучшение инвестиционного климата в Приморском крае" на 2013 - 2021 годы | F1: 1.1.2 | G1: 1.6.1. | H1: 1.7.1. | I1: 1.7.3. | J1: 1.8.1. | K1: Подпрограмма № 2 "Развитие малого и среднего предпринимательства в Приморском крае" на 2013 - 2021 годы | L1: 2.1.1 | M1: 2.1.2 | N1: 2.1.4. | O1: 2.2.5. | P1: 2.2.9. | Q1: 2.2.3.2. | R1: ='[7]Приложение № 2'!$B$125 -> Подпрограмма № 3 «Долгосрочное финансовое планирование и организация бюджетного процесса, совершенствование межбюджетных отношений в Приморском крае» на 2013 - 2020 годы | S1: 3.1.1. | T1: 3.1.2 | U1: 3.2.1 | V1: 3.2.2 | W1: 3.2.3 | X1: 3.2.4 | Y1: 3.2.5 | Z1: 3.2.6 | AA1: 3.3.1. | AB1: 3.3.2. | AC1: Подпрограмма № 4 «Управление имуществом, находящимся в собственности и в ведении Приморского края, на 2014 - 2021 годы» | AD1: 4.1.1. | AE1: 4.1.2. | AF1: 4.1.3. | AG1: 4.1.4. | AH1: 4.1.5. | AI1: 4.2.1. | AJ1: 4.2.2. | AK1: 4.2.3. | AL1: 4.2.4. | AM1: 4.2.5. | AN1: 4.2.6. | AO1: 4.2.7. | AP1: ='[7]Приложение № 4'!$B$223 -> Подпрограмма N 5 "Поддержка социально ориентированных некоммерческих и иных общественных организаций в Приморском крае" на 2014-2020 годы * | AQ1: 5.2.1. | AR1: 5.2.2. | AS1: 5.2.3. | AT1: 5.2.4.
A2: 1 | B2: Оценка степени реализации мероприятий подпрограмм, программ по ФЗ. | C2: СРм | F2: 1 | G2: 0.95 | H2: 0.95 | I2: 1 | J2: 1 | L2: ='[8]прил 10 (мероприятия)'!J139 -> 0 | M2: 0.98 | N2: 0.98 | O2: 0.98 | P2: 0.98 | Q2: 1 | S2: 1 | T2: 0 | U2: 1 | V2: 1 | W2: 1 | X2: 1 | Y2: 1 | Z2: 1 | AA2: 0 | AB2: 1 | AD2: 0.96 | AE2: 0 | AF2: 0.51 | AG2: ='Приложение № 2'!J161 -> 1 | AH2: ='Приложение № 2'!J162 -> 0.96 | AI2: ='Приложение № 2'!J163 -> 1 | AJ2: ='Приложение № 2'!J165 -> 0.85 | AK2: ='Приложение № 2'!J166 -> 0.99 | AL2: ='Приложение № 2'!J167 -> 0.958 | AM2: ='Приложение № 2'!J168 -> 0.93 | AN2: ='Приложение № 2'!J169 -> 0.85 | AO2: ='Приложение № 2'!J170 -> 0.958 | AQ2: 1 | AR2: 1 | AS2: 1 | AT2: 1
A3: 2 | B3: Оценка степени соответствия запланированному уровню затрат. | C3: ССгп | D3: ='Приложение № 5'!J11 -> 0.92544336 | F3: 1 | G3: 0.94 | H3: 0.97 | I3: 1 | J3: 1 | L3: ='[8]прил 13 (все ресурсы)'!Q715 -> 0 | M3: 1 | N3: 1 | O3: 1 | P3: 1 | Q3: 1 | S3: 0.93 | T3: ='[8]прил 13 (все ресурсы)'!Q1240 -> 0 | U3: 0.99 | V3: 1 | W3: 1 | X3: 1 | Y3: 0.99 | Z3: 1 | AA3: 0 | AB3: 1 | AD3: 0.87 | AE3: 0.7 | AF3: 0.82 | AG3: 1 | AH3: 0.96 | AI3: 1 | AJ3: 0.85 | AK3: 0.99 | AL3: 0.96 | AM3: 0.93 | AN3: 0.85 | AO3: 0.96 | AQ3: 1 | AR3: 1 | AS3: 1 | AT3: 1
A4: 3 | B4: Оценка эффективности использования средств краевого бюджета. | C4: Эис | E4: =(F4+G4+H4+I4+J4)/5 -> 0.99800395 | F4: =F2/F3 -> 1 | G4: =G2/G3 -> 1.0106383 | H4: =H2/H3 -> 0.97938144 | I4: =I2/I3 -> 1 | J4: =J2/J3 -> 1 | K4: =(M2/M3+N2/N3+O2/O3+P2/P3+Q2/Q3)/5 -> 0.984 | M4: =M2/M3 -> 0.98 | N4: =N2/N3 -> 0.98 | O4: =O2/O3 -> 0.98 | P4: =P2/P3 -> 0.98 | Q4: =Q2/Q3 -> 1 | R4: =(S4+T4+U4+V4+W4+X4+Y4+Z4+AA4+AB4)/10 -> 0.80954708 | S4: =S2/S3 -> 1.0752688 | T4: 0 | U4: =U2/U3 -> 1.010101 | V4: =V2/V3 -> 1 | W4: =W2/W3 -> 1 | X4: =X2/X3 -> 1 | Y4: =Y2/Y3 -> 1.010101 | Z4: =Z2/Z3 -> 1 | AA4: 0 | AB4: =AB2/AB3 -> 1 | AC4: =(AD2/AD3+AE2/AE3+AF2/AF3+AG2/AG3+AH2/AH3+AI2/AI3+AJ2/AJ3+AK2/AK3+AL2/AL3+AM2/AM3+AN2/AM3+AN2/AN3+AO2/AO3)/12 -> 0.96960094 | AP4: =(AQ2/AQ3+AR2/AR3+AS2/AS3+AT2/AT3)/4 -> 1
A5: 4 | B5: Оценка степени достижения плановых значений показателей государственной программы. | C5: СДП | D5: СДП= ЗПф/ЗПп
A6: 5 | B6: Оценка степени реализации подпрограммы, программы по ФЗ. | C6: СР п/п | E6: =('Приложение 1'!N22+'Приложение 1'!N23+'Приложение 1'!N24+'Приложение 1'!N25+'Приложение 1'!N26+'Приложение 1'!N27)/6 -> 0.845 | K6: =('Приложение 1'!N29+'Приложение 1'!N30+'Приложение 1'!N31+'Приложение 1'!N32+'Приложение 1'!N36+'Приложение 1'!N37+'Приложение 1'!N38+'Приложение 1'!N39+'Приложение 1'!N40+'Приложение 1'!N41+'Приложение 1'!N42+'Приложение 1'!N43)/12 -> 0.98333333 | R6: =('Приложение 1'!N45+'Приложение 1'!N46)/2 -> 1 | AC6: =('Приложение 1'!N48+'Приложение 1'!N49+'Приложение 1'!N50+'Приложение 1'!N51+'Приложение 1'!N52+'Приложение 1'!N53+'Приложение 1'!N54+'Приложение 1'!N55+'Приложение 1'!N56+'Приложение 1'!N57+'Приложение 1'!N58+'Приложение 1'!N59+'Приложение 1'!N60+'Приложение 1'!N61+'Приложение 1'!N62)/15 -> 0.958 | AP6: 1
A7: 6 | B7: Оценка эффективности реализации подпрограммы, программ по ФЗ. | C7: ЭРп/п | E7: =E4*E6 -> 0.84331334 | K7: =K4*K6 -> 0.9676 | R7: =R4*R6 -> 0.80954708 | AC7: =AC4*AC6 -> 0.9288777 | AP7: =AP4*AP6 -> 1
A8: 7 | B8: Оценка степени реализации государственной программы. | C8: СР гп | D8: =('Приложение 1'!N19+'Приложение 1'!N20)/2 -> 1
B9: Коэффициент значимости подпрограммы | C9: Кi | E9: ='Приложение № 5'!F28/'Приложение № 5'!F11 -> 0.035635651 | K9: ='Приложение № 5'!F213/'Приложение № 5'!F11 -> 0.02879556 | R9: ='Приложение № 5'!F297/'Приложение № 5'!F11 -> 0.59836698 | AC9: ='Приложение № 5'!F395/'Приложение № 5'!F11 -> 0.33384251 | AP9: ='Приложение № 5'!F514/'Приложение № 5'!F11 -> 0.0033593002
A10: 8 | B10: Оценка эффективности реализации государственной программы. | C10: ЭРгп | D10: =0.5*D8/D3+0.5*(E7*E9+K7*K9+R7*R9+AC7*AC9+AP7*AP9) -> 0.96817108
